Workbook
Name Compliance_Description: [1]!Table2[Score Description]
Name Compliance_Score: [1]!Table2[Score Ratings]
Name Conv_actual_date_range: #REF!
Name Conv_plan_date_range: #REF!
Name Evidence_Description: [1]!Table4[Description]
Name Evidence_Score: [1]!Table4[Score]
Name Excel_BuiltIn__FilterDatabase_5: #REF!
Name Excel_BuiltIn__FilterDatabase_5: #REF!
Name Excel_BuiltIn__FilterDatabase_5: #REF!
Name Functional_Description: [1]!Table3[Description]
Name Functional_Score: [1]!Table3[Score]
Name ImpCosts: #REF!
Name ImpCosts: #REF!
Name ImpCosts: #REF!
Name Mainframe_actual_date_range: #REF!
Name Mainframe_plan_date_range: #REF!
Name Newdev_actual_date_range: #REF!
Name Newdev_plan_date_range: #REF!
Name PC_actual_date_range: #REF!
Name PC_plan_date_range: #REF!
Name Priority: #REF!
Name Priority_Description: [1]!Table1[Priority Description]
Name Priority_Score: [1]!Table1[Priority rating]
Name programme_actual_date_range: #REF!
Name programme_plan_date_range: #REF!
Name Serv_actual_date_range: #REF!
Name Serv_plan_date_range: #REF!
Name SolFit: #REF!
Name SolFit: #REF!
Name SolFit: #REF!
Name Solution: #REF!
Name Testing_actual_date_range: #REF!
Name Testing_plan_date_range: #REF!
Name YESNO: #REF!
Name YESNO: #REF!
Name YESNO: #REF!

Sheet TEC Development Guidelines
B2: This Tab provides guidance to the TET on how the evaluation criteria must be structured and where information can be sourced. Delete this tab before the TEC is published with the RFP.
A3: Response Guidelines
B4: Once all criteria questions are complete revise the response guidelines tab, the information provided is for vendors to understand what is required of them. You may need to rename or adjust the colour coding of the various tabs. Read through all the information removing what is not applicable and adding important information you want vendors to be aware of. The template has one reference sheet (Definitions and Abbreviations) it may be necessary to provide vendors with more reference information, which can be listed here.
A6: Scoring Summary
B7: Gatekeepers are captured here - Gatekeepers are limited to legislative and compliance related criteria only. Desktop evaluations and demonstrations are separate evaluation stages and the scores may not be added together. Ensure each stage has a defined threshold Adjusting the weight for each category on the scoring summary tab will automatically reflect the changes on the respective sheets. Evaluators scores in each category will also automatically pull through to this sheet The EL must check the formulas to ensure all are working correctly before evaluations begin.
A9: Functional Tab
B10: The functional evaluation specifically seeks to evaluate a given proposal/solution against the functional requirements which must listed in the scope of work. The functional requirements can be sourced from the Logical Architecture Design (LAD) where this is applicable. More specifically the Functional Decomposition Model contained within the LAD, lists all the Functional Requirements carefully aligned with industry best practice to ensure complete coverage of the business need. See below the example for the first evaluation criteria.
B11: EXAMPLE for #1
B13: Business Requirement Specification Statement (from the BRS) | C13: "The displayed image needs to be flicker free" | E13: These statements are developed by a business analyst while engaging with the business in their own language.
B15: Functional Business Requirement (from the Logical Design/Functional Decomposition Model) | C15: The screen refresh rate should be 60 fps or higher | E15: These statements are developed by an architect, which is based on the BRS & designed to be purely functional with a view to use for evaluation, mapping & other analyses.
B17: Technical Requirements | D17: Vendor Responses | F17: Evaluator Scores
F18: 0.2 | G18: =SUM(Table9[Priority]) -> 9 | H18: =SUM(Table9[Weight]) -> 0.2 | K18: Sectional Score: | L18: =SUM(#REF!) -> #REF! | N18: 1 | O18: 2 | P18: 3 | Q18: 4 | R18: 5 | S18: 6 | T18: 7 | U18: 8 | V18: 9 | W18: 10 | X18: 11 | Y18: 12 | Z18: 13 | AA18: 14 | AB18: 15 | AC18: 16 | AD18: 17 | AE18: 18 | AF18: 19 | AG18: 20 | AH18: 21 | AI18: 22
A19: Intem# | B19: Business requirements | C19: Mandatory Returnables - This colunm lists the mandotory evidence to be provided by the vendor in the technical file and numbered to align with each criteria question. | D19: Vendor Response: Vendor to indicate if, and to what extent they meet the requirement, detail must be provided in the tender submission | E19: Vendor Evidence: Location of Supporting Document/detailed response in your tender submission (state the file number, section & page number) | F19: Priority Description | G19: Priority | H19: Weight | I19: Selection Option | J19: Option Score | K19: Evaluators Response (SELECT) | L19: Score | M19: Evaluator comments | N19: 1 | O19: 2 | P19: 3 | Q19: 4 | R19: 5 | S19: 6 | T19: 7 | U19: 8 | V19: 9 | W19: 10 | X19: 11 | Y19: 12 | Z19: 13 | AA19: 14 | AB19: 15 | AC19: 16 | AD19: 17 | AE19: 18 | AF19: 19 | AG19: 20 | AH19: 21 | AI19: 22
A20: 1 | B20: Eskom requires an application with a screen refresh rate of 60 fps or higher. (This is the actual evaluation criteria against which the response is being judged - in this example it specifically quantifies how to determine if the screen will be flicker free & smooth i.e. the lower the refresh rate of the screen the worse screen flicker will be evident to the end-user) | C20: In your technical response indicate the screen refresh rate and provide a technical specification as evidence of the refresh rate. Note this may also be requested to be physically demonstrated later in the RFP process. | E20: <Example for how to complete this column: Technical File, section 5 (company background section), page 11> | F20: Important | G20: {=_xlfn.IFS(F20="","",F20="No interest",0,F20="Nice to have",1,F20="Useful",2,F20="Important",3,F20="Very important",4,F20="Critical",5,F20="Show stopper",6)} -> 3 | H20: =(G20/$G$18)*$F$18 -> 0.066666667 | I20: Refresh rate >=60, Refresh rate <60 | J20: {=_xlfn.TEXTJOIN(","&CHAR(10),,TEXT(Table9[[#This Row],[12]:[22]],"0,00%"))} -> 6,67%, 0,00% | K20: Refresh rate >=60 | L20: =H20-(H20*((MATCH(#REF!,#REF!,0)-1)/(COUNTA(#REF!)-COUNTBLANK(#REF!)-1))) -> #REF! | N20: {=IFERROR(INDEX(_xlfn.UNIQUE(TRIM(_xlfn.TEXTSPLIT(Table9[[#This Row],[Selection Option]:[Selection Option]],","))),,N$18),"")} -> Refresh rate >=60 | O20: {=IFERROR(INDEX(_xlfn.UNIQUE(TRIM(_xlfn.TEXTSPLIT(Table9[[#This Row],[Selection Option]:[Selection Option]],","))),,O$18),"")} -> Refresh rate <60 | P20: {=IFERROR(INDEX(_xlfn.UNIQUE(TRIM(_xlfn.TEXTSPLIT(Table9[[#This Row],[Selection Option]:[Selection Option]],","))),,P$18),"")} | Q20: {=IFERROR(INDEX(_xlfn.UNIQUE(TRIM(_xlfn.TEXTSPLIT(Table9[[#This Row],[Selection Option]:[Selection Option]],","))),,Q$18),"")} | R20: {=IFERROR(INDEX(_xlfn.UNIQUE(TRIM(_xlfn.TEXTSPLIT(Table9[[#This Row],[Selection Option]:[Selection Option]],","))),,R$18),"")} | S20: {=IFERROR(INDEX(_xlfn.UNIQUE(TRIM(_xlfn.TEXTSPLIT(Table9[[#This Row],[Selection Option]:[Selection Option]],","))),,S$18),"")} | T20: {=IFERROR(INDEX(_xlfn.UNIQUE(TRIM(_xlfn.TEXTSPLIT(Table9[[#This Row],[Selection Option]:[Selection Option]],","))),,T$18),"")} | U20: {=IFERROR(INDEX(_xlfn.UNIQUE(TRIM(_xlfn.TEXTSPLIT(Table9[[#This Row],[Selection Option]:[Selection Option]],","))),,U$18),"")} | ... X20: {=IFERROR(INDEX(_xlfn.UNIQUE(TRIM(_xlfn.TEXTSPLIT(Table9[[#This Row],[Selection Option]:[Selection Option]],","))),,X$18),"")} | Y20: {=IF(Table9[[#This Row],[1]]="","",Table9[[#This Row],[Weight]:[Weight]]-(Table9[[#This Row],[Weight]:[Weight]]*((_xlfn.XMATCH(Table9[[#This Row],[1]],Table9[[#This Row],[1]:[11]],0))-1)/(COUNTA(Table9[[#This Row],[1]:[11]])-COUNTBLANK(Table9[[#This Row],[1]:[11]])-1)))} -> 0.066666667 | Z20: {=IF(Table9[[#This Row],[2]]="","",Table9[[#This Row],[Weight]:[Weight]]-(Table9[[#This Row],[Weight]:[Weight]]*((_xlfn.XMATCH(Table9[[#This Row],[2]],Table9[[#This Row],[1]:[11]],0))-1)/(COUNTA(Table9[[#This Row],[1]:[11]])-COUNTBLANK(Table9[[#This Row],[1]:[11]])-1)))} -> 0 | AA20: {=IF(Table9[[#This Row],[3]]="","",Table9[[#This Row],[Weight]:[Weight]]-(Table9[[#This Row],[Weight]:[Weight]]*((_xlfn.XMATCH(Table9[[#This Row],[3]],Table9[[#This Row],[1]:[11]],0))-1)/(COUNTA(Table9[[#This Row],[1]:[11]])-COUNTBLANK(Table9[[#This Row],[1]:[11]])-1)))} | AB20: {=IF(Table9[[#This Row],[4]]="","",Table9[[#This Row],[Weight]:[Weight]]-(Table9[[#This Row],[Weight]:[Weight]]*((_xlfn.XMATCH(Table9[[#This Row],[4]],Table9[[#This Row],[1]:[11]],0))-1)/(COUNTA(Table9[[#This Row],[1]:[11]])-COUNTBLANK(Table9[[#This Row],[1]:[11]])-1)))} | AC20: {=IF(Table9[[#This Row],[5]]="","",Table9[[#This Row],[Weight]:[Weight]]-(Table9[[#This Row],[Weight]:[Weight]]*((_xlfn.XMATCH(Table9[[#This Row],[5]],Table9[[#This Row],[1]:[11]],0))-1)/(COUNTA(Table9[[#This Row],[1]:[11]])-COUNTBLANK(Table9[[#This Row],[1]:[11]])-1)))} | AD20: {=IF(Table9[[#This Row],[6]]="","",Table9[[#This Row],[Weight]:[Weight]]-(Table9[[#This Row],[Weight]:[Weight]]*((_xlfn.XMATCH(Table9[[#This Row],[6]],Table9[[#This Row],[1]:[11]],0))-1)/(COUNTA(Table9[[#This Row],[1]:[11]])-COUNTBLANK(Table9[[#This Row],[1]:[11]])-1)))} | AE20: {=IF(Table9[[#This Row],[7]]="","",Table9[[#This Row],[Weight]:[Weight]]-(Table9[[#This Row],[Weight]:[Weight]]*((_xlfn.XMATCH(Table9[[#This Row],[7]],Table9[[#This Row],[1]:[11]],0))-1)/(COUNTA(Table9[[#This Row],[1]:[11]])-COUNTBLANK(Table9[[#This Row],[1]:[11]])-1)))} | AF20: {=IF(Table9[[#This Row],[8]]="","",Table9[[#This Row],[Weight]:[Weight]]-(Table9[[#This Row],[Weight]:[Weight]]*((_xlfn.XMATCH(Table9[[#This Row],[8]],Table9[[#This Row],[1]:[11]],0))-1)/(COUNTA(Table9[[#This Row],[1]:[11]])-COUNTBLANK(Table9[[#This Row],[1]:[11]])-1)))} | AG20: {=IF(Table9[[#This Row],[9]]="","",Table9[[#This Row],[Weight]:[Weight]]-(Table9[[#This Row],[Weight]:[Weight]]*((_xlfn.XMATCH(Table9[[#This Row],[9]],Table9[[#This Row],[1]:[11]],0))-1)/(COUNTA(Table9[[#This Row],[1]:[11]])-COUNTBLANK(Table9[[#This Row],[1]:[11]])-1)))} | AH20: {=IF(Table9[[#This Row],[10]]="","",Table9[[#This Row],[Weight]:[Weight]]-(Table9[[#This Row],[Weight]:[Weight]]*((_xlfn.XMATCH(Table9[[#This Row],[10]],Table9[[#This Row],[1]:[11]],0))-1)/(COUNTA(Table9[[#This Row],[1]:[11]])-COUNTBLANK(Table9[[#This Row],[1]:[11]])-1)))} | AI20: {=IF(Table9[[#This Row],[11]]="","",Table9[[#This Row],[Weight]:[Weight]]-(Table9[[#This Row],[Weight]:[Weight]]*((_xlfn.XMATCH(Table9[[#This Row],[11]],Table9[[#This Row],[1]:[11]],0))-1)/(COUNTA(Table9[[#This Row],[1]:[11]])-COUNTBLANK(Table9[[#This Row],[1]:[11]])-1)))}
A21: 2 | C21: Appendix G | F21: Show stopper | G21: {=_xlfn.IFS(F21="","",F21="No interest",0,F21="Nice to have",1,F21="Useful",2,F21="Important",3,F21="Very important",4,F21="Critical",5,F21="Show stopper",6)} -> 6 | H21: =(G21/$G$18)*$F$18 -> 0.13333333 | I21: abc, klm, pqr, xyz | J21: {=_xlfn.TEXTJOIN(","&CHAR(10),,TEXT(Table9[[#This Row],[12]:[22]],"0,00%"))} -> 13,33%, 8,89%, 4,44%, 0,00% | K21: pqr | L21: =H21-(H21*((MATCH(#REF!,#REF!,0)-1)/(COUNTA(#REF!)-COUNTBLANK(#REF!)-1))) -> #REF! | N21: {=IFERROR(INDEX(_xlfn.UNIQUE(TRIM(_xlfn.TEXTSPLIT(Table9[[#This Row],[Selection Option]:[Selection Option]],","))),,N$18),"")} -> abc | O21: {=IFERROR(INDEX(_xlfn.UNIQUE(TRIM(_xlfn.TEXTSPLIT(Table9[[#This Row],[Selection Option]:[Selection Option]],","))),,O$18),"")} -> klm | P21: {=IFERROR(INDEX(_xlfn.UNIQUE(TRIM(_xlfn.TEXTSPLIT(Table9[[#This Row],[Selection Option]:[Selection Option]],","))),,P$18),"")} -> pqr | Q21: {=IFERROR(INDEX(_xlfn.UNIQUE(TRIM(_xlfn.TEXTSPLIT(Table9[[#This Row],[Selection Option]:[Selection Option]],","))),,Q$18),"")} -> xyz | R21: {=IFERROR(INDEX(_xlfn.UNIQUE(TRIM(_xlfn.TEXTSPLIT(Table9[[#This Row],[Selection Option]:[Selection Option]],","))),,R$18),"")} | S21: {=IFERROR(INDEX(_xlfn.UNIQUE(TRIM(_xlfn.TEXTSPLIT(Table9[[#This Row],[Selection Option]:[Selection Option]],","))),,S$18),"")} | T21: {=IFERROR(INDEX(_xlfn.UNIQUE(TRIM(_xlfn.TEXTSPLIT(Table9[[#This Row],[Selection Option]:[Selection Option]],","))),,T$18),"")} | U21: {=IFERROR(INDEX(_xlfn.UNIQUE(TRIM(_xlfn.TEXTSPLIT(Table9[[#This Row],[Selection Option]:[Selection Option]],","))),,U$18),"")} | ... X21: {=IFERROR(INDEX(_xlfn.UNIQUE(TRIM(_xlfn.TEXTSPLIT(Table9[[#This Row],[Selection Option]:[Selection Option]],","))),,X$18),"")} | Y21: {=IF(Table9[[#This Row],[1]]="","",Table9[[#This Row],[Weight]:[Weight]]-(Table9[[#This Row],[Weight]:[Weight]]*((_xlfn.XMATCH(Table9[[#This Row],[1]],Table9[[#This Row],[1]:[11]],0))-1)/(COUNTA(Table9[[#This Row],[1]:[11]])-COUNTBLANK(Table9[[#This Row],[1]:[11]])-1)))} -> 0.13333333 | Z21: {=IF(Table9[[#This Row],[2]]="","",Table9[[#This Row],[Weight]:[Weight]]-(Table9[[#This Row],[Weight]:[Weight]]*((_xlfn.XMATCH(Table9[[#This Row],[2]],Table9[[#This Row],[1]:[11]],0))-1)/(COUNTA(Table9[[#This Row],[1]:[11]])-COUNTBLANK(Table9[[#This Row],[1]:[11]])-1)))} -> 0.088888889 | AA21: {=IF(Table9[[#This Row],[3]]="","",Table9[[#This Row],[Weight]:[Weight]]-(Table9[[#This Row],[Weight]:[Weight]]*((_xlfn.XMATCH(Table9[[#This Row],[3]],Table9[[#This Row],[1]:[11]],0))-1)/(COUNTA(Table9[[#This Row],[1]:[11]])-COUNTBLANK(Table9[[#This Row],[1]:[11]])-1)))} -> 0.044444444 | AB21: {=IF(Table9[[#This Row],[4]]="","",Table9[[#This Row],[Weight]:[Weight]]-(Table9[[#This Row],[Weight]:[Weight]]*((_xlfn.XMATCH(Table9[[#This Row],[4]],Table9[[#This Row],[1]:[11]],0))-1)/(COUNTA(Table9[[#This Row],[1]:[11]])-COUNTBLANK(Table9[[#This Row],[1]:[11]])-1)))} -> 0 | AC21: {=IF(Table9[[#This Row],[5]]="","",Table9[[#This Row],[Weight]:[Weight]]-(Table9[[#This Row],[Weight]:[Weight]]*((_xlfn.XMATCH(Table9[[#This Row],[5]],Table9[[#This Row],[1]:[11]],0))-1)/(COUNTA(Table9[[#This Row],[1]:[11]])-COUNTBLANK(Table9[[#This Row],[1]:[11]])-1)))} | AD21: {=IF(Table9[[#This Row],[6]]="","",Table9[[#This Row],[Weight]:[Weight]]-(Table9[[#This Row],[Weight]:[Weight]]*((_xlfn.XMATCH(Table9[[#This Row],[6]],Table9[[#This Row],[1]:[11]],0))-1)/(COUNTA(Table9[[#This Row],[1]:[11]])-COUNTBLANK(Table9[[#This Row],[1]:[11]])-1)))} | AE21: {=IF(Table9[[#This Row],[7]]="","",Table9[[#This Row],[Weight]:[Weight]]-(Table9[[#This Row],[Weight]:[Weight]]*((_xlfn.XMATCH(Table9[[#This Row],[7]],Table9[[#This Row],[1]:[11]],0))-1)/(COUNTA(Table9[[#This Row],[1]:[11]])-COUNTBLANK(Table9[[#This Row],[1]:[11]])-1)))} | AF21: {=IF(Table9[[#This Row],[8]]="","",Table9[[#This Row],[Weight]:[Weight]]-(Table9[[#This Row],[Weight]:[Weight]]*((_xlfn.XMATCH(Table9[[#This Row],[8]],Table9[[#This Row],[1]:[11]],0))-1)/(COUNTA(Table9[[#This Row],[1]:[11]])-COUNTBLANK(Table9[[#This Row],[1]:[11]])-1)))} | AG21: {=IF(Table9[[#This Row],[9]]="","",Table9[[#This Row],[Weight]:[Weight]]-(Table9[[#This Row],[Weight]:[Weight]]*((_xlfn.XMATCH(Table9[[#This Row],[9]],Table9[[#This Row],[1]:[11]],0))-1)/(COUNTA(Table9[[#This Row],[1]:[11]])-COUNTBLANK(Table9[[#This Row],[1]:[11]])-1)))} | AH21: {=IF(Table9[[#This Row],[10]]="","",Table9[[#This Row],[Weight]:[Weight]]-(Table9[[#This Row],[Weight]:[Weight]]*((_xlfn.XMATCH(Table9[[#This Row],[10]],Table9[[#This Row],[1]:[11]],0))-1)/(COUNTA(Table9[[#This Row],[1]:[11]])-COUNTBLANK(Table9[[#This Row],[1]:[11]])-1)))} | AI21: {=IF(Table9[[#This Row],[11]]="","",Table9[[#This Row],[Weight]:[Weight]]-(Table9[[#This Row],[Weight]:[Weight]]*((_xlfn.XMATCH(Table9[[#This Row],[11]],Table9[[#This Row],[1]:[11]],0))-1)/(COUNTA(Table9[[#This Row],[1]:[11]])-COUNTBLANK(Table9[[#This Row],[1]:[11]])-1)))}
A24: Demonstration tab
B25: The demonstration tab has important notes to vendors in rows 10 to 13, read these and edit as required by your criteria and evaluation plan. After editing, there must not be any blue text remaining. If a requirement was evaluated during the desktop evaluation, it may be evaluated again at the demo if there is a need to see/verify the information. The demonstration duration agreed to must be strictly adhered to for all vendors for fairness.

Sheet Response Guidelines
B2: Tenderer to take note of the following key instructions:
B5: Technical Evaluation Guidelines
B7: * | C7: Complete ALL the worksheets listed below.
C8: Scoring Summary (Gatekeeper questions)
C9: Gatekeepers
C10: Key Requirements
C11: Functional
C12: Non-Functional
C13: Integration
C14: Testing
C15: Security
C16: Demonstration
B18: *
B22: Reference Information
B24: * | C24: Definitions and Abbreviations | D24: Provides information on the definitions and abbreviations used in the Evaluation workbook.

Sheet Scoring Summary
B2: Tender Number: | C2: <insert before tender publication>
B3: Transaction Description: | C3: <insert before tender publication>
B4: Evaluated Tenderer's Registered Name: | C4: <Evaluator to complete>
B5: Evaluator Name and Surname: | C5: <Evaluator to complete> | D5: Eskom Group Technology: Technical Evaluation Criteria
B6: Date of Evaluation | C6: <Evaluator to complete> | D6: Scoring Summary
B7: Evaluator Signature | D7: Ver 7
B9: Gatekeeper Evaluation | C9: Tick to indicate if there are gatekeepers for this assessment: | E9: FALSE
C10: =IF(AND(E9,Gatekeepers!F8=1),"Pass","") | D10: =IF(AND(E9,Gatekeepers!F8<>1),"Fail ("&TEXT(Gatekeepers!F8,"0,0%")&")","") | E10: =IF(AND(E9,SUM(COUNTIF(Table1[Scoring],"Pass"),COUNTIF(Table1[Scoring],"Fail"))<>(COUNTA(Table1[Scoring])+COUNTBLANK(Table1[Scoring]))),"Incomplete response","")
B12: Desktop Evaluation Scoring Summary
B13: Evaluation Category | C13: Weight | D13: Minimum Threshold | E13: Score
B14: 1. Bidder Capability Requirements | C14: 0.5 | E14: ='1. Bidder Implementation Cap'!L11 -> #N/A
B15: 2a. Vendor Master Data Management | C15: 0.0375 | E15: ='2a. Vendor Master Data Mgmt.'!M11 -> #N/A
B16: 2b. Procurement Management | C16: 0.0375 | E16: ='2b. Procurement Mgmt.'!L11 -> #N/A
B17: 2c. Electronic Auction (including asset disposal and recovery) | C17: 0.0375 | E17: ='2c. Electronic Auction'!L11 -> #N/A
B18: 2d. Electronic Tendering | C18: 0.0375 | E18: ='2d. Electronic Tendering'!L11 -> #N/A
B19: 2e. Contract Establishment and Administration | C19: 0.025 | E19: ='2e. Contract Est. & Admin'!L11 -> #N/A
B20: 2f. Supplier Development, Localisation and Indsutrialisation (SDL&I) | C20: 0.0375 | E20: ='2f. SDL&I'!L11 -> #N/A
B21: 2g. Basic Document Management | C21: 0.0375 | E21: ='2g. Document Management'!L11 -> #N/A
B22: 2h. Architecture, Integration and Testing Requirements | C22: 0.0875 | E22: ='2h. Architecture Requirements'!L11 -> #N/A
B23: 2i. Cloud Requirements | C23: 0.0875 | E23: ='2i. Cloud Requirements'!L11 -> #N/A
B24: 2j. Data Privacy Requirements | C24: 0.025 | E24: ='2j. Data Privacy Requirements'!L11 -> #N/A
B25: 2k.Data Migration Requirements | C25: 0.025 | E25: ='2k. Data Migration'!L11 -> #N/A
B26: 2l. Security Requirements | C26: 0.025 | E26: ='2l. Security Requirements'!L11 -> #N/A
B27: Total | C27: =SUM(C14:C26) -> 1 | D27: 0.75 | E27: =SUM(E14:E26) -> #N/A
B29: Demonstration Scoring Summary
B30: Demonstration | C30: Weight | D30: Minimum Threshold | E30: Score
B31: Demonstration | C31: 1 | D31: 0.75 | E31: =Demo!L11 -> #N/A

Sheet Approval Page
B1: Digital Procurement: Wave 2 - Vendor Master Data Management
B3: By signing this document, the people listed record their agreement on the contents of this document.
B5: DOCUMENT ACCEPTANCE
B9: Business Analysis | C9: Name: | D9: Avela Katoo
C10: Signature: | D10: ____________________________________
C11: Date: | D11: ____________________________________
B13: IT Architecture | C13: Name: | D13: Charles Malaka
C14: Signature: | D14: ____________________________________
C15: Date: | D15: ____________________________________
B17: Business Relationship Manager | C17: Name: | D17: Monyake Moikangoa
C18: Signature: | D18: ____________________________________
C19: Date: | D19: ____________________________________
B22: Portfolio Manager | C22: Name: | D22: Loretta Tibbatts
C23: Signature: | D23: ____________________________________
C24: Date: | D24: ____________________________________
B27: Enterprise Architecture | C27: Name: | D27: Azwi Sigama
C28: Signature: | D28: ____________________________________
C29: Date: | D29: ____________________________________
B35: Senior Manager Business Solutions Development Services | C35: Name: | D35: Anthenia Phuku
C36: Signature: | D36: ____________________________________
C37: Date: | D37: ____________________________________
B40: Shared Services Vendor Maste Data Management | C40: Name: | D40: Rajen John
C41: Signature: | D41: ____________________________________
C42: Date: | D42: ____________________________________
B45: Corporate Procurement & Supply Chain Senior Manager & Data Governor | C45: Name: | D45: Bathusi Montwedi
C46: Signature: | D46: ____________________________________
C47: Date: | D47: ____________________________________
B51: NTCSA Procurement & Supply Chain Senior Manager & Data Governor | C51: Name: | D51: Ezekiel Thuntsane
C52: Signature: | D52: ____________________________________
C53: Date: | D53: ____________________________________
B57: Distribution Procurement & Supply Chain Senior Manager & Data Governor | C57: Name: | D57: Simphiwe Mbonambi
C58: Signature: | D58: ____________________________________
C59: Date: | D59: ____________________________________
B63: Generation Procurement & Supply Chain Senior Manager & Data Governor | C63: Name: | D63: Tebogo Moromane
C64: Signature: | D64: ____________________________________
C65: Date: | D65: ____________________________________
B68: Nuclear Procurement & Supply Chain Senior Manager & Data Governor | C68: Name: | D68: Pieter Le Roux
C69: Signature: | D69: ____________________________________
C70: Date: | D70: ____________________________________
B74: PED Procurement & Supply Chain Senior Manager & Data Governor | C74: Name: | D74: Vuyisile Ncube
C75: Signature: | D75: ____________________________________
C76: Date: | D76: ____________________________________
B80: Group Capital Procurement & Supply Chain Senior Manager & Data Governor | C80: Name: | D80: Antonie Mammes
C81: Signature: | D81: ____________________________________
C82: Date: | D82: ____________________________________
B87: ERI Procurement & Supply Chain Senior Manager & Data Governor | C87: Name: | D87: Bongani Madlala
C88: Signature: | D88: ____________________________________
C89: Date: | D89: ____________________________________
B95: Corporate Procurement & Supply Chain Senior Manager & Data Governor | C95: Name: | D95: Leonard Moya
C96: Signature: | D96: ____________________________________
C97: Date: | D97: ____________________________________

Sheet Summary and Gatekeeper Approval
C2: Digital Procurement eProcurement Wave 1A and 1B: Technical Evaluation
C4: By signing this document, the people listed record their agreement on the contents of this document.
C10: Solution Architect | D10: Name: | E10: Charles Malaka
D11: Signature: | E11: ____________________________________
D12: Date: | E12: ____________________________________
C15: Integration CoE | D15: Name: | E15: Leigh-Ann Vermaak
D16: Signature: | E16: ____________________________________
D17: Date: | E17: ____________________________________
C20: Testing CoE | D20: Name: | E20: Kholo Motadi
D21: Signature: | E21: ____________________________________
D22: Date: | E22: ____________________________________
C26: Security | D26: Name: | E26: Skhumbuzo Gama
D27: Signature: | E27: ____________________________________
D28: Date: | E28: ____________________________________
C31: Application Support | D31: Name: | E31: Nombulelo Bopape
D32: Signature: | E32: ____________________________________
D33: Date: | E33: ____________________________________
C36: Business Analysis | D36: Name: | E36: Avela Katoo
D37: Signature: | E37: ____________________________________
D38: Date: | E38: ____________________________________
C42: Senior Management Business Solutions Development Services | D42: Name: | E42: Anthenia Phukiu
D43: Signature: | E43: ____________________________________
D44: Date: | E44: ____________________________________
C48: Group IT Governance Services Snr. Manager | D48: Name: | E48: Norbit Williams
D49: Signature: | E49: ____________________________________
D50: Date: | E50: ____________________________________

Sheet Non Func. Requirements Approval
C2: Digital Procurement eProcurement Wave 1A and 1B: Technical Evaluation
C4: By signing this document, the people listed record their agreement on the contents of this document.
C10: Solution Architect | D10: Name: | E10: Charles Malaka
D11: Signature: | E11: ____________________________________
D12: Date: | E12: ____________________________________
C15: Integration CoE | D15: Name: | E15: Leigh-Ann Vermaak
D16: Signature: | E16: ____________________________________
D17: Date: | E17: ____________________________________
D20: Signature: | E20: ____________________________________
D21: Date: | E21: ____________________________________
C23: Testing CoE | D23: Name: | E23: Kholo Motadi
C26: Security | D26: Name: | E26: Skhumbuzo Gama
D27: Signature: | E27: ____________________________________
D28: Date: | E28: ____________________________________
C31: Application Support | D31: Name: | E31: Nombulelo Bopape
D32: Signature: | E32: ____________________________________
D33: Date: | E33: ____________________________________
C36: Business Analysis | D36: Name: | E36: Avela Katoo
D37: Signature: | E37: ____________________________________
D38: Date: | E38: ____________________________________
C42: Portfolio Manager | D42: Name: | E42: Sibongile Venkile
D43: Signature: | E43: ____________________________________
D44: Date: | E44: ____________________________________
C48: Senior Manager: Application Operations | D48: Name: | E48: Varsha Pillay
D49: Signature: | E49: ____________________________________
D50: Date: | E50: ____________________________________

Sheet Gatekeepers
B2: Tender Number: | C2: ='Scoring Summary'!C2 -> <insert before tender publication> | E2: Eskom Group Technology: Technical Evaluation Criteria GATEKEEPER CRITERIA
B3: Transaction Description: | C3: ='Scoring Summary'!C3 -> <insert before tender publication>
B4: Evaluated Tenderer's Registered Name: | C4: ='Scoring Summary'!C4 -> <Evaluator to complete> | E4: Gatekeepers
B5: Evaluator Name and Surname: | C5: ='Scoring Summary'!C5 -> <Evaluator to complete>
B6: Date of Evaluation | C6: ='Scoring Summary'!C6 -> <Evaluator to complete>
B7: Evaluator Signature
F8: =COUNTIF(Table1[Scoring],"Pass")/(COUNTA(Table1[Scoring])+COUNTBLANK(Table1[Scoring])) -> 0
B9: GateKeeper Requirements | C9: Mandatory Returnables - Evidence below to be provided in the technical file and numbered to align with each criteria question. | D9: Vendor Response: Vendor to provide answer the questions below and provide detail in their tender submission | E9: Vendor Evidence: Location of Supporting Document/detailed response in your tender submission (state the file number, section & page number) | F9: Scoring | G9: Evaluator comments
A10: 1 | B10: Confirm that the solution presented in this bid is a Software as a Service (SaaS) solution. | C10: In your technical response provide a company signed letter indicating the requirements.
A11: 2 | B11: Confirm that ALL data hosting and processing is within South Africa and or a location under GDPR (European Union) jurisdiction. | C11: Provide a company signed letter indicating the locations in which the data will be hosted and processed.

Sheet 1. Bidder Implementation Cap
B2: Tender Number: | C2: <insert before tender publication> | E2: Eskom Group Technology: Technical Evaluation Criteria
B3: Transaction Description: | C3: <insert before tender publication>
B4: Evaluated Tenderer's Registered Name: | C4: <Evaluator to complete> | E4: Non-Functional
B5: Evaluator Name and Surname: | C5: <Evaluator to complete>
B6: Date of Evaluation | C6: <Evaluator to complete>
B7: Evaluator Signature
B10: Technical Requirements | D10: Vendor Responses | F10: Evaluator Scores
F11: ='Scoring Summary'!C14 -> 0.5 | G11: =SUM(Table2614[Priority]) -> 66 | H11: =SUM(Table2614[Weight]) -> 0.5 | K11: Sectional Score: | L11: =SUM(Table2614[Score]) -> #N/A | N11: 1 | O11: 2 | P11: 3 | Q11: 4 | R11: 5 | S11: 6 | T11: 7 | U11: 8 | V11: 9 | W11: 10 | X11: 11 | Y11: 12 | Z11: 13 | AA11: 14 | AB11: 15 | AC11: 16 | AD11: 17 | AE11: 18 | AF11: 19 | AG11: 20 | AH11: 21 | AI11: 22
A12: Item# | B12: Business requirements | C12: Mandatory Returnables - This column lists the mandatory evidence to be provided by the vendor in the technical file and numbered to align with each criteria question. | D12: Vendor Response: Vendor to indicate if, and to what extent they meet the requirement, detail must be provided in the tender submission | E12: Vendor Evidence: Location of Supporting Document/detailed response in your tender submission (state the file number, section & page number) | F12: Priority Description | G12: Priority | H12: Weight | I12: Selection Options | J12: Option Score | K12: Evaluators Response (SELECT) | L12: Score | M12: Evaluator comments | N12: 1 | O12: 2 | P12: 3 | Q12: 4 | R12: 5 | S12: 6 | T12: 7 | U12: 8 | V12: 9 | W12: 10 | X12: 11 | Y12: 12 | Z12: 13 | AA12: 14 | AB12: 15 | AC12: 16 | AD12: 17 | AE12: 18 | AF12: 19 | AG12: 20 | AH12: 21 | AI12: 22
A13: 1 | B13: Provide the total number of employees currently employed by the organisation | C13: Vendor to provide on the company's letterhead, the following information : 1. Company name 2. Industry 3. Geographical footprint/presence 4. The number of employee 5. Employees in your organisation dedicated to Customer Success, include employee number per geographical location 6. Employees in your organisation dedicated to delivering Professional Services, include employee number per geographical location 7. Employees in your organisation dedicated to Technical Support, include employee number per geographical location | E13: <Example for how to complete this column: Technical File, section 5 (company background section), page 11> | F13: Very important | G13: {=_xlfn.IFS(F13="","",F13="No interest",0,F13="Nice to have",1,F13="Useful",2,F13="Important",3,F13="Very important",4,F13="Critical",5,F13="Show stopper",6)} -> 4 | H13: =(G13/$G$11)*$F$11 -> 0.03030303 | I13: 100%: > 1000 employees, 50%: 101 to 1000 employees, 0%: blank or no employees | J13: {=_xlfn.TEXTJOIN(","&CHAR(10),,TEXT(Table2614[[#This Row],[12]:[22]],"0,00%"))} -> 0,03%, 0,02%, 0,00% | L13: =H13-(H13*((MATCH(Table2614[[#This Row],[Evaluators Response (SELECT)]],Table2614[[#This Row],[1]:[11]],0)-1)/(COUNTA(Table2614[[#This Row],[1]:[11]])-COUNTBLANK(Table2614[[#This Row],[1]:[11]])-1))) -> #N/A | N13: {=IFERROR(INDEX(_xlfn.UNIQUE(TRIM(_xlfn.TEXTSPLIT(Table2614[[#This Row],[Selection Options]:[Selection Options]],","))),,N$11),"")} -> 100%: > 1000 employees | O13: {=IFERROR(INDEX(_xlfn.UNIQUE(TRIM(_xlfn.TEXTSPLIT(Table2614[[#This Row],[Selection Options]:[Selection Options]],","))),,O$11),"")} -> 50%: 101 to 1000 employees | P13: {=IFERROR(INDEX(_xlfn.UNIQUE(TRIM(_xlfn.TEXTSPLIT(Table2614[[#This Row],[Selection Options]:[Selection Options]],","))),,P$11),"")} -> 0%: blank or no employees | Q13: {=IFERROR(INDEX(_xlfn.UNIQUE(TRIM(_xlfn.TEXTSPLIT(Table2614[[#This Row],[Selection Options]:[Selection Options]],","))),,Q$11),"")} | R13: {=IFERROR(INDEX(_xlfn.UNIQUE(TRIM(_xlfn.TEXTSPLIT(Table2614[[#This Row],[Selection Options]:[Selection Options]],","))),,R$11),"")} | S13: {=IFERROR(INDEX(_xlfn.UNIQUE(TRIM(_xlfn.TEXTSPLIT(Table2614[[#This Row],[Selection Options]:[Selection Options]],","))),,S$11),"")} | T13: {=IFERROR(INDEX(_xlfn.UNIQUE(TRIM(_xlfn.TEXTSPLIT(Table2614[[#This Row],[Selection Options]:[Selection Options]],","))),,T$11),"")} | U13: {=IFERROR(INDEX(_xlfn.UNIQUE(TRIM(_xlfn.TEXTSPLIT(Table2614[[#This Row],[Selection Options]:[Selection Options]],","))),,U$11),"")} | ... X13: {=IFERROR(INDEX(_xlfn.UNIQUE(TRIM(_xlfn.TEXTSPLIT(Table2614[[#This Row],[Selection Options]:[Selection Options]],","))),,X$11),"")} | Y13: {=IF(Table2614[[#This Row],[1]]="","",Table2614[[#This Row],[Weight]:[Weight]]-(Table2614[[#This Row],[Weight]:[Weight]]*((_xlfn.XMATCH(Table2614[[#This Row],[1]],Table2614[[#This Row],[1]:[11]],0))-1)/(COUNTA(Table2614[[#This Row],[1]:[11]])-COUNTBLANK(Table2614[[#This Row],[1]:[11]])-1)))} -> 0.03030303 | Z13: {=IF(Table2614[[#This Row],[2]]="","",Table2614[[#This Row],[Weight]:[Weight]]-(Table2614[[#This Row],[Weight]:[Weight]]*((_xlfn.XMATCH(Table2614[[#This Row],[2]],Table2614[[#This Row],[1]:[11]],0))-1)/(COUNTA(Table2614[[#This Row],[1]:[11]])-COUNTBLANK(Table2614[[#This Row],[1]:[11]])-1)))} -> 0.015151515 | AA13: {=IF(Table2614[[#This Row],[3]]="","",Table2614[[#This Row],[Weight]:[Weight]]-(Table2614[[#This Row],[Weight]:[Weight]]*((_xlfn.XMATCH(Table2614[[#This Row],[3]],Table2614[[#This Row],[1]:[11]],0))-1)/(COUNTA(Table2614[[#This Row],[1]:[11]])-COUNTBLANK(Table2614[[#This Row],[1]:[11]])-1)))} -> 0 | AB13: {=IF(Table2614[[#This Row],[4]]="","",Table2614[[#This Row],[Weight]:[Weight]]-(Table2614[[#This Row],[Weight]:[Weight]]*((_xlfn.XMATCH(Table2614[[#This Row],[4]],Table2614[[#This Row],[1]:[11]],0))-1)/(COUNTA(Table2614[[#This Row],[1]:[11]])-COUNTBLANK(Table2614[[#This Row],[1]:[11]])-1)))} | AC13: {=IF(Table2614[[#This Row],[5]]="","",Table2614[[#This Row],[Weight]:[Weight]]-(Table2614[[#This Row],[Weight]:[Weight]]*((_xlfn.XMATCH(Table2614[[#This Row],[5]],Table2614[[#This Row],[1]:[11]],0))-1)/(COUNTA(Table2614[[#This Row],[1]:[11]])-COUNTBLANK(Table2614[[#This Row],[1]:[11]])-1)))} | AD13: {=IF(Table2614[[#This Row],[6]]="","",Table2614[[#This Row],[Weight]:[Weight]]-(Table2614[[#This Row],[Weight]:[Weight]]*((_xlfn.XMATCH(Table2614[[#This Row],[6]],Table2614[[#This Row],[1]:[11]],0))-1)/(COUNTA(Table2614[[#This Row],[1]:[11]])-COUNTBLANK(Table2614[[#This Row],[1]:[11]])-1)))} | AE13: {=IF(Table2614[[#This Row],[7]]="","",Table2614[[#This Row],[Weight]:[Weight]]-(Table2614[[#This Row],[Weight]:[Weight]]*((_xlfn.XMATCH(Table2614[[#This Row],[7]],Table2614[[#This Row],[1]:[11]],0))-1)/(COUNTA(Table2614[[#This Row],[1]:[11]])-COUNTBLANK(Table2614[[#This Row],[1]:[11]])-1)))} | AF13: {=IF(Table2614[[#This Row],[8]]="","",Table2614[[#This Row],[Weight]:[Weight]]-(Table2614[[#This Row],[Weight]:[Weight]]*((_xlfn.XMATCH(Table2614[[#This Row],[8]],Table2614[[#This Row],[1]:[11]],0))-1)/(COUNTA(Table2614[[#This Row],[1]:[11]])-COUNTBLANK(Table2614[[#This Row],[1]:[11]])-1)))} | AG13: {=IF(Table2614[[#This Row],[9]]="","",Table2614[[#This Row],[Weight]:[Weight]]-(Table2614[[#This Row],[Weight]:[Weight]]*((_xlfn.XMATCH(Table2614[[#This Row],[9]],Table2614[[#This Row],[1]:[11]],0))-1)/(COUNTA(Table2614[[#This Row],[1]:[11]])-COUNTBLANK(Table2614[[#This Row],[1]:[11]])-1)))} | AH13: {=IF(Table2614[[#This Row],[10]]="","",Table2614[[#This Row],[Weight]:[Weight]]-(Table2614[[#This Row],[Weight]:[Weight]]*((_xlfn.XMATCH(Table2614[[#This Row],[10]],Table2614[[#This Row],[1]:[11]],0))-1)/(COUNTA(Table2614[[#This Row],[1]:[11]])-COUNTBLANK(Table2614[[#This Row],[1]:[11]])-1)))} | AI13: {=IF(Table2614[[#This Row],[11]]="","",Table2614[[#This Row],[Weight]:[Weight]]-(Table2614[[#This Row],[Weight]:[Weight]]*((_xlfn.XMATCH(Table2614[[#This Row],[11]],Table2614[[#This Row],[1]:[11]],0))-1)/(COUNTA(Table2614[[#This Row],[1]:[11]])-COUNTBLANK(Table2614[[#This Row],[1]:[11]])-1)))}
A14: 2 | B14: Provide the number of employees within your organisation who are specifically dedicated to Customer Success | C14: Vendor to provide on the company's letterhead, the following information : 1. Company name 2. Industry 3. Geographical footprint/presence 4. The number of employee 5. Employees in your organisation dedicated to Customer Success, include employee number per geographical location 6. Employees in your organisation dedicated to delivering Professional Services, include employee number per geographical location 7. Employees in your organisation dedicated to Technical Support, include employee number per geographical location | F14: Very important | G14: {=_xlfn.IFS(F14="","",F14="No interest",0,F14="Nice to have",1,F14="Useful",2,F14="Important",3,F14="Very important",4,F14="Critical",5,F14="Show stopper",6)} -> 4 | H14: =(G14/$G$11)*$F$11 -> 0.03030303 | I14: 100%: > 20 employees, 50%: 1 - 20 employees, 0%: blank or no employees | J14: {=_xlfn.TEXTJOIN(","&CHAR(10),,TEXT(Table2614[[#This Row],[12]:[22]],"0,00%"))} -> 0,03%, 0,02%, 0,00% | L14: =H14-(H14*((MATCH(Table2614[[#This Row],[Evaluators Response (SELECT)]],Table2614[[#This Row],[1]:[11]],0)-1)/(COUNTA(Table2614[[#This Row],[1]:[11]])-COUNTBLANK(Table2614[[#This Row],[1]:[11]])-1))) -> #N/A | N14: {=IFERROR(INDEX(_xlfn.UNIQUE(TRIM(_xlfn.TEXTSPLIT(Table2614[[#This Row],[Selection Options]:[Selection Options]],","))),,N$11),"")} -> 100%: > 20 employees | O14: {=IFERROR(INDEX(_xlfn.UNIQUE(TRIM(_xlfn.TEXTSPLIT(Table2614[[#This Row],[Selection Options]:[Selection Options]],","))),,O$11),"")} -> 50%: 1 - 20 employees | P14: {=IFERROR(INDEX(_xlfn.UNIQUE(TRIM(_xlfn.TEXTSPLIT(Table2614[[#This Row],[Selection Options]:[Selection Options]],","))),,P$11),"")} -> 0%: blank or no employees | Q14: {=IFERROR(INDEX(_xlfn.UNIQUE(TRIM(_xlfn.TEXTSPLIT(Table2614[[#This Row],[Selection Options]:[Selection Options]],","))),,Q$11),"")} | R14: {=IFERROR(INDEX(_xlfn.UNIQUE(TRIM(_xlfn.TEXTSPLIT(Table2614[[#This Row],[Selection Options]:[Selection Options]],","))),,R$11),"")} | S14: {=IFERROR(INDEX(_xlfn.UNIQUE(TRIM(_xlfn.TEXTSPLIT(Table2614[[#This Row],[Selection Options]:[Selection Options]],","))),,S$11),"")} | T14: {=IFERROR(INDEX(_xlfn.UNIQUE(TRIM(_xlfn.TEXTSPLIT(Table2614[[#This Row],[Selection Options]:[Selection Options]],","))),,T$11),"")} | U14: {=IFERROR(INDEX(_xlfn.UNIQUE(TRIM(_xlfn.TEXTSPLIT(Table2614[[#This Row],[Selection Options]:[Selection Options]],","))),,U$11),"")} | ... X14: {=IFERROR(INDEX(_xlfn.UNIQUE(TRIM(_xlfn.TEXTSPLIT(Table2614[[#This Row],[Selection Options]:[Selection Options]],","))),,X$11),"")} | Y14: {=IF(Table2614[[#This Row],[1]]="","",Table2614[[#This Row],[Weight]:[Weight]]-(Table2614[[#This Row],[Weight]:[Weight]]*((_xlfn.XMATCH(Table2614[[#This Row],[1]],Table2614[[#This Row],[1]:[11]],0))-1)/(COUNTA(Table2614[[#This Row],[1]:[11]])-COUNTBLANK(Table2614[[#This Row],[1]:[11]])-1)))} -> 0.03030303 | Z14: {=IF(Table2614[[#This Row],[2]]="","",Table2614[[#This Row],[Weight]:[Weight]]-(Table2614[[#This Row],[Weight]:[Weight]]*((_xlfn.XMATCH(Table2614[[#This Row],[2]],Table2614[[#This Row],[1]:[11]],0))-1)/(COUNTA(Table2614[[#This Row],[1]:[11]])-COUNTBLANK(Table2614[[#This Row],[1]:[11]])-1)))} -> 0.015151515 | AA14: {=IF(Table2614[[#This Row],[3]]="","",Table2614[[#This Row],[Weight]:[Weight]]-(Table2614[[#This Row],[Weight]:[Weight]]*((_xlfn.XMATCH(Table2614[[#This Row],[3]],Table2614[[#This Row],[1]:[11]],0))-1)/(COUNTA(Table2614[[#This Row],[1]:[11]])-COUNTBLANK(Table2614[[#This Row],[1]:[11]])-1)))} -> 0 | AB14: {=IF(Table2614[[#This Row],[4]]="","",Table2614[[#This Row],[Weight]:[Weight]]-(Table2614[[#This Row],[Weight]:[Weight]]*((_xlfn.XMATCH(Table2614[[#This Row],[4]],Table2614[[#This Row],[1]:[11]],0))-1)/(COUNTA(Table2614[[#This Row],[1]:[11]])-COUNTBLANK(Table2614[[#This Row],[1]:[11]])-1)))} | AC14: {=IF(Table2614[[#This Row],[5]]="","",Table2614[[#This Row],[Weight]:[Weight]]-(Table2614[[#This Row],[Weight]:[Weight]]*((_xlfn.XMATCH(Table2614[[#This Row],[5]],Table2614[[#This Row],[1]:[11]],0))-1)/(COUNTA(Table2614[[#This Row],[1]:[11]])-COUNTBLANK(Table2614[[#This Row],[1]:[11]])-1)))} | AD14: {=IF(Table2614[[#This Row],[6]]="","",Table2614[[#This Row],[Weight]:[Weight]]-(Table2614[[#This Row],[Weight]:[Weight]]*((_xlfn.XMATCH(Table2614[[#This Row],[6]],Table2614[[#This Row],[1]:[11]],0))-1)/(COUNTA(Table2614[[#This Row],[1]:[11]])-COUNTBLANK(Table2614[[#This Row],[1]:[11]])-1)))} | AE14: {=IF(Table2614[[#This Row],[7]]="","",Table2614[[#This Row],[Weight]:[Weight]]-(Table2614[[#This Row],[Weight]:[Weight]]*((_xlfn.XMATCH(Table2614[[#This Row],[7]],Table2614[[#This Row],[1]:[11]],0))-1)/(COUNTA(Table2614[[#This Row],[1]:[11]])-COUNTBLANK(Table2614[[#This Row],[1]:[11]])-1)))} | AF14: {=IF(Table2614[[#This Row],[8]]="","",Table2614[[#This Row],[Weight]:[Weight]]-(Table2614[[#This Row],[Weight]:[Weight]]*((_xlfn.XMATCH(Table2614[[#This Row],[8]],Table2614[[#This Row],[1]:[11]],0))-1)/(COUNTA(Table2614[[#This Row],[1]:[11]])-COUNTBLANK(Table2614[[#This Row],[1]:[11]])-1)))} | AG14: {=IF(Table2614[[#This Row],[9]]="","",Table2614[[#This Row],[Weight]:[Weight]]-(Table2614[[#This Row],[Weight]:[Weight]]*((_xlfn.XMATCH(Table2614[[#This Row],[9]],Table2614[[#This Row],[1]:[11]],0))-1)/(COUNTA(Table2614[[#This Row],[1]:[11]])-COUNTBLANK(Table2614[[#This Row],[1]:[11]])-1)))} | AH14: {=IF(Table2614[[#This Row],[10]]="","",Table2614[[#This Row],[Weight]:[Weight]]-(Table2614[[#This Row],[Weight]:[Weight]]*((_xlfn.XMATCH(Table2614[[#This Row],[10]],Table2614[[#This Row],[1]:[11]],0))-1)/(COUNTA(Table2614[[#This Row],[1]:[11]])-COUNTBLANK(Table2614[[#This Row],[1]:[11]])-1)))} | AI14: {=IF(Table2614[[#This Row],[11]]="","",Table2614[[#This Row],[Weight]:[Weight]]-(Table2614[[#This Row],[Weight]:[Weight]]*((_xlfn.XMATCH(Table2614[[#This Row],[11]],Table2614[[#This Row],[1]:[11]],0))-1)/(COUNTA(Table2614[[#This Row],[1]:[11]])-COUNTBLANK(Table2614[[#This Row],[1]:[11]])-1)))}
A15: 3 | B15: Provide the number of employees within your organisation who are specifically dedicated to delivering Professional Services. | C15: Vendor to provide on the company's letterhead, the following information : 1. Company name 2. Industry 3. Geographical footprint/presence 4. The number of employee 5. Employees in your organisation dedicated to Customer Success, include employee number per geographical location 6. Employees in your organisation dedicated to delivering Professional Services, include employee number per geographical location 7. Employees in your organisation dedicated to Technical Support, include employee number per geographical location | F15: Critical | G15: {=_xlfn.IFS(F15="","",F15="No interest",0,F15="Nice to have",1,F15="Useful",2,F15="Important",3,F15="Very important",4,F15="Critical",5,F15="Show stopper",6)} -> 5 | H15: =(G15/$G$11)*$F$11 -> 0.037878788 | I15: 100%: > 100 employees, 50%: 20 - 100 employees, 0%: blank or no employees | J15: {=_xlfn.TEXTJOIN(","&CHAR(10),,TEXT(Table2614[[#This Row],[12]:[22]],"0,00%"))} -> 0,04%, 0,02%, 0,00% | L15: =H15-(H15*((MATCH(Table2614[[#This Row],[Evaluators Response (SELECT)]],Table2614[[#This Row],[1]:[11]],0)-1)/(COUNTA(Table2614[[#This Row],[1]:[11]])-COUNTBLANK(Table2614[[#This Row],[1]:[11]])-1))) -> #N/A | N15: {=IFERROR(INDEX(_xlfn.UNIQUE(TRIM(_xlfn.TEXTSPLIT(Table2614[[#This Row],[Selection Options]:[Selection Options]],","))),,N$11),"")} -> 100%: > 100 employees | O15: {=IFERROR(INDEX(_xlfn.UNIQUE(TRIM(_xlfn.TEXTSPLIT(Table2614[[#This Row],[Selection Options]:[Selection Options]],","))),,O$11),"")} -> 50%: 20 - 100 employees | P15: {=IFERROR(INDEX(_xlfn.UNIQUE(TRIM(_xlfn.TEXTSPLIT(Table2614[[#This Row],[Selection Options]:[Selection Options]],","))),,P$11),"")} -> 0%: blank or no employees | Q15: {=IFERROR(INDEX(_xlfn.UNIQUE(TRIM(_xlfn.TEXTSPLIT(Table2614[[#This Row],[Selection Options]:[Selection Options]],","))),,Q$11),"")} | R15: {=IFERROR(INDEX(_xlfn.UNIQUE(TRIM(_xlfn.TEXTSPLIT(Table2614[[#This Row],[Selection Options]:[Selection Options]],","))),,R$11),"")} | S15: {=IFERROR(INDEX(_xlfn.UNIQUE(TRIM(_xlfn.TEXTSPLIT(Table2614[[#This Row],[Selection Options]:[Selection Options]],","))),,S$11),"")} | T15: {=IFERROR(INDEX(_xlfn.UNIQUE(TRIM(_xlfn.TEXTSPLIT(Table2614[[#This Row],[Selection Options]:[Selection Options]],","))),,T$11),"")} | U15: {=IFERROR(INDEX(_xlfn.UNIQUE(TRIM(_xlfn.TEXTSPLIT(Table2614[[#This Row],[Selection Options]:[Selection Options]],","))),,U$11),"")} | ... X15: {=IFERROR(INDEX(_xlfn.UNIQUE(TRIM(_xlfn.TEXTSPLIT(Table2614[[#This Row],[Selection Options]:[Selection Options]],","))),,X$11),"")} | Y15: {=IF(Table2614[[#This Row],[1]]="","",Table2614[[#This Row],[Weight]:[Weight]]-(Table2614[[#This Row],[Weight]:[Weight]]*((_xlfn.XMATCH(Table2614[[#This Row],[1]],Table2614[[#This Row],[1]:[11]],0))-1)/(COUNTA(Table2614[[#This Row],[1]:[11]])-COUNTBLANK(Table2614[[#This Row],[1]:[11]])-1)))} -> 0.037878788 | Z15: {=IF(Table2614[[#This Row],[2]]="","",Table2614[[#This Row],[Weight]:[Weight]]-(Table2614[[#This Row],[Weight]:[Weight]]*((_xlfn.XMATCH(Table2614[[#This Row],[2]],Table2614[[#This Row],[1]:[11]],0))-1)/(COUNTA(Table2614[[#This Row],[1]:[11]])-COUNTBLANK(Table2614[[#This Row],[1]:[11]])-1)))} -> 0.018939394 | AA15: {=IF(Table2614[[#This Row],[3]]="","",Table2614[[#This Row],[Weight]:[Weight]]-(Table2614[[#This Row],[Weight]:[Weight]]*((_xlfn.XMATCH(Table2614[[#This Row],[3]],Table2614[[#This Row],[1]:[11]],0))-1)/(COUNTA(Table2614[[#This Row],[1]:[11]])-COUNTBLANK(Table2614[[#This Row],[1]:[11]])-1)))} -> 0 | AB15: {=IF(Table2614[[#This Row],[4]]="","",Table2614[[#This Row],[Weight]:[Weight]]-(Table2614[[#This Row],[Weight]:[Weight]]*((_xlfn.XMATCH(Table2614[[#This Row],[4]],Table2614[[#This Row],[1]:[11]],0))-1)/(COUNTA(Table2614[[#This Row],[1]:[11]])-COUNTBLANK(Table2614[[#This Row],[1]:[11]])-1)))} | AC15: {=IF(Table2614[[#This Row],[5]]="","",Table2614[[#This Row],[Weight]:[Weight]]-(Table2614[[#This Row],[Weight]:[Weight]]*((_xlfn.XMATCH(Table2614[[#This Row],[5]],Table2614[[#This Row],[1]:[11]],0))-1)/(COUNTA(Table2614[[#This Row],[1]:[11]])-COUNTBLANK(Table2614[[#This Row],[1]:[11]])-1)))} | AD15: {=IF(Table2614[[#This Row],[6]]="","",Table2614[[#This Row],[Weight]:[Weight]]-(Table2614[[#This Row],[Weight]:[Weight]]*((_xlfn.XMATCH(Table2614[[#This Row],[6]],Table2614[[#This Row],[1]:[11]],0))-1)/(COUNTA(Table2614[[#This Row],[1]:[11]])-COUNTBLANK(Table2614[[#This Row],[1]:[11]])-1)))} | AE15: {=IF(Table2614[[#This Row],[7]]="","",Table2614[[#This Row],[Weight]:[Weight]]-(Table2614[[#This Row],[Weight]:[Weight]]*((_xlfn.XMATCH(Table2614[[#This Row],[7]],Table2614[[#This Row],[1]:[11]],0))-1)/(COUNTA(Table2614[[#This Row],[1]:[11]])-COUNTBLANK(Table2614[[#This Row],[1]:[11]])-1)))} | AF15: {=IF(Table2614[[#This Row],[8]]="","",Table2614[[#This Row],[Weight]:[Weight]]-(Table2614[[#This Row],[Weight]:[Weight]]*((_xlfn.XMATCH(Table2614[[#This Row],[8]],Table2614[[#This Row],[1]:[11]],0))-1)/(COUNTA(Table2614[[#This Row],[1]:[11]])-COUNTBLANK(Table2614[[#This Row],[1]:[11]])-1)))} | AG15: {=IF(Table2614[[#This Row],[9]]="","",Table2614[[#This Row],[Weight]:[Weight]]-(Table2614[[#This Row],[Weight]:[Weight]]*((_xlfn.XMATCH(Table2614[[#This Row],[9]],Table2614[[#This Row],[1]:[11]],0))-1)/(COUNTA(Table2614[[#This Row],[1]:[11]])-COUNTBLANK(Table2614[[#This Row],[1]:[11]])-1)))} | AH15: {=IF(Table2614[[#This Row],[10]]="","",Table2614[[#This Row],[Weight]:[Weight]]-(Table2614[[#This Row],[Weight]:[Weight]]*((_xlfn.XMATCH(Table2614[[#This Row],[10]],Table2614[[#This Row],[1]:[11]],0))-1)/(COUNTA(Table2614[[#This Row],[1]:[11]])-COUNTBLANK(Table2614[[#This Row],[1]:[11]])-1)))} | AI15: {=IF(Table2614[[#This Row],[11]]="","",Table2614[[#This Row],[Weight]:[Weight]]-(Table2614[[#This Row],[Weight]:[Weight]]*((_xlfn.XMATCH(Table2614[[#This Row],[11]],Table2614[[#This Row],[1]:[11]],0))-1)/(COUNTA(Table2614[[#This Row],[1]:[11]])-COUNTBLANK(Table2614[[#This Row],[1]:[11]])-1)))}
A16: 4 | B16: Provide the number of employees within your organisation who are specifically dedicated to Technical Support | C16: Vendor to provide on the company's letterhead, the following information : 1. Company name 2. Industry 3. Geographical footprint/presence 4. The number of employee 5. Employees in your organisation dedicated to Customer Success, include employee number per geographical location 6. Employees in your organisation dedicated to delivering Professional Services, include employee number per geographical location 7. Employees in your organisation dedicated to Technical Support, include employee number per geographical location | F16: Critical | G16: {=_xlfn.IFS(F16="","",F16="No interest",0,F16="Nice to have",1,F16="Useful",2,F16="Important",3,F16="Very important",4,F16="Critical",5,F16="Show stopper",6)} -> 5 | H16: =(G16/$G$11)*$F$11 -> 0.037878788 | I16: 100%: > 100 employees, 50%: 20 - 100 employees, 0%: blank or no employees | J16: {=_xlfn.TEXTJOIN(","&CHAR(10),,TEXT(Table2614[[#This Row],[12]:[22]],"0,00%"))} -> 0,04%, 0,02%, 0,00% | L16: =H16-(H16*((MATCH(Table2614[[#This Row],[Evaluators Response (SELECT)]],Table2614[[#This Row],[1]:[11]],0)-1)/(COUNTA(Table2614[[#This Row],[1]:[11]])-COUNTBLANK(Table2614[[#This Row],[1]:[11]])-1))) -> #N/A | N16: {=IFERROR(INDEX(_xlfn.UNIQUE(TRIM(_xlfn.TEXTSPLIT(Table2614[[#This Row],[Selection Options]:[Selection Options]],","))),,N$11),"")} -> 100%: > 100 employees | O16: {=IFERROR(INDEX(_xlfn.UNIQUE(TRIM(_xlfn.TEXTSPLIT(Table2614[[#This Row],[Selection Options]:[Selection Options]],","))),,O$11),"")} -> 50%: 20 - 100 employees | P16: {=IFERROR(INDEX(_xlfn.UNIQUE(TRIM(_xlfn.TEXTSPLIT(Table2614[[#This Row],[Selection Options]:[Selection Options]],","))),,P$11),"")} -> 0%: blank or no employees | Q16: {=IFERROR(INDEX(_xlfn.UNIQUE(TRIM(_xlfn.TEXTSPLIT(Table2614[[#This Row],[Selection Options]:[Selection Options]],","))),,Q$11),"")} | R16: {=IFERROR(INDEX(_xlfn.UNIQUE(TRIM(_xlfn.TEXTSPLIT(Table2614[[#This Row],[Selection Options]:[Selection Options]],","))),,R$11),"")} | S16: {=IFERROR(INDEX(_xlfn.UNIQUE(TRIM(_xlfn.TEXTSPLIT(Table2614[[#This Row],[Selection Options]:[Selection Options]],","))),,S$11),"")} | T16: {=IFERROR(INDEX(_xlfn.UNIQUE(TRIM(_xlfn.TEXTSPLIT(Table2614[[#This Row],[Selection Options]:[Selection Options]],","))),,T$11),"")} | U16: {=IFERROR(INDEX(_xlfn.UNIQUE(TRIM(_xlfn.TEXTSPLIT(Table2614[[#This Row],[Selection Options]:[Selection Options]],","))),,U$11),"")} | ... X16: {=IFERROR(INDEX(_xlfn.UNIQUE(TRIM(_xlfn.TEXTSPLIT(Table2614[[#This Row],[Selection Options]:[Selection Options]],","))),,X$11),"")} | Y16: {=IF(Table2614[[#This Row],[1]]="","",Table2614[[#This Row],[Weight]:[Weight]]-(Table2614[[#This Row],[Weight]:[Weight]]*((_xlfn.XMATCH(Table2614[[#This Row],[1]],Table2614[[#This Row],[1]:[11]],0))-1)/(COUNTA(Table2614[[#This Row],[1]:[11]])-COUNTBLANK(Table2614[[#This Row],[1]:[11]])-1)))} -> 0.037878788 | Z16: {=IF(Table2614[[#This Row],[2]]="","",Table2614[[#This Row],[Weight]:[Weight]]-(Table2614[[#This Row],[Weight]:[Weight]]*((_xlfn.XMATCH(Table2614[[#This Row],[2]],Table2614[[#This Row],[1]:[11]],0))-1)/(COUNTA(Table2614[[#This Row],[1]:[11]])-COUNTBLANK(Table2614[[#This Row],[1]:[11]])-1)))} -> 0.018939394 | AA16: {=IF(Table2614[[#This Row],[3]]="","",Table2614[[#This Row],[Weight]:[Weight]]-(Table2614[[#This Row],[Weight]:[Weight]]*((_xlfn.XMATCH(Table2614[[#This Row],[3]],Table2614[[#This Row],[1]:[11]],0))-1)/(COUNTA(Table2614[[#This Row],[1]:[11]])-COUNTBLANK(Table2614[[#This Row],[1]:[11]])-1)))} -> 0 | AB16: {=IF(Table2614[[#This Row],[4]]="","",Table2614[[#This Row],[Weight]:[Weight]]-(Table2614[[#This Row],[Weight]:[Weight]]*((_xlfn.XMATCH(Table2614[[#This Row],[4]],Table2614[[#This Row],[1]:[11]],0))-1)/(COUNTA(Table2614[[#This Row],[1]:[11]])-COUNTBLANK(Table2614[[#This Row],[1]:[11]])-1)))} | AC16: {=IF(Table2614[[#This Row],[5]]="","",Table2614[[#This Row],[Weight]:[Weight]]-(Table2614[[#This Row],[Weight]:[Weight]]*((_xlfn.XMATCH(Table2614[[#This Row],[5]],Table2614[[#This Row],[1]:[11]],0))-1)/(COUNTA(Table2614[[#This Row],[1]:[11]])-COUNTBLANK(Table2614[[#This Row],[1]:[11]])-1)))} | AD16: {=IF(Table2614[[#This Row],[6]]="","",Table2614[[#This Row],[Weight]:[Weight]]-(Table2614[[#This Row],[Weight]:[Weight]]*((_xlfn.XMATCH(Table2614[[#This Row],[6]],Table2614[[#This Row],[1]:[11]],0))-1)/(COUNTA(Table2614[[#This Row],[1]:[11]])-COUNTBLANK(Table2614[[#This Row],[1]:[11]])-1)))} | AE16: {=IF(Table2614[[#This Row],[7]]="","",Table2614[[#This Row],[Weight]:[Weight]]-(Table2614[[#This Row],[Weight]:[Weight]]*((_xlfn.XMATCH(Table2614[[#This Row],[7]],Table2614[[#This Row],[1]:[11]],0))-1)/(COUNTA(Table2614[[#This Row],[1]:[11]])-COUNTBLANK(Table2614[[#This Row],[1]:[11]])-1)))} | AF16: {=IF(Table2614[[#This Row],[8]]="","",Table2614[[#This Row],[Weight]:[Weight]]-(Table2614[[#This Row],[Weight]:[Weight]]*((_xlfn.XMATCH(Table2614[[#This Row],[8]],Table2614[[#This Row],[1]:[11]],0))-1)/(COUNTA(Table2614[[#This Row],[1]:[11]])-COUNTBLANK(Table2614[[#This Row],[1]:[11]])-1)))} | AG16: {=IF(Table2614[[#This Row],[9]]="","",Table2614[[#This Row],[Weight]:[Weight]]-(Table2614[[#This Row],[Weight]:[Weight]]*((_xlfn.XMATCH(Table2614[[#This Row],[9]],Table2614[[#This Row],[1]:[11]],0))-1)/(COUNTA(Table2614[[#This Row],[1]:[11]])-COUNTBLANK(Table2614[[#This Row],[1]:[11]])-1)))} | AH16: {=IF(Table2614[[#This Row],[10]]="","",Table2614[[#This Row],[Weight]:[Weight]]-(Table2614[[#This Row],[Weight]:[Weight]]*((_xlfn.XMATCH(Table2614[[#This Row],[10]],Table2614[[#This Row],[1]:[11]],0))-1)/(COUNTA(Table2614[[#This Row],[1]:[11]])-COUNTBLANK(Table2614[[#This Row],[1]:[11]])-1)))} | AI16: {=IF(Table2614[[#This Row],[11]]="","",Table2614[[#This Row],[Weight]:[Weight]]-(Table2614[[#This Row],[Weight]:[Weight]]*((_xlfn.XMATCH(Table2614[[#This Row],[11]],Table2614[[#This Row],[1]:[11]],0))-1)/(COUNTA(Table2614[[#This Row],[1]:[11]])-COUNTBLANK(Table2614[[#This Row],[1]:[11]])-1)))}
A17: 5 | B17: Confirm whether your company has an established presence in South Africa. This includes, but is not limited to, registered offices, operational teams, or support personnel located within the country. | C17: Vendor to provide on the company's letterhead, the following information : 1. Company name 2. Industry 3. Geographical footprint/presence 4. The number of employee 5. Employees in your organisation dedicated to Customer Success, include employee number per geographical location 6. Employees in your organisation dedicated to delivering Professional Services, include employee number per geographical location 7. Employees in your organisation dedicated to Technical Support, include employee number per geographical location | F17: Show stopper | G17: {=_xlfn.IFS(F17="","",F17="No interest",0,F17="Nice to have",1,F17="Useful",2,F17="Important",3,F17="Very important",4,F17="Critical",5,F17="Show stopper",6)} -> 6 | H17: =(G17/$G$11)*$F$11 -> 0.045454545 | I17: 100%: Full Presence in RSA, 50: Presence in RSA via 3rd parties (e.g. distributor reseller), 0%: No presence in RSA | J17: {=_xlfn.TEXTJOIN(","&CHAR(10),,TEXT(Table2614[[#This Row],[12]:[22]],"0,00%"))} -> 0,05%, 0,02%, 0,00% | L17: =H17-(H17*((MATCH(Table2614[[#This Row],[Evaluators Response (SELECT)]],Table2614[[#This Row],[1]:[11]],0)-1)/(COUNTA(Table2614[[#This Row],[1]:[11]])-COUNTBLANK(Table2614[[#This Row],[1]:[11]])-1))) -> #N/A | N17: {=IFERROR(INDEX(_xlfn.UNIQUE(TRIM(_xlfn.TEXTSPLIT(Table2614[[#This Row],[Selection Options]:[Selection Options]],","))),,N$11),"")} -> 100%: Full Presence in RSA | O17: {=IFERROR(INDEX(_xlfn.UNIQUE(TRIM(_xlfn.TEXTSPLIT(Table2614[[#This Row],[Selection Options]:[Selection Options]],","))),,O$11),"")} -> 50: Presence in RSA via 3rd parties (e.g. distributor reseller) | P17: {=IFERROR(INDEX(_xlfn.UNIQUE(TRIM(_xlfn.TEXTSPLIT(Table2614[[#This Row],[Selection Options]:[Selection Options]],","))),,P$11),"")} -> 0%: No presence in RSA | Q17: {=IFERROR(INDEX(_xlfn.UNIQUE(TRIM(_xlfn.TEXTSPLIT(Table2614[[#This Row],[Selection Options]:[Selection Options]],","))),,Q$11),"")} | R17: {=IFERROR(INDEX(_xlfn.UNIQUE(TRIM(_xlfn.TEXTSPLIT(Table2614[[#This Row],[Selection Options]:[Selection Options]],","))),,R$11),"")} | S17: {=IFERROR(INDEX(_xlfn.UNIQUE(TRIM(_xlfn.TEXTSPLIT(Table2614[[#This Row],[Selection Options]:[Selection Options]],","))),,S$11),"")} | T17: {=IFERROR(INDEX(_xlfn.UNIQUE(TRIM(_xlfn.TEXTSPLIT(Table2614[[#This Row],[Selection Options]:[Selection Options]],","))),,T$11),"")} | U17: {=IFERROR(INDEX(_xlfn.UNIQUE(TRIM(_xlfn.TEXTSPLIT(Table2614[[#This Row],[Selection Options]:[Selection Options]],","))),,U$11),"")} | ... X17: {=IFERROR(INDEX(_xlfn.UNIQUE(TRIM(_xlfn.TEXTSPLIT(Table2614[[#This Row],[Selection Options]:[Selection Options]],","))),,X$11),"")} | Y17: {=IF(Table2614[[#This Row],[1]]="","",Table2614[[#This Row],[Weight]:[Weight]]-(Table2614[[#This Row],[Weight]:[Weight]]*((_xlfn.XMATCH(Table2614[[#This Row],[1]],Table2614[[#This Row],[1]:[11]],0))-1)/(COUNTA(Table2614[[#This Row],[1]:[11]])-COUNTBLANK(Table2614[[#This Row],[1]:[11]])-1)))} -> 0.045454545 | Z17: {=IF(Table2614[[#This Row],[2]]="","",Table2614[[#This Row],[Weight]:[Weight]]-(Table2614[[#This Row],[Weight]:[Weight]]*((_xlfn.XMATCH(Table2614[[#This Row],[2]],Table2614[[#This Row],[1]:[11]],0))-1)/(COUNTA(Table2614[[#This Row],[1]:[11]])-COUNTBLANK(Table2614[[#This Row],[1]:[11]])-1)))} -> 0.022727273 | AA17: {=IF(Table2614[[#This Row],[3]]="","",Table2614[[#This Row],[Weight]:[Weight]]-(Table2614[[#This Row],[Weight]:[Weight]]*((_xlfn.XMATCH(Table2614[[#This Row],[3]],Table2614[[#This Row],[1]:[11]],0))-1)/(COUNTA(Table2614[[#This Row],[1]:[11]])-COUNTBLANK(Table2614[[#This Row],[1]:[11]])-1)))} -> 0 | AB17: {=IF(Table2614[[#This Row],[4]]="","",Table2614[[#This Row],[Weight]:[Weight]]-(Table2614[[#This Row],[Weight]:[Weight]]*((_xlfn.XMATCH(Table2614[[#This Row],[4]],Table2614[[#This Row],[1]:[11]],0))-1)/(COUNTA(Table2614[[#This Row],[1]:[11]])-COUNTBLANK(Table2614[[#This Row],[1]:[11]])-1)))} | AC17: {=IF(Table2614[[#This Row],[5]]="","",Table2614[[#This Row],[Weight]:[Weight]]-(Table2614[[#This Row],[Weight]:[Weight]]*((_xlfn.XMATCH(Table2614[[#This Row],[5]],Table2614[[#This Row],[1]:[11]],0))-1)/(COUNTA(Table2614[[#This Row],[1]:[11]])-COUNTBLANK(Table2614[[#This Row],[1]:[11]])-1)))} | AD17: {=IF(Table2614[[#This Row],[6]]="","",Table2614[[#This Row],[Weight]:[Weight]]-(Table2614[[#This Row],[Weight]:[Weight]]*((_xlfn.XMATCH(Table2614[[#This Row],[6]],Table2614[[#This Row],[1]:[11]],0))-1)/(COUNTA(Table2614[[#This Row],[1]:[11]])-COUNTBLANK(Table2614[[#This Row],[1]:[11]])-1)))} | AE17: {=IF(Table2614[[#This Row],[7]]="","",Table2614[[#This Row],[Weight]:[Weight]]-(Table2614[[#This Row],[Weight]:[Weight]]*((_xlfn.XMATCH(Table2614[[#This Row],[7]],Table2614[[#This Row],[1]:[11]],0))-1)/(COUNTA(Table2614[[#This Row],[1]:[11]])-COUNTBLANK(Table2614[[#This Row],[1]:[11]])-1)))} | AF17: {=IF(Table2614[[#This Row],[8]]="","",Table2614[[#This Row],[Weight]:[Weight]]-(Table2614[[#This Row],[Weight]:[Weight]]*((_xlfn.XMATCH(Table2614[[#This Row],[8]],Table2614[[#This Row],[1]:[11]],0))-1)/(COUNTA(Table2614[[#This Row],[1]:[11]])-COUNTBLANK(Table2614[[#This Row],[1]:[11]])-1)))} | AG17: {=IF(Table2614[[#This Row],[9]]="","",Table2614[[#This Row],[Weight]:[Weight]]-(Table2614[[#This Row],[Weight]:[Weight]]*((_xlfn.XMATCH(Table2614[[#This Row],[9]],Table2614[[#This Row],[1]:[11]],0))-1)/(COUNTA(Table2614[[#This Row],[1]:[11]])-COUNTBLANK(Table2614[[#This Row],[1]:[11]])-1)))} | AH17: {=IF(Table2614[[#This Row],[10]]="","",Table2614[[#This Row],[Weight]:[Weight]]-(Table2614[[#This Row],[Weight]:[Weight]]*((_xlfn.XMATCH(Table2614[[#This Row],[10]],Table2614[[#This Row],[1]:[11]],0))-1)/(COUNTA(Table2614[[#This Row],[1]:[11]])-COUNTBLANK(Table2614[[#This Row],[1]:[11]])-1)))} | AI17: {=IF(Table2614[[#This Row],[11]]="","",Table2614[[#This Row],[Weight]:[Weight]]-(Table2614[[#This Row],[Weight]:[Weight]]*((_xlfn.XMATCH(Table2614[[#This Row],[11]],Table2614[[#This Row],[1]:[11]],0))-1)/(COUNTA(Table2614[[#This Row],[1]:[11]])-COUNTBLANK(Table2614[[#This Row],[1]:[11]])-1)))}
A18: 6 | B18: Specify the geographical locations of the personnel assigned to this engagement, specifically those responsible for: - Customer Success - Professional Services - Technical Support | C18: Vendor to provide on the company's letterhead, the following information : 1. Company name 2. Industry 3. Geographical footprint/presence 4. The number of employee 5. Employees in your organisation dedicated to Customer Success, include employee number per geographical location 6. Employees in your organisation dedicated to delivering Professional Services, include employee number per geographical location 7. Employees in your organisation dedicated to Technical Support, include employee number per geographical location | F18: Show stopper | G18: {=_xlfn.IFS(F18="","",F18="No interest",0,F18="Nice to have",1,F18="Useful",2,F18="Important",3,F18="Very important",4,F18="Critical",5,F18="Show stopper",6)} -> 6 | H18: =(G18/$G$11)*$F$11 -> 0.045454545 | I18: 100%: All located in South Africa, 75%: Customer Success in South Africa AND Technical and or Professional Services partially in South Africa and outside, 50%: Customer Success in south Africa AND Technical and or Professional services outside of South Africa, 0%: No Customer Success in South Africa and or all resources outside of south Africa | J18: {=_xlfn.TEXTJOIN(","&CHAR(10),,TEXT(Table2614[[#This Row],[12]:[22]],"0,00%"))} -> 0,05%, 0,03%, 0,02%, 0,00% | L18: =H18-(H18*((MATCH(Table2614[[#This Row],[Evaluators Response (SELECT)]],Table2614[[#This Row],[1]:[11]],0)-1)/(COUNTA(Table2614[[#This Row],[1]:[11]])-COUNTBLANK(Table2614[[#This Row],[1]:[11]])-1))) -> #N/A | N18: {=IFERROR(INDEX(_xlfn.UNIQUE(TRIM(_xlfn.TEXTSPLIT(Table2614[[#This Row],[Selection Options]:[Selection Options]],","))),,N$11),"")} -> 100%: All located in South Africa | O18: {=IFERROR(INDEX(_xlfn.UNIQUE(TRIM(_xlfn.TEXTSPLIT(Table2614[[#This Row],[Selection Options]:[Selection Options]],","))),,O$11),"")} -> 75%: Customer Success in South Africa AND Technical and or Professional Services partially in South Africa and outside | P18: {=IFERROR(INDEX(_xlfn.UNIQUE(TRIM(_xlfn.TEXTSPLIT(Table2614[[#This Row],[Selection Options]:[Selection Options]],","))),,P$11),"")} -> 50%: Customer Success in south Africa AND Technical and or Professional services outside of South Africa | Q18: {=IFERROR(INDEX(_xlfn.UNIQUE(TRIM(_xlfn.TEXTSPLIT(Table2614[[#This Row],[Selection Options]:[Selection Options]],","))),,Q$11),"")} -> 0%: No Customer Success in South Africa and or all resources outside of south Africa | R18: {=IFERROR(INDEX(_xlfn.UNIQUE(TRIM(_xlfn.TEXTSPLIT(Table2614[[#This Row],[Selection Options]:[Selection Options]],","))),,R$11),"")} | S18: {=IFERROR(INDEX(_xlfn.UNIQUE(TRIM(_xlfn.TEXTSPLIT(Table2614[[#This Row],[Selection Options]:[Selection Options]],","))),,S$11),"")} | T18: {=IFERROR(INDEX(_xlfn.UNIQUE(TRIM(_xlfn.TEXTSPLIT(Table2614[[#This Row],[Selection Options]:[Selection Options]],","))),,T$11),"")} | U18: {=IFERROR(INDEX(_xlfn.UNIQUE(TRIM(_xlfn.TEXTSPLIT(Table2614[[#This Row],[Selection Options]:[Selection Options]],","))),,U$11),"")} | ... X18: {=IFERROR(INDEX(_xlfn.UNIQUE(TRIM(_xlfn.TEXTSPLIT(Table2614[[#This Row],[Selection Options]:[Selection Options]],","))),,X$11),"")} | Y18: {=IF(Table2614[[#This Row],[1]]="","",Table2614[[#This Row],[Weight]:[Weight]]-(Table2614[[#This Row],[Weight]:[Weight]]*((_xlfn.XMATCH(Table2614[[#This Row],[1]],Table2614[[#This Row],[1]:[11]],0))-1)/(COUNTA(Table2614[[#This Row],[1]:[11]])-COUNTBLANK(Table2614[[#This Row],[1]:[11]])-1)))} -> 0.045454545 | Z18: {=IF(Table2614[[#This Row],[2]]="","",Table2614[[#This Row],[Weight]:[Weight]]-(Table2614[[#This Row],[Weight]:[Weight]]*((_xlfn.XMATCH(Table2614[[#This Row],[2]],Table2614[[#This Row],[1]:[11]],0))-1)/(COUNTA(Table2614[[#This Row],[1]:[11]])-COUNTBLANK(Table2614[[#This Row],[1]:[11]])-1)))} -> 0.03030303 | AA18: {=IF(Table2614[[#This Row],[3]]="","",Table2614[[#This Row],[Weight]:[Weight]]-(Table2614[[#This Row],[Weight]:[Weight]]*((_xlfn.XMATCH(Table2614[[#This Row],[3]],Table2614[[#This Row],[1]:[11]],0))-1)/(COUNTA(Table2614[[#This Row],[1]:[11]])-COUNTBLANK(Table2614[[#This Row],[1]:[11]])-1)))} -> 0.015151515 | AB18: {=IF(Table2614[[#This Row],[4]]="","",Table2614[[#This Row],[Weight]:[Weight]]-(Table2614[[#This Row],[Weight]:[Weight]]*((_xlfn.XMATCH(Table2614[[#This Row],[4]],Table2614[[#This Row],[1]:[11]],0))-1)/(COUNTA(Table2614[[#This Row],[1]:[11]])-COUNTBLANK(Table2614[[#This Row],[1]:[11]])-1)))} -> 6.9388939e-18 | AC18: {=IF(Table2614[[#This Row],[5]]="","",Table2614[[#This Row],[Weight]:[Weight]]-(Table2614[[#This Row],[Weight]:[Weight]]*((_xlfn.XMATCH(Table2614[[#This Row],[5]],Table2614[[#This Row],[1]:[11]],0))-1)/(COUNTA(Table2614[[#This Row],[1]:[11]])-COUNTBLANK(Table2614[[#This Row],[1]:[11]])-1)))} | AD18: {=IF(Table2614[[#This Row],[6]]="","",Table2614[[#This Row],[Weight]:[Weight]]-(Table2614[[#This Row],[Weight]:[Weight]]*((_xlfn.XMATCH(Table2614[[#This Row],[6]],Table2614[[#This Row],[1]:[11]],0))-1)/(COUNTA(Table2614[[#This Row],[1]:[11]])-COUNTBLANK(Table2614[[#This Row],[1]:[11]])-1)))} | AE18: {=IF(Table2614[[#This Row],[7]]="","",Table2614[[#This Row],[Weight]:[Weight]]-(Table2614[[#This Row],[Weight]:[Weight]]*((_xlfn.XMATCH(Table2614[[#This Row],[7]],Table2614[[#This Row],[1]:[11]],0))-1)/(COUNTA(Table2614[[#This Row],[1]:[11]])-COUNTBLANK(Table2614[[#This Row],[1]:[11]])-1)))} | AF18: {=IF(Table2614[[#This Row],[8]]="","",Table2614[[#This Row],[Weight]:[Weight]]-(Table2614[[#This Row],[Weight]:[Weight]]*((_xlfn.XMATCH(Table2614[[#This Row],[8]],Table2614[[#This Row],[1]:[11]],0))-1)/(COUNTA(Table2614[[#This Row],[1]:[11]])-COUNTBLANK(Table2614[[#This Row],[1]:[11]])-1)))} | AG18: {=IF(Table2614[[#This Row],[9]]="","",Table2614[[#This Row],[Weight]:[Weight]]-(Table2614[[#This Row],[Weight]:[Weight]]*((_xlfn.XMATCH(Table2614[[#This Row],[9]],Table2614[[#This Row],[1]:[11]],0))-1)/(COUNTA(Table2614[[#This Row],[1]:[11]])-COUNTBLANK(Table2614[[#This Row],[1]:[11]])-1)))} | AH18: {=IF(Table2614[[#This Row],[10]]="","",Table2614[[#This Row],[Weight]:[Weight]]-(Table2614[[#This Row],[Weight]:[Weight]]*((_xlfn.XMATCH(Table2614[[#This Row],[10]],Table2614[[#This Row],[1]:[11]],0))-1)/(COUNTA(Table2614[[#This Row],[1]:[11]])-COUNTBLANK(Table2614[[#This Row],[1]:[11]])-1)))} | AI18: {=IF(Table2614[[#This Row],[11]]="","",Table2614[[#This Row],[Weight]:[Weight]]-(Table2614[[#This Row],[Weight]:[Weight]]*((_xlfn.XMATCH(Table2614[[#This Row],[11]],Table2614[[#This Row],[1]:[11]],0))-1)/(COUNTA(Table2614[[#This Row],[1]:[11]])-COUNTBLANK(Table2614[[#This Row],[1]:[11]])-1)))}
A19: 7 | B19: Provide a detailed explanation of your relationship management program and methodology for establishing and maintaining high-quality customer engagements | C19: Provide a proposed relationship management program approach (in Annexure A) for establishing ongoing quality customer engagements that includes: 1. Communications 2. Performance management 3. Exception and dispute resolution 4. Advisory roles 5. Onsite representatives | F19: Show stopper | G19: {=_xlfn.IFS(F19="","",F19="No interest",0,F19="Nice to have",1,F19="Useful",2,F19="Important",3,F19="Very important",4,F19="Critical",5,F19="Show stopper",6)} -> 6 | H19: =(G19/$G$11)*$F$11 -> 0.045454545 | I19: 100%: Comprehensive information that reflects proactive and value adding customer and performance management, 75%: Most information provided with minor deficiencies in proactive customer and performance management, 50%: Information provided with gaps in performance management onsite representatives and customer engagement, 0%: No information provided/blank | J19: {=_xlfn.TEXTJOIN(","&CHAR(10),,TEXT(Table2614[[#This Row],[12]:[22]],"0,00%"))} -> 0,05%, 0,03%, 0,02%, 0,00% | L19: =H19-(H19*((MATCH(Table2614[[#This Row],[Evaluators Response (SELECT)]],Table2614[[#This Row],[1]:[11]],0)-1)/(COUNTA(Table2614[[#This Row],[1]:[11]])-COUNTBLANK(Table2614[[#This Row],[1]:[11]])-1))) -> #N/A | N19: {=IFERROR(INDEX(_xlfn.UNIQUE(TRIM(_xlfn.TEXTSPLIT(Table2614[[#This Row],[Selection Options]:[Selection Options]],","))),,N$11),"")} -> 100%: Comprehensive information that reflects proactive and value adding customer and performance management | O19: {=IFERROR(INDEX(_xlfn.UNIQUE(TRIM(_xlfn.TEXTSPLIT(Table2614[[#This Row],[Selection Options]:[Selection Options]],","))),,O$11),"")} -> 75%: Most information provided with minor deficiencies in proactive customer and performance management | P19: {=IFERROR(INDEX(_xlfn.UNIQUE(TRIM(_xlfn.TEXTSPLIT(Table2614[[#This Row],[Selection Options]:[Selection Options]],","))),,P$11),"")} -> 50%: Information provided with gaps in performance management onsite representatives and customer engagement | Q19: {=IFERROR(INDEX(_xlfn.UNIQUE(TRIM(_xlfn.TEXTSPLIT(Table2614[[#This Row],[Selection Options]:[Selection Options]],","))),,Q$11),"")} -> 0%: No information provided/blank | R19: {=IFERROR(INDEX(_xlfn.UNIQUE(TRIM(_xlfn.TEXTSPLIT(Table2614[[#This Row],[Selection Options]:[Selection Options]],","))),,R$11),"")} | S19: {=IFERROR(INDEX(_xlfn.UNIQUE(TRIM(_xlfn.TEXTSPLIT(Table2614[[#This Row],[Selection Options]:[Selection Options]],","))),,S$11),"")} | T19: {=IFERROR(INDEX(_xlfn.UNIQUE(TRIM(_xlfn.TEXTSPLIT(Table2614[[#This Row],[Selection Options]:[Selection Options]],","))),,T$11),"")} | U19: {=IFERROR(INDEX(_xlfn.UNIQUE(TRIM(_xlfn.TEXTSPLIT(Table2614[[#This Row],[Selection Options]:[Selection Options]],","))),,U$11),"")} | ... X19: {=IFERROR(INDEX(_xlfn.UNIQUE(TRIM(_xlfn.TEXTSPLIT(Table2614[[#This Row],[Selection Options]:[Selection Options]],","))),,X$11),"")} | Y19: {=IF(Table2614[[#This Row],[1]]="","",Table2614[[#This Row],[Weight]:[Weight]]-(Table2614[[#This Row],[Weight]:[Weight]]*((_xlfn.XMATCH(Table2614[[#This Row],[1]],Table2614[[#This Row],[1]:[11]],0))-1)/(COUNTA(Table2614[[#This Row],[1]:[11]])-COUNTBLANK(Table2614[[#This Row],[1]:[11]])-1)))} -> 0.045454545 | Z19: {=IF(Table2614[[#This Row],[2]]="","",Table2614[[#This Row],[Weight]:[Weight]]-(Table2614[[#This Row],[Weight]:[Weight]]*((_xlfn.XMATCH(Table2614[[#This Row],[2]],Table2614[[#This Row],[1]:[11]],0))-1)/(COUNTA(Table2614[[#This Row],[1]:[11]])-COUNTBLANK(Table2614[[#This Row],[1]:[11]])-1)))} -> 0.03030303 | AA19: {=IF(Table2614[[#This Row],[3]]="","",Table2614[[#This Row],[Weight]:[Weight]]-(Table2614[[#This Row],[Weight]:[Weight]]*((_xlfn.XMATCH(Table2614[[#This Row],[3]],Table2614[[#This Row],[1]:[11]],0))-1)/(COUNTA(Table2614[[#This Row],[1]:[11]])-COUNTBLANK(Table2614[[#This Row],[1]:[11]])-1)))} -> 0.015151515 | AB19: {=IF(Table2614[[#This Row],[4]]="","",Table2614[[#This Row],[Weight]:[Weight]]-(Table2614[[#This Row],[Weight]:[Weight]]*((_xlfn.XMATCH(Table2614[[#This Row],[4]],Table2614[[#This Row],[1]:[11]],0))-1)/(COUNTA(Table2614[[#This Row],[1]:[11]])-COUNTBLANK(Table2614[[#This Row],[1]:[11]])-1)))} -> 6.9388939e-18 | AC19: {=IF(Table2614[[#This Row],[5]]="","",Table2614[[#This Row],[Weight]:[Weight]]-(Table2614[[#This Row],[Weight]:[Weight]]*((_xlfn.XMATCH(Table2614[[#This Row],[5]],Table2614[[#This Row],[1]:[11]],0))-1)/(COUNTA(Table2614[[#This Row],[1]:[11]])-COUNTBLANK(Table2614[[#This Row],[1]:[11]])-1)))} | AD19: {=IF(Table2614[[#This Row],[6]]="","",Table2614[[#This Row],[Weight]:[Weight]]-(Table2614[[#This Row],[Weight]:[Weight]]*((_xlfn.XMATCH(Table2614[[#This Row],[6]],Table2614[[#This Row],[1]:[11]],0))-1)/(COUNTA(Table2614[[#This Row],[1]:[11]])-COUNTBLANK(Table2614[[#This Row],[1]:[11]])-1)))} | AE19: {=IF(Table2614[[#This Row],[7]]="","",Table2614[[#This Row],[Weight]:[Weight]]-(Table2614[[#This Row],[Weight]:[Weight]]*((_xlfn.XMATCH(Table2614[[#This Row],[7]],Table2614[[#This Row],[1]:[11]],0))-1)/(COUNTA(Table2614[[#This Row],[1]:[11]])-COUNTBLANK(Table2614[[#This Row],[1]:[11]])-1)))} | AF19: {=IF(Table2614[[#This Row],[8]]="","",Table2614[[#This Row],[Weight]:[Weight]]-(Table2614[[#This Row],[Weight]:[Weight]]*((_xlfn.XMATCH(Table2614[[#This Row],[8]],Table2614[[#This Row],[1]:[11]],0))-1)/(COUNTA(Table2614[[#This Row],[1]:[11]])-COUNTBLANK(Table2614[[#This Row],[1]:[11]])-1)))} | AG19: {=IF(Table2614[[#This Row],[9]]="","",Table2614[[#This Row],[Weight]:[Weight]]-(Table2614[[#This Row],[Weight]:[Weight]]*((_xlfn.XMATCH(Table2614[[#This Row],[9]],Table2614[[#This Row],[1]:[11]],0))-1)/(COUNTA(Table2614[[#This Row],[1]:[11]])-COUNTBLANK(Table2614[[#This Row],[1]:[11]])-1)))} | AH19: {=IF(Table2614[[#This Row],[10]]="","",Table2614[[#This Row],[Weight]:[Weight]]-(Table2614[[#This Row],[Weight]:[Weight]]*((_xlfn.XMATCH(Table2614[[#This Row],[10]],Table2614[[#This Row],[1]:[11]],0))-1)/(COUNTA(Table2614[[#This Row],[1]:[11]])-COUNTBLANK(Table2614[[#This Row],[1]:[11]])-1)))} | AI19: {=IF(Table2614[[#This Row],[11]]="","",Table2614[[#This Row],[Weight]:[Weight]]-(Table2614[[#This Row],[Weight]:[Weight]]*((_xlfn.XMATCH(Table2614[[#This Row],[11]],Table2614[[#This Row],[1]:[11]],0))-1)/(COUNTA(Table2614[[#This Row],[1]:[11]])-COUNTBLANK(Table2614[[#This Row],[1]:[11]])-1)))}
A20: 8 | B20: Provide details of successful implementations of a solution of similar nature and complexity within the past 1 to 5 years. | C20: Provide reference letter(s) from the companies where the solutions were successfully implemented. Indicate the following in the reference letter: 1. Company name 2. Referee Details 3. Company Industry 4. Company size (employees and revenue) 5. Number of users 6. Size of the implementation team from your company (indicate numbers per roles) 7. Data Migration KPIs achieved 8. Implementation timelines and milestones | F20: Show stopper | G20: {=_xlfn.IFS(F20="","",F20="No interest",0,F20="Nice to have",1,F20="Useful",2,F20="Important",3,F20="Very important",4,F20="Critical",5,F20="Show stopper",6)} -> 6 | H20: =(G20/$G$11)*$F$11 -> 0.045454545 | I20: 100%: 5 valid company reference letters > 1000 employees utility industry and or public sector > 1000 users implementation scope (procurement management sourcing supplier performance management spend management contract lifecycle management), 75%: 4 valid company reference letters > 1000 employees other industry (i.e. nonutility or public sector) > 1000 users implementation scope (procurement management sourcing supplier performance management spend management contract lifecycle management), 50%: 3 valid company reference letters 1 to 1000 employees utility and or public sector 1 to 1000 users implementation scope (procurement management sourcing supplier performance management spend management contract lifecycle management), 25%: 1 to 2 valid company reference letters 1 to 1000 employees other industries (i.e. nonutility or public sector) 1 to 1000 users implementation scope (procurement management sourcing supplier performance management spend contract lifecycle management), 0%: no valid company reference letters or <3 companies implementation of similar scope or not all in scope implemented | J20: {=_xlfn.TEXTJOIN(","&CHAR(10),,TEXT(Table2614[[#This Row],[12]:[22]],"0,00%"))} -> 0,05%, 0,03%, 0,02%, 0,01%, 0,00% | L20: =H20-(H20*((MATCH(Table2614[[#This Row],[Evaluators Response (SELECT)]],Table2614[[#This Row],[1]:[11]],0)-1)/(COUNTA(Table2614[[#This Row],[1]:[11]])-COUNTBLANK(Table2614[[#This Row],[1]:[11]])-1))) -> #N/A | N20: {=IFERROR(INDEX(_xlfn.UNIQUE(TRIM(_xlfn.TEXTSPLIT(Table2614[[#This Row],[Selection Options]:[Selection Options]],","))),,N$11),"")} -> 100%: 5 valid company reference letters > 1000 employees utility industry and or public sector > 1000 users implementation scope (procurement management sourcing supplier performance management spend management contract lifecycle management) | O20: {=IFERROR(INDEX(_xlfn.UNIQUE(TRIM(_xlfn.TEXTSPLIT(Table2614[[#This Row],[Selection Options]:[Selection Options]],","))),,O$11),"")} -> 75%: 4 valid company reference letters > 1000 employees other industry (i.e. nonutility or public sector) > 1000 users implementation scope (procurement management sourcing supplier performance management spend management contract lifecycle management) | P20: {=IFERROR(INDEX(_xlfn.UNIQUE(TRIM(_xlfn.TEXTSPLIT(Table2614[[#This Row],[Selection Options]:[Selection Options]],","))),,P$11),"")} -> 50%: 3 valid company reference letters 1 to 1000 employees utility and or public sector 1 to 1000 users implementation scope (procurement management sourcing supplier performance management spend management contract lifecycle management) | Q20: {=IFERROR(INDEX(_xlfn.UNIQUE(TRIM(_xlfn.TEXTSPLIT(Table2614[[#This Row],[Selection Options]:[Selection Options]],","))),,Q$11),"")} -> 25%: 1 to 2 valid company reference letters 1 to 1000 employees other industries (i.e. nonutility or public sector) 1 to 1000 users implementation scope (procurement management sourcing supplier performance management spend contract lifecycle management) | R20: {=IFERROR(INDEX(_xlfn.UNIQUE(TRIM(_xlfn.TEXTSPLIT(Table2614[[#This Row],[Selection Options]:[Selection Options]],","))),,R$11),"")} -> 0%: no valid company reference letters or <3 companies implementation of similar scope or not all in scope implemented | S20: {=IFERROR(INDEX(_xlfn.UNIQUE(TRIM(_xlfn.TEXTSPLIT(Table2614[[#This Row],[Selection Options]:[Selection Options]],","))),,S$11),"")} | T20: {=IFERROR(INDEX(_xlfn.UNIQUE(TRIM(_xlfn.TEXTSPLIT(Table2614[[#This Row],[Selection Options]:[Selection Options]],","))),,T$11),"")} | U20: {=IFERROR(INDEX(_xlfn.UNIQUE(TRIM(_xlfn.TEXTSPLIT(Table2614[[#This Row],[Selection Options]:[Selection Options]],","))),,U$11),"")} | ... X20: {=IFERROR(INDEX(_xlfn.UNIQUE(TRIM(_xlfn.TEXTSPLIT(Table2614[[#This Row],[Selection Options]:[Selection Options]],","))),,X$11),"")} | Y20: {=IF(Table2614[[#This Row],[1]]="","",Table2614[[#This Row],[Weight]:[Weight]]-(Table2614[[#This Row],[Weight]:[Weight]]*((_xlfn.XMATCH(Table2614[[#This Row],[1]],Table2614[[#This Row],[1]:[11]],0))-1)/(COUNTA(Table2614[[#This Row],[1]:[11]])-COUNTBLANK(Table2614[[#This Row],[1]:[11]])-1)))} -> 0.045454545 | Z20: {=IF(Table2614[[#This Row],[2]]="","",Table2614[[#This Row],[Weight]:[Weight]]-(Table2614[[#This Row],[Weight]:[Weight]]*((_xlfn.XMATCH(Table2614[[#This Row],[2]],Table2614[[#This Row],[1]:[11]],0))-1)/(COUNTA(Table2614[[#This Row],[1]:[11]])-COUNTBLANK(Table2614[[#This Row],[1]:[11]])-1)))} -> 0.034090909 | AA20: {=IF(Table2614[[#This Row],[3]]="","",Table2614[[#This Row],[Weight]:[Weight]]-(Table2614[[#This Row],[Weight]:[Weight]]*((_xlfn.XMATCH(Table2614[[#This Row],[3]],Table2614[[#This Row],[1]:[11]],0))-1)/(COUNTA(Table2614[[#This Row],[1]:[11]])-COUNTBLANK(Table2614[[#This Row],[1]:[11]])-1)))} -> 0.022727273 | AB20: {=IF(Table2614[[#This Row],[4]]="","",Table2614[[#This Row],[Weight]:[Weight]]-(Table2614[[#This Row],[Weight]:[Weight]]*((_xlfn.XMATCH(Table2614[[#This Row],[4]],Table2614[[#This Row],[1]:[11]],0))-1)/(COUNTA(Table2614[[#This Row],[1]:[11]])-COUNTBLANK(Table2614[[#This Row],[1]:[11]])-1)))} -> 0.011363636 | AC20: {=IF(Table2614[[#This Row],[5]]="","",Table2614[[#This Row],[Weight]:[Weight]]-(Table2614[[#This Row],[Weight]:[Weight]]*((_xlfn.XMATCH(Table2614[[#This Row],[5]],Table2614[[#This Row],[1]:[11]],0))-1)/(COUNTA(Table2614[[#This Row],[1]:[11]])-COUNTBLANK(Table2614[[#This Row],[1]:[11]])-1)))} -> 0 | AD20: {=IF(Table2614[[#This Row],[6]]="","",Table2614[[#This Row],[Weight]:[Weight]]-(Table2614[[#This Row],[Weight]:[Weight]]*((_xlfn.XMATCH(Table2614[[#This Row],[6]],Table2614[[#This Row],[1]:[11]],0))-1)/(COUNTA(Table2614[[#This Row],[1]:[11]])-COUNTBLANK(Table2614[[#This Row],[1]:[11]])-1)))} | AE20: {=IF(Table2614[[#This Row],[7]]="","",Table2614[[#This Row],[Weight]:[Weight]]-(Table2614[[#This Row],[Weight]:[Weight]]*((_xlfn.XMATCH(Table2614[[#This Row],[7]],Table2614[[#This Row],[1]:[11]],0))-1)/(COUNTA(Table2614[[#This Row],[1]:[11]])-COUNTBLANK(Table2614[[#This Row],[1]:[11]])-1)))} | AF20: {=IF(Table2614[[#This Row],[8]]="","",Table2614[[#This Row],[Weight]:[Weight]]-(Table2614[[#This Row],[Weight]:[Weight]]*((_xlfn.XMATCH(Table2614[[#This Row],[8]],Table2614[[#This Row],[1]:[11]],0))-1)/(COUNTA(Table2614[[#This Row],[1]:[11]])-COUNTBLANK(Table2614[[#This Row],[1]:[11]])-1)))} | AG20: {=IF(Table2614[[#This Row],[9]]="","",Table2614[[#This Row],[Weight]:[Weight]]-(Table2614[[#This Row],[Weight]:[Weight]]*((_xlfn.XMATCH(Table2614[[#This Row],[9]],Table2614[[#This Row],[1]:[11]],0))-1)/(COUNTA(Table2614[[#This Row],[1]:[11]])-COUNTBLANK(Table2614[[#This Row],[1]:[11]])-1)))} | AH20: {=IF(Table2614[[#This Row],[10]]="","",Table2614[[#This Row],[Weight]:[Weight]]-(Table2614[[#This Row],[Weight]:[Weight]]*((_xlfn.XMATCH(Table2614[[#This Row],[10]],Table2614[[#This Row],[1]:[11]],0))-1)/(COUNTA(Table2614[[#This Row],[1]:[11]])-COUNTBLANK(Table2614[[#This Row],[1]:[11]])-1)))} | AI20: {=IF(Table2614[[#This Row],[11]]="","",Table2614[[#This Row],[Weight]:[Weight]]-(Table2614[[#This Row],[Weight]:[Weight]]*((_xlfn.XMATCH(Table2614[[#This Row],[11]],Table2614[[#This Row],[1]:[11]],0))-1)/(COUNTA(Table2614[[#This Row],[1]:[11]])-COUNTBLANK(Table2614[[#This Row],[1]:[11]])-1)))}
A21: 9 | B21: Provide a detailed account of key challenges encountered during the implementation of similar solutions at referenced sites within the past 1 to 5 years | C21: Provide customer testimonials (in Annexure B) for each of the referenced sites rating the following from 1 to 10, 1 being the lowest and 10 the highest favourable rating: 1. Project implementation expertise. 2. Ability to scale resources in real-time when required 3. Proactivity, accountability and collaboration in resolving issues timeously 4. Adherence to governance and regulatory requirements | F21: Show stopper | G21: {=_xlfn.IFS(F21="","",F21="No interest",0,F21="Nice to have",1,F21="Useful",2,F21="Important",3,F21="Very important",4,F21="Critical",5,F21="Show stopper",6)} -> 6 | H21: =(G21/$G$11)*$F$11 -> 0.045454545 | I21: 100%: The average of dimension 1 to 4 >= 7 for 5 companies with valid references, 75%: The average of dimension 1 to 4 >= 7 for 4 companies with valid references, 50%: The average of dimension 1 to 4 >= 7 for 3 companies with valid references, 25%: The average of dimension 1 to 4 >= 7 for 2 companies with valid references, 0%: The average of dimension 1 to 4 < 7 for 3 or more companies with valid references or no data provided | J21: {=_xlfn.TEXTJOIN(","&CHAR(10),,TEXT(Table2614[[#This Row],[12]:[22]],"0,00%"))} -> 0,05%, 0,03%, 0,02%, 0,01%, 0,00% | L21: =H21-(H21*((MATCH(Table2614[[#This Row],[Evaluators Response (SELECT)]],Table2614[[#This Row],[1]:[11]],0)-1)/(COUNTA(Table2614[[#This Row],[1]:[11]])-COUNTBLANK(Table2614[[#This Row],[1]:[11]])-1))) -> #N/A | N21: {=IFERROR(INDEX(_xlfn.UNIQUE(TRIM(_xlfn.TEXTSPLIT(Table2614[[#This Row],[Selection Options]:[Selection Options]],","))),,N$11),"")} -> 100%: The average of dimension 1 to 4 >= 7 for 5 companies with valid references | O21: {=IFERROR(INDEX(_xlfn.UNIQUE(TRIM(_xlfn.TEXTSPLIT(Table2614[[#This Row],[Selection Options]:[Selection Options]],","))),,O$11),"")} -> 75%: The average of dimension 1 to 4 >= 7 for 4 companies with valid references | P21: {=IFERROR(INDEX(_xlfn.UNIQUE(TRIM(_xlfn.TEXTSPLIT(Table2614[[#This Row],[Selection Options]:[Selection Options]],","))),,P$11),"")} -> 50%: The average of dimension 1 to 4 >= 7 for 3 companies with valid references | Q21: {=IFERROR(INDEX(_xlfn.UNIQUE(TRIM(_xlfn.TEXTSPLIT(Table2614[[#This Row],[Selection Options]:[Selection Options]],","))),,Q$11),"")} -> 25%: The average of dimension 1 to 4 >= 7 for 2 companies with valid references | R21: {=IFERROR(INDEX(_xlfn.UNIQUE(TRIM(_xlfn.TEXTSPLIT(Table2614[[#This Row],[Selection Options]:[Selection Options]],","))),,R$11),"")} -> 0%: The average of dimension 1 to 4 < 7 for 3 or more companies with valid references or no data provided | S21: {=IFERROR(INDEX(_xlfn.UNIQUE(TRIM(_xlfn.TEXTSPLIT(Table2614[[#This Row],[Selection Options]:[Selection Options]],","))),,S$11),"")} | T21: {=IFERROR(INDEX(_xlfn.UNIQUE(TRIM(_xlfn.TEXTSPLIT(Table2614[[#This Row],[Selection Options]:[Selection Options]],","))),,T$11),"")} | U21: {=IFERROR(INDEX(_xlfn.UNIQUE(TRIM(_xlfn.TEXTSPLIT(Table2614[[#This Row],[Selection Options]:[Selection Options]],","))),,U$11),"")} | ... X21: {=IFERROR(INDEX(_xlfn.UNIQUE(TRIM(_xlfn.TEXTSPLIT(Table2614[[#This Row],[Selection Options]:[Selection Options]],","))),,X$11),"")} | Y21: {=IF(Table2614[[#This Row],[1]]="","",Table2614[[#This Row],[Weight]:[Weight]]-(Table2614[[#This Row],[Weight]:[Weight]]*((_xlfn.XMATCH(Table2614[[#This Row],[1]],Table2614[[#This Row],[1]:[11]],0))-1)/(COUNTA(Table2614[[#This Row],[1]:[11]])-COUNTBLANK(Table2614[[#This Row],[1]:[11]])-1)))} -> 0.045454545 | Z21: {=IF(Table2614[[#This Row],[2]]="","",Table2614[[#This Row],[Weight]:[Weight]]-(Table2614[[#This Row],[Weight]:[Weight]]*((_xlfn.XMATCH(Table2614[[#This Row],[2]],Table2614[[#This Row],[1]:[11]],0))-1)/(COUNTA(Table2614[[#This Row],[1]:[11]])-COUNTBLANK(Table2614[[#This Row],[1]:[11]])-1)))} -> 0.034090909 | AA21: {=IF(Table2614[[#This Row],[3]]="","",Table2614[[#This Row],[Weight]:[Weight]]-(Table2614[[#This Row],[Weight]:[Weight]]*((_xlfn.XMATCH(Table2614[[#This Row],[3]],Table2614[[#This Row],[1]:[11]],0))-1)/(COUNTA(Table2614[[#This Row],[1]:[11]])-COUNTBLANK(Table2614[[#This Row],[1]:[11]])-1)))} -> 0.022727273 | AB21: {=IF(Table2614[[#This Row],[4]]="","",Table2614[[#This Row],[Weight]:[Weight]]-(Table2614[[#This Row],[Weight]:[Weight]]*((_xlfn.XMATCH(Table2614[[#This Row],[4]],Table2614[[#This Row],[1]:[11]],0))-1)/(COUNTA(Table2614[[#This Row],[1]:[11]])-COUNTBLANK(Table2614[[#This Row],[1]:[11]])-1)))} -> 0.011363636 | AC21: {=IF(Table2614[[#This Row],[5]]="","",Table2614[[#This Row],[Weight]:[Weight]]-(Table2614[[#This Row],[Weight]:[Weight]]*((_xlfn.XMATCH(Table2614[[#This Row],[5]],Table2614[[#This Row],[1]:[11]],0))-1)/(COUNTA(Table2614[[#This Row],[1]:[11]])-COUNTBLANK(Table2614[[#This Row],[1]:[11]])-1)))} -> 0 | AD21: {=IF(Table2614[[#This Row],[6]]="","",Table2614[[#This Row],[Weight]:[Weight]]-(Table2614[[#This Row],[Weight]:[Weight]]*((_xlfn.XMATCH(Table2614[[#This Row],[6]],Table2614[[#This Row],[1]:[11]],0))-1)/(COUNTA(Table2614[[#This Row],[1]:[11]])-COUNTBLANK(Table2614[[#This Row],[1]:[11]])-1)))} | AE21: {=IF(Table2614[[#This Row],[7]]="","",Table2614[[#This Row],[Weight]:[Weight]]-(Table2614[[#This Row],[Weight]:[Weight]]*((_xlfn.XMATCH(Table2614[[#This Row],[7]],Table2614[[#This Row],[1]:[11]],0))-1)/(COUNTA(Table2614[[#This Row],[1]:[11]])-COUNTBLANK(Table2614[[#This Row],[1]:[11]])-1)))} | AF21: {=IF(Table2614[[#This Row],[8]]="","",Table2614[[#This Row],[Weight]:[Weight]]-(Table2614[[#This Row],[Weight]:[Weight]]*((_xlfn.XMATCH(Table2614[[#This Row],[8]],Table2614[[#This Row],[1]:[11]],0))-1)/(COUNTA(Table2614[[#This Row],[1]:[11]])-COUNTBLANK(Table2614[[#This Row],[1]:[11]])-1)))} | AG21: {=IF(Table2614[[#This Row],[9]]="","",Table2614[[#This Row],[Weight]:[Weight]]-(Table2614[[#This Row],[Weight]:[Weight]]*((_xlfn.XMATCH(Table2614[[#This Row],[9]],Table2614[[#This Row],[1]:[11]],0))-1)/(COUNTA(Table2614[[#This Row],[1]:[11]])-COUNTBLANK(Table2614[[#This Row],[1]:[11]])-1)))} | AH21: {=IF(Table2614[[#This Row],[10]]="","",Table2614[[#This Row],[Weight]:[Weight]]-(Table2614[[#This Row],[Weight]:[Weight]]*((_xlfn.XMATCH(Table2614[[#This Row],[10]],Table2614[[#This Row],[1]:[11]],0))-1)/(COUNTA(Table2614[[#This Row],[1]:[11]])-COUNTBLANK(Table2614[[#This Row],[1]:[11]])-1)))} | AI21: {=IF(Table2614[[#This Row],[11]]="","",Table2614[[#This Row],[Weight]:[Weight]]-(Table2614[[#This Row],[Weight]:[Weight]]*((_xlfn.XMATCH(Table2614[[#This Row],[11]],Table2614[[#This Row],[1]:[11]],0))-1)/(COUNTA(Table2614[[#This Row],[1]:[11]])-COUNTBLANK(Table2614[[#This Row],[1]:[11]])-1)))}
A22: 10 | B22: Provide a proposed implementation plan to be used and the phases included in the methodology in line with the delivery of this project. | C22: Provide a proposed implementation plan (in Annexure A) for the solution which includes: 1. Delivery approach (for optimized time delivery) including estimated timelines for each milestone 2. Work breakdown structure for the following deliverables: - Analysis & Design, - Build & Unit testing - Training, - Deployment , - Data Migration, and - Stabilisation 3. Resource allocation (this should indicate ramp up requirements in case of the need to fast track delivery should this be required) | F22: Show stopper | G22: {=_xlfn.IFS(F22="","",F22="No interest",0,F22="Nice to have",1,F22="Useful",2,F22="Important",3,F22="Very important",4,F22="Critical",5,F22="Show stopper",6)} -> 6 | H22: =(G22/$G$11)*$F$11 -> 0.045454545 | I22: 100%: Accelerated implementation plan with timelines of not more than 12 months for all phases a phased approach aimed at exposing priority functionality first legal separation clearly defined resource allocation and ramp up per milestone, 75%: Implementation plan with timelines between 12 and 15 months for all phases a phased approach aimed at exposing priority functionality first legal separation clearly defined resource allocation and ramp up per milestone, 50%: Implementation plan with timelines between 15 and 18 months for all phases a phased approach aimed at exposing priority functionality first legal separation clearly defined resource allocation and ramp up per milestone, 0%: Implementation plan with timelines beyond 18 months for all phases a phased approach aimed at exposing priority functionality first legal separation clearly defined resource allocation and ramp up per milestone, | J22: {=_xlfn.TEXTJOIN(","&CHAR(10),,TEXT(Table2614[[#This Row],[12]:[22]],"0,00%"))} -> 0,05%, 0,03%, 0,02%, 0,00% | L22: =H22-(H22*((MATCH(Table2614[[#This Row],[Evaluators Response (SELECT)]],Table2614[[#This Row],[1]:[11]],0)-1)/(COUNTA(Table2614[[#This Row],[1]:[11]])-COUNTBLANK(Table2614[[#This Row],[1]:[11]])-1))) -> #N/A | N22: {=IFERROR(INDEX(_xlfn.UNIQUE(TRIM(_xlfn.TEXTSPLIT(Table2614[[#This Row],[Selection Options]:[Selection Options]],","))),,N$11),"")} -> 100%: Accelerated implementation plan with timelines of not more than 12 months for all phases a phased approach aimed at exposing priority functionality first legal separation clearly defined resource allocation and ramp up per milestone | O22: {=IFERROR(INDEX(_xlfn.UNIQUE(TRIM(_xlfn.TEXTSPLIT(Table2614[[#This Row],[Selection Options]:[Selection Options]],","))),,O$11),"")} -> 75%: Implementation plan with timelines between 12 and 15 months for all phases a phased approach aimed at exposing priority functionality first legal separation clearly defined resource allocation and ramp up per milestone | P22: {=IFERROR(INDEX(_xlfn.UNIQUE(TRIM(_xlfn.TEXTSPLIT(Table2614[[#This Row],[Selection Options]:[Selection Options]],","))),,P$11),"")} -> 50%: Implementation plan with timelines between 15 and 18 months for all phases a phased approach aimed at exposing priority functionality first legal separation clearly defined resource allocation and ramp up per milestone | Q22: {=IFERROR(INDEX(_xlfn.UNIQUE(TRIM(_xlfn.TEXTSPLIT(Table2614[[#This Row],[Selection Options]:[Selection Options]],","))),,Q$11),"")} -> 0%: Implementation plan with timelines beyond 18 months for all phases a phased approach aimed at exposing priority functionality first legal separation clearly defined resource allocation and ramp up per milestone | R22: {=IFERROR(INDEX(_xlfn.UNIQUE(TRIM(_xlfn.TEXTSPLIT(Table2614[[#This Row],[Selection Options]:[Selection Options]],","))),,R$11),"")} | S22: {=IFERROR(INDEX(_xlfn.UNIQUE(TRIM(_xlfn.TEXTSPLIT(Table2614[[#This Row],[Selection Options]:[Selection Options]],","))),,S$11),"")} | T22: {=IFERROR(INDEX(_xlfn.UNIQUE(TRIM(_xlfn.TEXTSPLIT(Table2614[[#This Row],[Selection Options]:[Selection Options]],","))),,T$11),"")} | U22: {=IFERROR(INDEX(_xlfn.UNIQUE(TRIM(_xlfn.TEXTSPLIT(Table2614[[#This Row],[Selection Options]:[Selection Options]],","))),,U$11),"")} | ... X22: {=IFERROR(INDEX(_xlfn.UNIQUE(TRIM(_xlfn.TEXTSPLIT(Table2614[[#This Row],[Selection Options]:[Selection Options]],","))),,X$11),"")} | Y22: {=IF(Table2614[[#This Row],[1]]="","",Table2614[[#This Row],[Weight]:[Weight]]-(Table2614[[#This Row],[Weight]:[Weight]]*((_xlfn.XMATCH(Table2614[[#This Row],[1]],Table2614[[#This Row],[1]:[11]],0))-1)/(COUNTA(Table2614[[#This Row],[1]:[11]])-COUNTBLANK(Table2614[[#This Row],[1]:[11]])-1)))} -> 0.045454545 | Z22: {=IF(Table2614[[#This Row],[2]]="","",Table2614[[#This Row],[Weight]:[Weight]]-(Table2614[[#This Row],[Weight]:[Weight]]*((_xlfn.XMATCH(Table2614[[#This Row],[2]],Table2614[[#This Row],[1]:[11]],0))-1)/(COUNTA(Table2614[[#This Row],[1]:[11]])-COUNTBLANK(Table2614[[#This Row],[1]:[11]])-1)))} -> 0.03030303 | AA22: {=IF(Table2614[[#This Row],[3]]="","",Table2614[[#This Row],[Weight]:[Weight]]-(Table2614[[#This Row],[Weight]:[Weight]]*((_xlfn.XMATCH(Table2614[[#This Row],[3]],Table2614[[#This Row],[1]:[11]],0))-1)/(COUNTA(Table2614[[#This Row],[1]:[11]])-COUNTBLANK(Table2614[[#This Row],[1]:[11]])-1)))} -> 0.015151515 | AB22: {=IF(Table2614[[#This Row],[4]]="","",Table2614[[#This Row],[Weight]:[Weight]]-(Table2614[[#This Row],[Weight]:[Weight]]*((_xlfn.XMATCH(Table2614[[#This Row],[4]],Table2614[[#This Row],[1]:[11]],0))-1)/(COUNTA(Table2614[[#This Row],[1]:[11]])-COUNTBLANK(Table2614[[#This Row],[1]:[11]])-1)))} -> 6.9388939e-18 | AC22: {=IF(Table2614[[#This Row],[5]]="","",Table2614[[#This Row],[Weight]:[Weight]]-(Table2614[[#This Row],[Weight]:[Weight]]*((_xlfn.XMATCH(Table2614[[#This Row],[5]],Table2614[[#This Row],[1]:[11]],0))-1)/(COUNTA(Table2614[[#This Row],[1]:[11]])-COUNTBLANK(Table2614[[#This Row],[1]:[11]])-1)))} | AD22: {=IF(Table2614[[#This Row],[6]]="","",Table2614[[#This Row],[Weight]:[Weight]]-(Table2614[[#This Row],[Weight]:[Weight]]*((_xlfn.XMATCH(Table2614[[#This Row],[6]],Table2614[[#This Row],[1]:[11]],0))-1)/(COUNTA(Table2614[[#This Row],[1]:[11]])-COUNTBLANK(Table2614[[#This Row],[1]:[11]])-1)))} | AE22: {=IF(Table2614[[#This Row],[7]]="","",Table2614[[#This Row],[Weight]:[Weight]]-(Table2614[[#This Row],[Weight]:[Weight]]*((_xlfn.XMATCH(Table2614[[#This Row],[7]],Table2614[[#This Row],[1]:[11]],0))-1)/(COUNTA(Table2614[[#This Row],[1]:[11]])-COUNTBLANK(Table2614[[#This Row],[1]:[11]])-1)))} | AF22: {=IF(Table2614[[#This Row],[8]]="","",Table2614[[#This Row],[Weight]:[Weight]]-(Table2614[[#This Row],[Weight]:[Weight]]*((_xlfn.XMATCH(Table2614[[#This Row],[8]],Table2614[[#This Row],[1]:[11]],0))-1)/(COUNTA(Table2614[[#This Row],[1]:[11]])-COUNTBLANK(Table2614[[#This Row],[1]:[11]])-1)))} | AG22: {=IF(Table2614[[#This Row],[9]]="","",Table2614[[#This Row],[Weight]:[Weight]]-(Table2614[[#This Row],[Weight]:[Weight]]*((_xlfn.XMATCH(Table2614[[#This Row],[9]],Table2614[[#This Row],[1]:[11]],0))-1)/(COUNTA(Table2614[[#This Row],[1]:[11]])-COUNTBLANK(Table2614[[#This Row],[1]:[11]])-1)))} | AH22: {=IF(Table2614[[#This Row],[10]]="","",Table2614[[#This Row],[Weight]:[Weight]]-(Table2614[[#This Row],[Weight]:[Weight]]*((_xlfn.XMATCH(Table2614[[#This Row],[10]],Table2614[[#This Row],[1]:[11]],0))-1)/(COUNTA(Table2614[[#This Row],[1]:[11]])-COUNTBLANK(Table2614[[#This Row],[1]:[11]])-1)))} | AI22: {=IF(Table2614[[#This Row],[11]]="","",Table2614[[#This Row],[Weight]:[Weight]]-(Table2614[[#This Row],[Weight]:[Weight]]*((_xlfn.XMATCH(Table2614[[#This Row],[11]],Table2614[[#This Row],[1]:[11]],0))-1)/(COUNTA(Table2614[[#This Row],[1]:[11]])-COUNTBLANK(Table2614[[#This Row],[1]:[11]])-1)))}
A23: 11 | B23: Provide a comprehensive user training approach as part of the solution implementation | C23: Provide a proposed user training approach (in Annexure A) for the solution during implementation that includes: 1. Training strategy and methodology 2. Training delivery methods 3. Content quality 4. User Group support (internal and external users 5. Post training support 6. Risk mitigation and contingency 7. Feeback and assessment | F23: Show stopper | G23: {=_xlfn.IFS(F23="","",F23="No interest",0,F23="Nice to have",1,F23="Useful",2,F23="Important",3,F23="Very important",4,F23="Critical",5,F23="Show stopper",6)} -> 6 | H23: =(G23/$G$11)*$F$11 -> 0.045454545 | I23: 100%: Training is delivered through various interactive methods (online trainer the trainer instructor led) aligned to project milestones with assessments and refresher courses ensuring knowledge transfer and tracking adoption, 75%: Training is delivered through limited methods (no online only trainer the trainer and instructor led) aligned to project milestones with assessments and refresher courses ensuring knowledge transfer and tracking adoption, 50%: Training is delivered through limited methods (e.g. no online only trainer the trainer and instructor led only) limited alignment with project milestones with assessments and limited to no refresher courses and knowledge transfer, 0%: Training is delivered through limited methods no alignment with project milestones no assessments and no refresher courses and knowledge transfer, | J23: {=_xlfn.TEXTJOIN(","&CHAR(10),,TEXT(Table2614[[#This Row],[12]:[22]],"0,00%"))} -> 0,05%, 0,03%, 0,02%, 0,00% | L23: =H23-(H23*((MATCH(Table2614[[#This Row],[Evaluators Response (SELECT)]],Table2614[[#This Row],[1]:[11]],0)-1)/(COUNTA(Table2614[[#This Row],[1]:[11]])-COUNTBLANK(Table2614[[#This Row],[1]:[11]])-1))) -> #N/A | N23: {=IFERROR(INDEX(_xlfn.UNIQUE(TRIM(_xlfn.TEXTSPLIT(Table2614[[#This Row],[Selection Options]:[Selection Options]],","))),,N$11),"")} -> 100%: Training is delivered through various interactive methods (online trainer the trainer instructor led) aligned to project milestones with assessments and refresher courses ensuring knowledge transfer and tracking adoption | O23: {=IFERROR(INDEX(_xlfn.UNIQUE(TRIM(_xlfn.TEXTSPLIT(Table2614[[#This Row],[Selection Options]:[Selection Options]],","))),,O$11),"")} -> 75%: Training is delivered through limited methods (no online only trainer the trainer and instructor led) aligned to project milestones with assessments and refresher courses ensuring knowledge transfer and tracking adoption | P23: {=IFERROR(INDEX(_xlfn.UNIQUE(TRIM(_xlfn.TEXTSPLIT(Table2614[[#This Row],[Selection Options]:[Selection Options]],","))),,P$11),"")} -> 50%: Training is delivered through limited methods (e.g. no online only trainer the trainer and instructor led only) limited alignment with project milestones with assessments and limited to no refresher courses and knowledge transfer | Q23: {=IFERROR(INDEX(_xlfn.UNIQUE(TRIM(_xlfn.TEXTSPLIT(Table2614[[#This Row],[Selection Options]:[Selection Options]],","))),,Q$11),"")} -> 0%: Training is delivered through limited methods no alignment with project milestones no assessments and no refresher courses and knowledge transfer | R23: {=IFERROR(INDEX(_xlfn.UNIQUE(TRIM(_xlfn.TEXTSPLIT(Table2614[[#This Row],[Selection Options]:[Selection Options]],","))),,R$11),"")} | S23: {=IFERROR(INDEX(_xlfn.UNIQUE(TRIM(_xlfn.TEXTSPLIT(Table2614[[#This Row],[Selection Options]:[Selection Options]],","))),,S$11),"")} | T23: {=IFERROR(INDEX(_xlfn.UNIQUE(TRIM(_xlfn.TEXTSPLIT(Table2614[[#This Row],[Selection Options]:[Selection Options]],","))),,T$11),"")} | U23: {=IFERROR(INDEX(_xlfn.UNIQUE(TRIM(_xlfn.TEXTSPLIT(Table2614[[#This Row],[Selection Options]:[Selection Options]],","))),,U$11),"")} | ... X23: {=IFERROR(INDEX(_xlfn.UNIQUE(TRIM(_xlfn.TEXTSPLIT(Table2614[[#This Row],[Selection Options]:[Selection Options]],","))),,X$11),"")} | Y23: {=IF(Table2614[[#This Row],[1]]="","",Table2614[[#This Row],[Weight]:[Weight]]-(Table2614[[#This Row],[Weight]:[Weight]]*((_xlfn.XMATCH(Table2614[[#This Row],[1]],Table2614[[#This Row],[1]:[11]],0))-1)/(COUNTA(Table2614[[#This Row],[1]:[11]])-COUNTBLANK(Table2614[[#This Row],[1]:[11]])-1)))} -> 0.045454545 | Z23: {=IF(Table2614[[#This Row],[2]]="","",Table2614[[#This Row],[Weight]:[Weight]]-(Table2614[[#This Row],[Weight]:[Weight]]*((_xlfn.XMATCH(Table2614[[#This Row],[2]],Table2614[[#This Row],[1]:[11]],0))-1)/(COUNTA(Table2614[[#This Row],[1]:[11]])-COUNTBLANK(Table2614[[#This Row],[1]:[11]])-1)))} -> 0.03030303 | AA23: {=IF(Table2614[[#This Row],[3]]="","",Table2614[[#This Row],[Weight]:[Weight]]-(Table2614[[#This Row],[Weight]:[Weight]]*((_xlfn.XMATCH(Table2614[[#This Row],[3]],Table2614[[#This Row],[1]:[11]],0))-1)/(COUNTA(Table2614[[#This Row],[1]:[11]])-COUNTBLANK(Table2614[[#This Row],[1]:[11]])-1)))} -> 0.015151515 | AB23: {=IF(Table2614[[#This Row],[4]]="","",Table2614[[#This Row],[Weight]:[Weight]]-(Table2614[[#This Row],[Weight]:[Weight]]*((_xlfn.XMATCH(Table2614[[#This Row],[4]],Table2614[[#This Row],[1]:[11]],0))-1)/(COUNTA(Table2614[[#This Row],[1]:[11]])-COUNTBLANK(Table2614[[#This Row],[1]:[11]])-1)))} -> 6.9388939e-18 | AC23: {=IF(Table2614[[#This Row],[5]]="","",Table2614[[#This Row],[Weight]:[Weight]]-(Table2614[[#This Row],[Weight]:[Weight]]*((_xlfn.XMATCH(Table2614[[#This Row],[5]],Table2614[[#This Row],[1]:[11]],0))-1)/(COUNTA(Table2614[[#This Row],[1]:[11]])-COUNTBLANK(Table2614[[#This Row],[1]:[11]])-1)))} | AD23: {=IF(Table2614[[#This Row],[6]]="","",Table2614[[#This Row],[Weight]:[Weight]]-(Table2614[[#This Row],[Weight]:[Weight]]*((_xlfn.XMATCH(Table2614[[#This Row],[6]],Table2614[[#This Row],[1]:[11]],0))-1)/(COUNTA(Table2614[[#This Row],[1]:[11]])-COUNTBLANK(Table2614[[#This Row],[1]:[11]])-1)))} | AE23: {=IF(Table2614[[#This Row],[7]]="","",Table2614[[#This Row],[Weight]:[Weight]]-(Table2614[[#This Row],[Weight]:[Weight]]*((_xlfn.XMATCH(Table2614[[#This Row],[7]],Table2614[[#This Row],[1]:[11]],0))-1)/(COUNTA(Table2614[[#This Row],[1]:[11]])-COUNTBLANK(Table2614[[#This Row],[1]:[11]])-1)))} | AF23: {=IF(Table2614[[#This Row],[8]]="","",Table2614[[#This Row],[Weight]:[Weight]]-(Table2614[[#This Row],[Weight]:[Weight]]*((_xlfn.XMATCH(Table2614[[#This Row],[8]],Table2614[[#This Row],[1]:[11]],0))-1)/(COUNTA(Table2614[[#This Row],[1]:[11]])-COUNTBLANK(Table2614[[#This Row],[1]:[11]])-1)))} | AG23: {=IF(Table2614[[#This Row],[9]]="","",Table2614[[#This Row],[Weight]:[Weight]]-(Table2614[[#This Row],[Weight]:[Weight]]*((_xlfn.XMATCH(Table2614[[#This Row],[9]],Table2614[[#This Row],[1]:[11]],0))-1)/(COUNTA(Table2614[[#This Row],[1]:[11]])-COUNTBLANK(Table2614[[#This Row],[1]:[11]])-1)))} | AH23: {=IF(Table2614[[#This Row],[10]]="","",Table2614[[#This Row],[Weight]:[Weight]]-(Table2614[[#This Row],[Weight]:[Weight]]*((_xlfn.XMATCH(Table2614[[#This Row],[10]],Table2614[[#This Row],[1]:[11]],0))-1)/(COUNTA(Table2614[[#This Row],[1]:[11]])-COUNTBLANK(Table2614[[#This Row],[1]:[11]])-1)))} | AI23: {=IF(Table2614[[#This Row],[11]]="","",Table2614[[#This Row],[Weight]:[Weight]]-(Table2614[[#This Row],[Weight]:[Weight]]*((_xlfn.XMATCH(Table2614[[#This Row],[11]],Table2614[[#This Row],[1]:[11]],0))-1)/(COUNTA(Table2614[[#This Row],[1]:[11]])-COUNTBLANK(Table2614[[#This Row],[1]:[11]])-1)))}
A24: 12 | B24: Provide a detailed proposal for the ongoing maintenance and support of the solution. | C24: Provide details of your proposal (in annexure A) for the maintenance and support of the solution indicating the following: 1. Support Services (SLA uptime and commitments, response times, guaranteed uptime and penalty clauses ) 2. Support model and availability ( Service desk availability, tiered support levels, local presence and escalation procedures) 3. Maintenance Services ( scope and frequency of updates, feature enhancements in(ex)clouded, compatibility management 4. Incident and Problem Management (real-time visibility of issue resolution status, root cause analysis mechanisms, indicate resolution metrices MTTRepair and Resolve) 5. Data Recovery and Business Continuity ( automated regular backups, system restoration times, system redundancy to prevent downtime, DR plan and frequency of testing) 6. Scalability and support (ability for support services to handle increases in the number of users and suppliers using the platform) 7. Reference and track record (demonstrate proven track record of providing reliable support and maintenance services for similar projects) | F24: Show stopper | G24: {=_xlfn.IFS(F24="","",F24="No interest",0,F24="Nice to have",1,F24="Useful",2,F24="Important",3,F24="Very important",4,F24="Critical",5,F24="Show stopper",6)} -> 6 | H24: =(G24/$G$11)*$F$11 -> 0.045454545 | I24: 100%: SLA uptime exceeds 99% with penalty clauses in contract Automated backups defined restoration times system redundancy and a tested disaster recovery plan Service desk available locally with over five years of SaaS support for similar projects, 50%: SLA uptime exceeds 99% with penalty clauses in contract Automated backups defined restoration times system redundancy and a tested disaster recovery plan 3 to 5 years of SaaS support for similar projects, 0%: SLA uptime exceeds 99% with penalty clauses in contract Automated backups defined restoration times system redundancy and a tested disaster recovery plan less than3 years of SaaS support for similar projects, | J24: {=_xlfn.TEXTJOIN(","&CHAR(10),,TEXT(Table2614[[#This Row],[12]:[22]],"0,00%"))} -> 0,05%, 0,02%, 0,00% | L24: =H24-(H24*((MATCH(Table2614[[#This Row],[Evaluators Response (SELECT)]],Table2614[[#This Row],[1]:[11]],0)-1)/(COUNTA(Table2614[[#This Row],[1]:[11]])-COUNTBLANK(Table2614[[#This Row],[1]:[11]])-1))) -> #N/A | N24: {=IFERROR(INDEX(_xlfn.UNIQUE(TRIM(_xlfn.TEXTSPLIT(Table2614[[#This Row],[Selection Options]:[Selection Options]],","))),,N$11),"")} -> 100%: SLA uptime exceeds 99% with penalty clauses in contract Automated backups defined restoration times system redundancy and a tested disaster recovery plan Service desk available locally with over five years of SaaS support for similar projects | O24: {=IFERROR(INDEX(_xlfn.UNIQUE(TRIM(_xlfn.TEXTSPLIT(Table2614[[#This Row],[Selection Options]:[Selection Options]],","))),,O$11),"")} -> 50%: SLA uptime exceeds 99% with penalty clauses in contract Automated backups defined restoration times system redundancy and a tested disaster recovery plan 3 to 5 years of SaaS support for similar projects | P24: {=IFERROR(INDEX(_xlfn.UNIQUE(TRIM(_xlfn.TEXTSPLIT(Table2614[[#This Row],[Selection Options]:[Selection Options]],","))),,P$11),"")} -> 0%: SLA uptime exceeds 99% with penalty clauses in contract Automated backups defined restoration times system redundancy and a tested disaster recovery plan less than3 years of SaaS support for similar projects | Q24: {=IFERROR(INDEX(_xlfn.UNIQUE(TRIM(_xlfn.TEXTSPLIT(Table2614[[#This Row],[Selection Options]:[Selection Options]],","))),,Q$11),"")} | R24: {=IFERROR(INDEX(_xlfn.UNIQUE(TRIM(_xlfn.TEXTSPLIT(Table2614[[#This Row],[Selection Options]:[Selection Options]],","))),,R$11),"")} | S24: {=IFERROR(INDEX(_xlfn.UNIQUE(TRIM(_xlfn.TEXTSPLIT(Table2614[[#This Row],[Selection Options]:[Selection Options]],","))),,S$11),"")} | T24: {=IFERROR(INDEX(_xlfn.UNIQUE(TRIM(_xlfn.TEXTSPLIT(Table2614[[#This Row],[Selection Options]:[Selection Options]],","))),,T$11),"")} | U24: {=IFERROR(INDEX(_xlfn.UNIQUE(TRIM(_xlfn.TEXTSPLIT(Table2614[[#This Row],[Selection Options]:[Selection Options]],","))),,U$11),"")} | ... X24: {=IFERROR(INDEX(_xlfn.UNIQUE(TRIM(_xlfn.TEXTSPLIT(Table2614[[#This Row],[Selection Options]:[Selection Options]],","))),,X$11),"")} | Y24: {=IF(Table2614[[#This Row],[1]]="","",Table2614[[#This Row],[Weight]:[Weight]]-(Table2614[[#This Row],[Weight]:[Weight]]*((_xlfn.XMATCH(Table2614[[#This Row],[1]],Table2614[[#This Row],[1]:[11]],0))-1)/(COUNTA(Table2614[[#This Row],[1]:[11]])-COUNTBLANK(Table2614[[#This Row],[1]:[11]])-1)))} -> 0.045454545 | Z24: {=IF(Table2614[[#This Row],[2]]="","",Table2614[[#This Row],[Weight]:[Weight]]-(Table2614[[#This Row],[Weight]:[Weight]]*((_xlfn.XMATCH(Table2614[[#This Row],[2]],Table2614[[#This Row],[1]:[11]],0))-1)/(COUNTA(Table2614[[#This Row],[1]:[11]])-COUNTBLANK(Table2614[[#This Row],[1]:[11]])-1)))} -> 0.022727273 | AA24: {=IF(Table2614[[#This Row],[3]]="","",Table2614[[#This Row],[Weight]:[Weight]]-(Table2614[[#This Row],[Weight]:[Weight]]*((_xlfn.XMATCH(Table2614[[#This Row],[3]],Table2614[[#This Row],[1]:[11]],0))-1)/(COUNTA(Table2614[[#This Row],[1]:[11]])-COUNTBLANK(Table2614[[#This Row],[1]:[11]])-1)))} -> 0 | AB24: {=IF(Table2614[[#This Row],[4]]="","",Table2614[[#This Row],[Weight]:[Weight]]-(Table2614[[#This Row],[Weight]:[Weight]]*((_xlfn.XMATCH(Table2614[[#This Row],[4]],Table2614[[#This Row],[1]:[11]],0))-1)/(COUNTA(Table2614[[#This Row],[1]:[11]])-COUNTBLANK(Table2614[[#This Row],[1]:[11]])-1)))} | AC24: {=IF(Table2614[[#This Row],[5]]="","",Table2614[[#This Row],[Weight]:[Weight]]-(Table2614[[#This Row],[Weight]:[Weight]]*((_xlfn.XMATCH(Table2614[[#This Row],[5]],Table2614[[#This Row],[1]:[11]],0))-1)/(COUNTA(Table2614[[#This Row],[1]:[11]])-COUNTBLANK(Table2614[[#This Row],[1]:[11]])-1)))} | AD24: {=IF(Table2614[[#This Row],[6]]="","",Table2614[[#This Row],[Weight]:[Weight]]-(Table2614[[#This Row],[Weight]:[Weight]]*((_xlfn.XMATCH(Table2614[[#This Row],[6]],Table2614[[#This Row],[1]:[11]],0))-1)/(COUNTA(Table2614[[#This Row],[1]:[11]])-COUNTBLANK(Table2614[[#This Row],[1]:[11]])-1)))} | AE24: {=IF(Table2614[[#This Row],[7]]="","",Table2614[[#This Row],[Weight]:[Weight]]-(Table2614[[#This Row],[Weight]:[Weight]]*((_xlfn.XMATCH(Table2614[[#This Row],[7]],Table2614[[#This Row],[1]:[11]],0))-1)/(COUNTA(Table2614[[#This Row],[1]:[11]])-COUNTBLANK(Table2614[[#This Row],[1]:[11]])-1)))} | AF24: {=IF(Table2614[[#This Row],[8]]="","",Table2614[[#This Row],[Weight]:[Weight]]-(Table2614[[#This Row],[Weight]:[Weight]]*((_xlfn.XMATCH(Table2614[[#This Row],[8]],Table2614[[#This Row],[1]:[11]],0))-1)/(COUNTA(Table2614[[#This Row],[1]:[11]])-COUNTBLANK(Table2614[[#This Row],[1]:[11]])-1)))} | AG24: {=IF(Table2614[[#This Row],[9]]="","",Table2614[[#This Row],[Weight]:[Weight]]-(Table2614[[#This Row],[Weight]:[Weight]]*((_xlfn.XMATCH(Table2614[[#This Row],[9]],Table2614[[#This Row],[1]:[11]],0))-1)/(COUNTA(Table2614[[#This Row],[1]:[11]])-COUNTBLANK(Table2614[[#This Row],[1]:[11]])-1)))} | AH24: {=IF(Table2614[[#This Row],[10]]="","",Table2614[[#This Row],[Weight]:[Weight]]-(Table2614[[#This Row],[Weight]:[Weight]]*((_xlfn.XMATCH(Table2614[[#This Row],[10]],Table2614[[#This Row],[1]:[11]],0))-1)/(COUNTA(Table2614[[#This Row],[1]:[11]])-COUNTBLANK(Table2614[[#This Row],[1]:[11]])-1)))} | AI24: {=IF(Table2614[[#This Row],[11]]="","",Table2614[[#This Row],[Weight]:[Weight]]-(Table2614[[#This Row],[Weight]:[Weight]]*((_xlfn.XMATCH(Table2614[[#This Row],[11]],Table2614[[#This Row],[1]:[11]],0))-1)/(COUNTA(Table2614[[#This Row],[1]:[11]])-COUNTBLANK(Table2614[[#This Row],[1]:[11]])-1)))}

Sheet 2a. Vendor Master Data Mgmt.
B2: Tender Number: | C2: <insert before tender publication> | F2: Eskom Group Technology: Technical Evaluation Criteria
B3: Transaction Description: | C3: <insert before tender publication>
B4: Evaluated Tenderer's Registered Name: | C4: <Evaluator to complete> | F4: Functional
B5: Evaluator Name and Surname: | C5: <Evaluator to complete>
B6: Date of Evaluation | C6: <Evaluator to complete>
B7: Evaluator Signature
B10: Technical Requirements | E10: Vendor Responses | G10: Evaluator Scores
G11: ='Scoring Summary'!C15 -> 0.0375 | H11: =SUM(Table261424[Priority]) -> 549 | I11: =SUM(Table261424[Weight]) -> 0.0375 | L11: Sectional Score: | M11: =SUM(Table261424[Score]) -> #N/A | O11: 1 | P11: 2 | Q11: 3 | R11: 4 | S11: 5 | T11: 6 | U11: 7 | V11: 8 | W11: 9 | X11: 10 | Y11: 11 | Z11: 12 | AA11: 13 | AB11: 14 | AC11: 15 | AD11: 16 | AE11: 17 | AF11: 18 | AG11: 19 | AH11: 20 | AI11: 21 | AJ11: 22
A12: Item# | B12: Business requirements | C12: Mandatory Returnables - This column lists the mandatory evidence to be provided by the vendor in the technical file and numbered to align with each criteria question. | D12: Comments from the business | E12: Vendor Response: Vendor to indicate if, and to what extent they meet the requirement, detail must be provided in the tender submission | F12: Vendor Evidence: Location of Supporting Document/detailed response in your tender submission (state the file number, section & page number) | G12: Priority Description | H12: Priority | I12: Weight | J12: Selection Options | K12: Option Score | L12: Evaluators Response (SELECT) | M12: Score | N12: Evaluator comments | O12: 1 | P12: 2 | Q12: 3 | R12: 4 | S12: 5 | T12: 6 | U12: 7 | V12: 8 | W12: 9 | X12: 10 | Y12: 11 | Z12: 12 | AA12: 13 | AB12: 14 | AC12: 15 | AD12: 16 | AE12: 17 | AF12: 18 | AG12: 19 | AH12: 20 | AI12: 21 | AJ12: 22
A13: 1 | B13: Supports workflow enabled review and approval process for vendor onboarding | C13: Provide the Technical Proposal, Data Sheet and Technical specification or confirmation from the OEM on capability. | F13: <Example for how to complete this column: Technical File, section 5 (company background section), page 11> | G13: Show stopper | H13: {=_xlfn.IFS(G13="","",G13="No interest",0,G13="Nice to have",1,G13="Useful",2,G13="Important",3,G13="Very important",4,G13="Critical",5,G13="Show stopper",6)} -> 6 | I13: =(H13/$H$11)*$G$11 -> 0.00040983607 | J13: 100%: Supported as delivered out of the box, 75%: Supported via modifications (config), 50%: Supported via a third party solution, 25%: Supported via customisation (source code changes), 0%: Not currently supported | K13: {=_xlfn.TEXTJOIN(","&CHAR(10),,TEXT(Table261424[[#This Row],[12]:[22]],"0,00%"))} -> 0,00%, 0,00%, 0,00%, 0,00%, 0,00% | M13: =I13-(I13*((MATCH(Table261424[[#This Row],[Evaluators Response (SELECT)]],Table261424[[#This Row],[1]:[11]],0)-1)/(COUNTA(Table261424[[#This Row],[1]:[11]])-COUNTBLANK(Table261424[[#This Row],[1]:[11]])-1))) -> #N/A | O13: {=IFERROR(INDEX(_xlfn.UNIQUE(TRIM(_xlfn.TEXTSPLIT(Table261424[[#This Row],[Selection Options]:[Selection Options]],","))),,O$11),"")} -> 100%: Supported as delivered out of the box | P13: {=IFERROR(INDEX(_xlfn.UNIQUE(TRIM(_xlfn.TEXTSPLIT(Table261424[[#This Row],[Selection Options]:[Selection Options]],","))),,P$11),"")} -> 75%: Supported via modifications (config) | Q13: {=IFERROR(INDEX(_xlfn.UNIQUE(TRIM(_xlfn.TEXTSPLIT(Table261424[[#This Row],[Selection Options]:[Selection Options]],","))),,Q$11),"")} -> 50%: Supported via a third party solution | R13: {=IFERROR(INDEX(_xlfn.UNIQUE(TRIM(_xlfn.TEXTSPLIT(Table261424[[#This Row],[Selection Options]:[Selection Options]],","))),,R$11),"")} -> 25%: Supported via customisation (source code changes) | S13: {=IFERROR(INDEX(_xlfn.UNIQUE(TRIM(_xlfn.TEXTSPLIT(Table261424[[#This Row],[Selection Options]:[Selection Options]],","))),,S$11),"")} -> 0%: Not currently supported | T13: {=IFERROR(INDEX(_xlfn.UNIQUE(TRIM(_xlfn.TEXTSPLIT(Table261424[[#This Row],[Selection Options]:[Selection Options]],","))),,T$11),"")} | U13: {=IFERROR(INDEX(_xlfn.UNIQUE(TRIM(_xlfn.TEXTSPLIT(Table261424[[#This Row],[Selection Options]:[Selection Options]],","))),,U$11),"")} | V13: {=IFERROR(INDEX(_xlfn.UNIQUE(TRIM(_xlfn.TEXTSPLIT(Table261424[[#This Row],[Selection Options]:[Selection Options]],","))),,V$11),"")} | ... Y13: {=IFERROR(INDEX(_xlfn.UNIQUE(TRIM(_xlfn.TEXTSPLIT(Table261424[[#This Row],[Selection Options]:[Selection Options]],","))),,Y$11),"")} | Z13: {=IF(Table261424[[#This Row],[1]]="","",Table261424[[#This Row],[Weight]:[Weight]]-(Table261424[[#This Row],[Weight]:[Weight]]*((_xlfn.XMATCH(Table261424[[#This Row],[1]],Table261424[[#This Row],[1]:[11]],0))-1)/(COUNTA(Table261424[[#This Row],[1]:[11]])-COUNTBLANK(Table261424[[#This Row],[1]:[11]])-1)))} -> 0.00040983607 | AA13: {=IF(Table261424[[#This Row],[2]]="","",Table261424[[#This Row],[Weight]:[Weight]]-(Table261424[[#This Row],[Weight]:[Weight]]*((_xlfn.XMATCH(Table261424[[#This Row],[2]],Table261424[[#This Row],[1]:[11]],0))-1)/(COUNTA(Table261424[[#This Row],[1]:[11]])-COUNTBLANK(Table261424[[#This Row],[1]:[11]])-1)))} -> 0.00030737705 | AB13: {=IF(Table261424[[#This Row],[3]]="","",Table261424[[#This Row],[Weight]:[Weight]]-(Table261424[[#This Row],[Weight]:[Weight]]*((_xlfn.XMATCH(Table261424[[#This Row],[3]],Table261424[[#This Row],[1]:[11]],0))-1)/(COUNTA(Table261424[[#This Row],[1]:[11]])-COUNTBLANK(Table261424[[#This Row],[1]:[11]])-1)))} -> 0.00020491803 | AC13: {=IF(Table261424[[#This Row],[4]]="","",Table261424[[#This Row],[Weight]:[Weight]]-(Table261424[[#This Row],[Weight]:[Weight]]*((_xlfn.XMATCH(Table261424[[#This Row],[4]],Table261424[[#This Row],[1]:[11]],0))-1)/(COUNTA(Table261424[[#This Row],[1]:[11]])-COUNTBLANK(Table261424[[#This Row],[1]:[11]])-1)))} -> 0.00010245902 | AD13: {=IF(Table261424[[#This Row],[5]]="","",Table261424[[#This Row],[Weight]:[Weight]]-(Table261424[[#This Row],[Weight]:[Weight]]*((_xlfn.XMATCH(Table261424[[#This Row],[5]],Table261424[[#This Row],[1]:[11]],0))-1)/(COUNTA(Table261424[[#This Row],[1]:[11]])-COUNTBLANK(Table261424[[#This Row],[1]:[11]])-1)))} -> 0 | AE13: {=IF(Table261424[[#This Row],[6]]="","",Table261424[[#This Row],[Weight]:[Weight]]-(Table261424[[#This Row],[Weight]:[Weight]]*((_xlfn.XMATCH(Table261424[[#This Row],[6]],Table261424[[#This Row],[1]:[11]],0))-1)/(COUNTA(Table261424[[#This Row],[1]:[11]])-COUNTBLANK(Table261424[[#This Row],[1]:[11]])-1)))} | AF13: {=IF(Table261424[[#This Row],[7]]="","",Table261424[[#This Row],[Weight]:[Weight]]-(Table261424[[#This Row],[Weight]:[Weight]]*((_xlfn.XMATCH(Table261424[[#This Row],[7]],Table261424[[#This Row],[1]:[11]],0))-1)/(COUNTA(Table261424[[#This Row],[1]:[11]])-COUNTBLANK(Table261424[[#This Row],[1]:[11]])-1)))} | AG13: {=IF(Table261424[[#This Row],[8]]="","",Table261424[[#This Row],[Weight]:[Weight]]-(Table261424[[#This Row],[Weight]:[Weight]]*((_xlfn.XMATCH(Table261424[[#This Row],[8]],Table261424[[#This Row],[1]:[11]],0))-1)/(COUNTA(Table261424[[#This Row],[1]:[11]])-COUNTBLANK(Table261424[[#This Row],[1]:[11]])-1)))} | AH13: {=IF(Table261424[[#This Row],[9]]="","",Table261424[[#This Row],[Weight]:[Weight]]-(Table261424[[#This Row],[Weight]:[Weight]]*((_xlfn.XMATCH(Table261424[[#This Row],[9]],Table261424[[#This Row],[1]:[11]],0))-1)/(COUNTA(Table261424[[#This Row],[1]:[11]])-COUNTBLANK(Table261424[[#This Row],[1]:[11]])-1)))} | AI13: {=IF(Table261424[[#This Row],[10]]="","",Table261424[[#This Row],[Weight]:[Weight]]-(Table261424[[#This Row],[Weight]:[Weight]]*((_xlfn.XMATCH(Table261424[[#This Row],[10]],Table261424[[#This Row],[1]:[11]],0))-1)/(COUNTA(Table261424[[#This Row],[1]:[11]])-COUNTBLANK(Table261424[[#This Row],[1]:[11]])-1)))} | AJ13: {=IF(Table261424[[#This Row],[11]]="","",Table261424[[#This Row],[Weight]:[Weight]]-(Table261424[[#This Row],[Weight]:[Weight]]*((_xlfn.XMATCH(Table261424[[#This Row],[11]],Table261424[[#This Row],[1]:[11]],0))-1)/(COUNTA(Table261424[[#This Row],[1]:[11]])-COUNTBLANK(Table261424[[#This Row],[1]:[11]])-1)))}
A14: 2 | B14: Supports full seamless integration with external regulatory databases e.g. SARS, COIDA , RMA,SARS for supplier information verification | C14: Provide the Technical Proposal, Data Sheet and Technical specification or confirmation from the OEM on capability. | G14: Show stopper | H14: {=_xlfn.IFS(G14="","",G14="No interest",0,G14="Nice to have",1,G14="Useful",2,G14="Important",3,G14="Very important",4,G14="Critical",5,G14="Show stopper",6)} -> 6 | I14: =(H14/$H$11)*$G$11 -> 0.00040983607 | J14: 100%: Supported as delivered out of the box, 75%: Supported via modifications (config), 50%: Supported via a third party solution, 25%: Supported via customisation (source code changes), 0%: Not currently supported | K14: {=_xlfn.TEXTJOIN(","&CHAR(10),,TEXT(Table261424[[#This Row],[12]:[22]],"0,00%"))} -> 0,00%, 0,00%, 0,00%, 0,00%, 0,00% | M14: =I14-(I14*((MATCH(Table261424[[#This Row],[Evaluators Response (SELECT)]],Table261424[[#This Row],[1]:[11]],0)-1)/(COUNTA(Table261424[[#This Row],[1]:[11]])-COUNTBLANK(Table261424[[#This Row],[1]:[11]])-1))) -> #N/A | O14: {=IFERROR(INDEX(_xlfn.UNIQUE(TRIM(_xlfn.TEXTSPLIT(Table261424[[#This Row],[Selection Options]:[Selection Options]],","))),,O$11),"")} -> 100%: Supported as delivered out of the box | P14: {=IFERROR(INDEX(_xlfn.UNIQUE(TRIM(_xlfn.TEXTSPLIT(Table261424[[#This Row],[Selection Options]:[Selection Options]],","))),,P$11),"")} -> 75%: Supported via modifications (config) | Q14: {=IFERROR(INDEX(_xlfn.UNIQUE(TRIM(_xlfn.TEXTSPLIT(Table261424[[#This Row],[Selection Options]:[Selection Options]],","))),,Q$11),"")} -> 50%: Supported via a third party solution | R14: {=IFERROR(INDEX(_xlfn.UNIQUE(TRIM(_xlfn.TEXTSPLIT(Table261424[[#This Row],[Selection Options]:[Selection Options]],","))),,R$11),"")} -> 25%: Supported via customisation (source code changes) | S14: {=IFERROR(INDEX(_xlfn.UNIQUE(TRIM(_xlfn.TEXTSPLIT(Table261424[[#This Row],[Selection Options]:[Selection Options]],","))),,S$11),"")} -> 0%: Not currently supported | T14: {=IFERROR(INDEX(_xlfn.UNIQUE(TRIM(_xlfn.TEXTSPLIT(Table261424[[#This Row],[Selection Options]:[Selection Options]],","))),,T$11),"")} | U14: {=IFERROR(INDEX(_xlfn.UNIQUE(TRIM(_xlfn.TEXTSPLIT(Table261424[[#This Row],[Selection Options]:[Selection Options]],","))),,U$11),"")} | V14: {=IFERROR(INDEX(_xlfn.UNIQUE(TRIM(_xlfn.TEXTSPLIT(Table261424[[#This Row],[Selection Options]:[Selection Options]],","))),,V$11),"")} | ... Y14: {=IFERROR(INDEX(_xlfn.UNIQUE(TRIM(_xlfn.TEXTSPLIT(Table261424[[#This Row],[Selection Options]:[Selection Options]],","))),,Y$11),"")} | Z14: {=IF(Table261424[[#This Row],[1]]="","",Table261424[[#This Row],[Weight]:[Weight]]-(Table261424[[#This Row],[Weight]:[Weight]]*((_xlfn.XMATCH(Table261424[[#This Row],[1]],Table261424[[#This Row],[1]:[11]],0))-1)/(COUNTA(Table261424[[#This Row],[1]:[11]])-COUNTBLANK(Table261424[[#This Row],[1]:[11]])-1)))} -> 0.00040983607 | AA14: {=IF(Table261424[[#This Row],[2]]="","",Table261424[[#This Row],[Weight]:[Weight]]-(Table261424[[#This Row],[Weight]:[Weight]]*((_xlfn.XMATCH(Table261424[[#This Row],[2]],Table261424[[#This Row],[1]:[11]],0))-1)/(COUNTA(Table261424[[#This Row],[1]:[11]])-COUNTBLANK(Table261424[[#This Row],[1]:[11]])-1)))} -> 0.00030737705 | AB14: {=IF(Table261424[[#This Row],[3]]="","",Table261424[[#This Row],[Weight]:[Weight]]-(Table261424[[#This Row],[Weight]:[Weight]]*((_xlfn.XMATCH(Table261424[[#This Row],[3]],Table261424[[#This Row],[1]:[11]],0))-1)/(COUNTA(Table261424[[#This Row],[1]:[11]])-COUNTBLANK(Table261424[[#This Row],[1]:[11]])-1)))} -> 0.00020491803 | AC14: {=IF(Table261424[[#This Row],[4]]="","",Table261424[[#This Row],[Weight]:[Weight]]-(Table261424[[#This Row],[Weight]:[Weight]]*((_xlfn.XMATCH(Table261424[[#This Row],[4]],Table261424[[#This Row],[1]:[11]],0))-1)/(COUNTA(Table261424[[#This Row],[1]:[11]])-COUNTBLANK(Table261424[[#This Row],[1]:[11]])-1)))} -> 0.00010245902 | AD14: {=IF(Table261424[[#This Row],[5]]="","",Table261424[[#This Row],[Weight]:[Weight]]-(Table261424[[#This Row],[Weight]:[Weight]]*((_xlfn.XMATCH(Table261424[[#This Row],[5]],Table261424[[#This Row],[1]:[11]],0))-1)/(COUNTA(Table261424[[#This Row],[1]:[11]])-COUNTBLANK(Table261424[[#This Row],[1]:[11]])-1)))} -> 0 | AE14: {=IF(Table261424[[#This Row],[6]]="","",Table261424[[#This Row],[Weight]:[Weight]]-(Table261424[[#This Row],[Weight]:[Weight]]*((_xlfn.XMATCH(Table261424[[#This Row],[6]],Table261424[[#This Row],[1]:[11]],0))-1)/(COUNTA(Table261424[[#This Row],[1]:[11]])-COUNTBLANK(Table261424[[#This Row],[1]:[11]])-1)))} | AF14: {=IF(Table261424[[#This Row],[7]]="","",Table261424[[#This Row],[Weight]:[Weight]]-(Table261424[[#This Row],[Weight]:[Weight]]*((_xlfn.XMATCH(Table261424[[#This Row],[7]],Table261424[[#This Row],[1]:[11]],0))-1)/(COUNTA(Table261424[[#This Row],[1]:[11]])-COUNTBLANK(Table261424[[#This Row],[1]:[11]])-1)))} | AG14: {=IF(Table261424[[#This Row],[8]]="","",Table261424[[#This Row],[Weight]:[Weight]]-(Table261424[[#This Row],[Weight]:[Weight]]*((_xlfn.XMATCH(Table261424[[#This Row],[8]],Table261424[[#This Row],[1]:[11]],0))-1)/(COUNTA(Table261424[[#This Row],[1]:[11]])-COUNTBLANK(Table261424[[#This Row],[1]:[11]])-1)))} | AH14: {=IF(Table261424[[#This Row],[9]]="","",Table261424[[#This Row],[Weight]:[Weight]]-(Table261424[[#This Row],[Weight]:[Weight]]*((_xlfn.XMATCH(Table261424[[#This Row],[9]],Table261424[[#This Row],[1]:[11]],0))-1)/(COUNTA(Table261424[[#This Row],[1]:[11]])-COUNTBLANK(Table261424[[#This Row],[1]:[11]])-1)))} | AI14: {=IF(Table261424[[#This Row],[10]]="","",Table261424[[#This Row],[Weight]:[Weight]]-(Table261424[[#This Row],[Weight]:[Weight]]*((_xlfn.XMATCH(Table261424[[#This Row],[10]],Table261424[[#This Row],[1]:[11]],0))-1)/(COUNTA(Table261424[[#This Row],[1]:[11]])-COUNTBLANK(Table261424[[#This Row],[1]:[11]])-1)))} | AJ14: {=IF(Table261424[[#This Row],[11]]="","",Table261424[[#This Row],[Weight]:[Weight]]-(Table261424[[#This Row],[Weight]:[Weight]]*((_xlfn.XMATCH(Table261424[[#This Row],[11]],Table261424[[#This Row],[1]:[11]],0))-1)/(COUNTA(Table261424[[#This Row],[1]:[11]])-COUNTBLANK(Table261424[[#This Row],[1]:[11]])-1)))}
A15: 3 | B15: Supports tracking of suppliers or sub-contractor hierarchies (e.g., project related contract) | C15: Provide the Technical Proposal, Data Sheet and Technical specification or confirmation from the OEM on capability. | G15: Show stopper | H15: {=_xlfn.IFS(G15="","",G15="No interest",0,G15="Nice to have",1,G15="Useful",2,G15="Important",3,G15="Very important",4,G15="Critical",5,G15="Show stopper",6)} -> 6 | I15: =(H15/$H$11)*$G$11 -> 0.00040983607 | J15: 100%: Supported as delivered out of the box, 75%: Supported via modifications (config), 50%: Supported via a third party solution, 25%: Supported via customisation (source code changes), 0%: Not currently supported | K15: {=_xlfn.TEXTJOIN(","&CHAR(10),,TEXT(Table261424[[#This Row],[12]:[22]],"0,00%"))} -> 0,00%, 0,00%, 0,00%, 0,00%, 0,00% | M15: =I15-(I15*((MATCH(Table261424[[#This Row],[Evaluators Response (SELECT)]],Table261424[[#This Row],[1]:[11]],0)-1)/(COUNTA(Table261424[[#This Row],[1]:[11]])-COUNTBLANK(Table261424[[#This Row],[1]:[11]])-1))) -> #N/A | O15: {=IFERROR(INDEX(_xlfn.UNIQUE(TRIM(_xlfn.TEXTSPLIT(Table261424[[#This Row],[Selection Options]:[Selection Options]],","))),,O$11),"")} -> 100%: Supported as delivered out of the box | P15: {=IFERROR(INDEX(_xlfn.UNIQUE(TRIM(_xlfn.TEXTSPLIT(Table261424[[#This Row],[Selection Options]:[Selection Options]],","))),,P$11),"")} -> 75%: Supported via modifications (config) | Q15: {=IFERROR(INDEX(_xlfn.UNIQUE(TRIM(_xlfn.TEXTSPLIT(Table261424[[#This Row],[Selection Options]:[Selection Options]],","))),,Q$11),"")} -> 50%: Supported via a third party solution | R15: {=IFERROR(INDEX(_xlfn.UNIQUE(TRIM(_xlfn.TEXTSPLIT(Table261424[[#This Row],[Selection Options]:[Selection Options]],","))),,R$11),"")} -> 25%: Supported via customisation (source code changes) | S15: {=IFERROR(INDEX(_xlfn.UNIQUE(TRIM(_xlfn.TEXTSPLIT(Table261424[[#This Row],[Selection Options]:[Selection Options]],","))),,S$11),"")} -> 0%: Not currently supported | T15: {=IFERROR(INDEX(_xlfn.UNIQUE(TRIM(_xlfn.TEXTSPLIT(Table261424[[#This Row],[Selection Options]:[Selection Options]],","))),,T$11),"")} | U15: {=IFERROR(INDEX(_xlfn.UNIQUE(TRIM(_xlfn.TEXTSPLIT(Table261424[[#This Row],[Selection Options]:[Selection Options]],","))),,U$11),"")} | V15: {=IFERROR(INDEX(_xlfn.UNIQUE(TRIM(_xlfn.TEXTSPLIT(Table261424[[#This Row],[Selection Options]:[Selection Options]],","))),,V$11),"")} | ... Y15: {=IFERROR(INDEX(_xlfn.UNIQUE(TRIM(_xlfn.TEXTSPLIT(Table261424[[#This Row],[Selection Options]:[Selection Options]],","))),,Y$11),"")} | Z15: {=IF(Table261424[[#This Row],[1]]="","",Table261424[[#This Row],[Weight]:[Weight]]-(Table261424[[#This Row],[Weight]:[Weight]]*((_xlfn.XMATCH(Table261424[[#This Row],[1]],Table261424[[#This Row],[1]:[11]],0))-1)/(COUNTA(Table261424[[#This Row],[1]:[11]])-COUNTBLANK(Table261424[[#This Row],[1]:[11]])-1)))} -> 0.00040983607 | AA15: {=IF(Table261424[[#This Row],[2]]="","",Table261424[[#This Row],[Weight]:[Weight]]-(Table261424[[#This Row],[Weight]:[Weight]]*((_xlfn.XMATCH(Table261424[[#This Row],[2]],Table261424[[#This Row],[1]:[11]],0))-1)/(COUNTA(Table261424[[#This Row],[1]:[11]])-COUNTBLANK(Table261424[[#This Row],[1]:[11]])-1)))} -> 0.00030737705 | AB15: {=IF(Table261424[[#This Row],[3]]="","",Table261424[[#This Row],[Weight]:[Weight]]-(Table261424[[#This Row],[Weight]:[Weight]]*((_xlfn.XMATCH(Table261424[[#This Row],[3]],Table261424[[#This Row],[1]:[11]],0))-1)/(COUNTA(Table261424[[#This Row],[1]:[11]])-COUNTBLANK(Table261424[[#This Row],[1]:[11]])-1)))} -> 0.00020491803 | AC15: {=IF(Table261424[[#This Row],[4]]="","",Table261424[[#This Row],[Weight]:[Weight]]-(Table261424[[#This Row],[Weight]:[Weight]]*((_xlfn.XMATCH(Table261424[[#This Row],[4]],Table261424[[#This Row],[1]:[11]],0))-1)/(COUNTA(Table261424[[#This Row],[1]:[11]])-COUNTBLANK(Table261424[[#This Row],[1]:[11]])-1)))} -> 0.00010245902 | AD15: {=IF(Table261424[[#This Row],[5]]="","",Table261424[[#This Row],[Weight]:[Weight]]-(Table261424[[#This Row],[Weight]:[Weight]]*((_xlfn.XMATCH(Table261424[[#This Row],[5]],Table261424[[#This Row],[1]:[11]],0))-1)/(COUNTA(Table261424[[#This Row],[1]:[11]])-COUNTBLANK(Table261424[[#This Row],[1]:[11]])-1)))} -> 0 | AE15: {=IF(Table261424[[#This Row],[6]]="","",Table261424[[#This Row],[Weight]:[Weight]]-(Table261424[[#This Row],[Weight]:[Weight]]*((_xlfn.XMATCH(Table261424[[#This Row],[6]],Table261424[[#This Row],[1]:[11]],0))-1)/(COUNTA(Table261424[[#This Row],[1]:[11]])-COUNTBLANK(Table261424[[#This Row],[1]:[11]])-1)))} | AF15: {=IF(Table261424[[#This Row],[7]]="","",Table261424[[#This Row],[Weight]:[Weight]]-(Table261424[[#This Row],[Weight]:[Weight]]*((_xlfn.XMATCH(Table261424[[#This Row],[7]],Table261424[[#This Row],[1]:[11]],0))-1)/(COUNTA(Table261424[[#This Row],[1]:[11]])-COUNTBLANK(Table261424[[#This Row],[1]:[11]])-1)))} | AG15: {=IF(Table261424[[#This Row],[8]]="","",Table261424[[#This Row],[Weight]:[Weight]]-(Table261424[[#This Row],[Weight]:[Weight]]*((_xlfn.XMATCH(Table261424[[#This Row],[8]],Table261424[[#This Row],[1]:[11]],0))-1)/(COUNTA(Table261424[[#This Row],[1]:[11]])-COUNTBLANK(Table261424[[#This Row],[1]:[11]])-1)))} | AH15: {=IF(Table261424[[#This Row],[9]]="","",Table261424[[#This Row],[Weight]:[Weight]]-(Table261424[[#This Row],[Weight]:[Weight]]*((_xlfn.XMATCH(Table261424[[#This Row],[9]],Table261424[[#This Row],[1]:[11]],0))-1)/(COUNTA(Table261424[[#This Row],[1]:[11]])-COUNTBLANK(Table261424[[#This Row],[1]:[11]])-1)))} | AI15: {=IF(Table261424[[#This Row],[10]]="","",Table261424[[#This Row],[Weight]:[Weight]]-(Table261424[[#This Row],[Weight]:[Weight]]*((_xlfn.XMATCH(Table261424[[#This Row],[10]],Table261424[[#This Row],[1]:[11]],0))-1)/(COUNTA(Table261424[[#This Row],[1]:[11]])-COUNTBLANK(Table261424[[#This Row],[1]:[11]])-1)))} | AJ15: {=IF(Table261424[[#This Row],[11]]="","",Table261424[[#This Row],[Weight]:[Weight]]-(Table261424[[#This Row],[Weight]:[Weight]]*((_xlfn.XMATCH(Table261424[[#This Row],[11]],Table261424[[#This Row],[1]:[11]],0))-1)/(COUNTA(Table261424[[#This Row],[1]:[11]])-COUNTBLANK(Table261424[[#This Row],[1]:[11]])-1)))}
A16: 4 | B16: Supports automatic addition of supplier organizational hierarchy structure inflation | C16: Provide the Technical Proposal, Data Sheet and Technical specification or confirmation from the OEM on capability. | G16: Show stopper | H16: {=_xlfn.IFS(G16="","",G16="No interest",0,G16="Nice to have",1,G16="Useful",2,G16="Important",3,G16="Very important",4,G16="Critical",5,G16="Show stopper",6)} -> 6 | I16: =(H16/$H$11)*$G$11 -> 0.00040983607 | J16: 100%: Supported as delivered out of the box, 75%: Supported via modifications (config), 50%: Supported via a third party solution, 25%: Supported via customisation (source code changes), 0%: Not currently supported | K16: {=_xlfn.TEXTJOIN(","&CHAR(10),,TEXT(Table261424[[#This Row],[12]:[22]],"0,00%"))} -> 0,00%, 0,00%, 0,00%, 0,00%, 0,00% | M16: =I16-(I16*((MATCH(Table261424[[#This Row],[Evaluators Response (SELECT)]],Table261424[[#This Row],[1]:[11]],0)-1)/(COUNTA(Table261424[[#This Row],[1]:[11]])-COUNTBLANK(Table261424[[#This Row],[1]:[11]])-1))) -> #N/A | O16: {=IFERROR(INDEX(_xlfn.UNIQUE(TRIM(_xlfn.TEXTSPLIT(Table261424[[#This Row],[Selection Options]:[Selection Options]],","))),,O$11),"")} -> 100%: Supported as delivered out of the box | P16: {=IFERROR(INDEX(_xlfn.UNIQUE(TRIM(_xlfn.TEXTSPLIT(Table261424[[#This Row],[Selection Options]:[Selection Options]],","))),,P$11),"")} -> 75%: Supported via modifications (config) | Q16: {=IFERROR(INDEX(_xlfn.UNIQUE(TRIM(_xlfn.TEXTSPLIT(Table261424[[#This Row],[Selection Options]:[Selection Options]],","))),,Q$11),"")} -> 50%: Supported via a third party solution | R16: {=IFERROR(INDEX(_xlfn.UNIQUE(TRIM(_xlfn.TEXTSPLIT(Table261424[[#This Row],[Selection Options]:[Selection Options]],","))),,R$11),"")} -> 25%: Supported via customisation (source code changes) | S16: {=IFERROR(INDEX(_xlfn.UNIQUE(TRIM(_xlfn.TEXTSPLIT(Table261424[[#This Row],[Selection Options]:[Selection Options]],","))),,S$11),"")} -> 0%: Not currently supported | T16: {=IFERROR(INDEX(_xlfn.UNIQUE(TRIM(_xlfn.TEXTSPLIT(Table261424[[#This Row],[Selection Options]:[Selection Options]],","))),,T$11),"")} | U16: {=IFERROR(INDEX(_xlfn.UNIQUE(TRIM(_xlfn.TEXTSPLIT(Table261424[[#This Row],[Selection Options]:[Selection Options]],","))),,U$11),"")} | V16: {=IFERROR(INDEX(_xlfn.UNIQUE(TRIM(_xlfn.TEXTSPLIT(Table261424[[#This Row],[Selection Options]:[Selection Options]],","))),,V$11),"")} | ... Y16: {=IFERROR(INDEX(_xlfn.UNIQUE(TRIM(_xlfn.TEXTSPLIT(Table261424[[#This Row],[Selection Options]:[Selection Options]],","))),,Y$11),"")} | Z16: {=IF(Table261424[[#This Row],[1]]="","",Table261424[[#This Row],[Weight]:[Weight]]-(Table261424[[#This Row],[Weight]:[Weight]]*((_xlfn.XMATCH(Table261424[[#This Row],[1]],Table261424[[#This Row],[1]:[11]],0))-1)/(COUNTA(Table261424[[#This Row],[1]:[11]])-COUNTBLANK(Table261424[[#This Row],[1]:[11]])-1)))} -> 0.00040983607 | AA16: {=IF(Table261424[[#This Row],[2]]="","",Table261424[[#This Row],[Weight]:[Weight]]-(Table261424[[#This Row],[Weight]:[Weight]]*((_xlfn.XMATCH(Table261424[[#This Row],[2]],Table261424[[#This Row],[1]:[11]],0))-1)/(COUNTA(Table261424[[#This Row],[1]:[11]])-COUNTBLANK(Table261424[[#This Row],[1]:[11]])-1)))} -> 0.00030737705 | AB16: {=IF(Table261424[[#This Row],[3]]="","",Table261424[[#This Row],[Weight]:[Weight]]-(Table261424[[#This Row],[Weight]:[Weight]]*((_xlfn.XMATCH(Table261424[[#This Row],[3]],Table261424[[#This Row],[1]:[11]],0))-1)/(COUNTA(Table261424[[#This Row],[1]:[11]])-COUNTBLANK(Table261424[[#This Row],[1]:[11]])-1)))} -> 0.00020491803 | AC16: {=IF(Table261424[[#This Row],[4]]="","",Table261424[[#This Row],[Weight]:[Weight]]-(Table261424[[#This Row],[Weight]:[Weight]]*((_xlfn.XMATCH(Table261424[[#This Row],[4]],Table261424[[#This Row],[1]:[11]],0))-1)/(COUNTA(Table261424[[#This Row],[1]:[11]])-COUNTBLANK(Table261424[[#This Row],[1]:[11]])-1)))} -> 0.00010245902 | AD16: {=IF(Table261424[[#This Row],[5]]="","",Table261424[[#This Row],[Weight]:[Weight]]-(Table261424[[#This Row],[Weight]:[Weight]]*((_xlfn.XMATCH(Table261424[[#This Row],[5]],Table261424[[#This Row],[1]:[11]],0))-1)/(COUNTA(Table261424[[#This Row],[1]:[11]])-COUNTBLANK(Table261424[[#This Row],[1]:[11]])-1)))} -> 0 | AE16: {=IF(Table261424[[#This Row],[6]]="","",Table261424[[#This Row],[Weight]:[Weight]]-(Table261424[[#This Row],[Weight]:[Weight]]*((_xlfn.XMATCH(Table261424[[#This Row],[6]],Table261424[[#This Row],[1]:[11]],0))-1)/(COUNTA(Table261424[[#This Row],[1]:[11]])-COUNTBLANK(Table261424[[#This Row],[1]:[11]])-1)))} | AF16: {=IF(Table261424[[#This Row],[7]]="","",Table261424[[#This Row],[Weight]:[Weight]]-(Table261424[[#This Row],[Weight]:[Weight]]*((_xlfn.XMATCH(Table261424[[#This Row],[7]],Table261424[[#This Row],[1]:[11]],0))-1)/(COUNTA(Table261424[[#This Row],[1]:[11]])-COUNTBLANK(Table261424[[#This Row],[1]:[11]])-1)))} | AG16: {=IF(Table261424[[#This Row],[8]]="","",Table261424[[#This Row],[Weight]:[Weight]]-(Table261424[[#This Row],[Weight]:[Weight]]*((_xlfn.XMATCH(Table261424[[#This Row],[8]],Table261424[[#This Row],[1]:[11]],0))-1)/(COUNTA(Table261424[[#This Row],[1]:[11]])-COUNTBLANK(Table261424[[#This Row],[1]:[11]])-1)))} | AH16: {=IF(Table261424[[#This Row],[9]]="","",Table261424[[#This Row],[Weight]:[Weight]]-(Table261424[[#This Row],[Weight]:[Weight]]*((_xlfn.XMATCH(Table261424[[#This Row],[9]],Table261424[[#This Row],[1]:[11]],0))-1)/(COUNTA(Table261424[[#This Row],[1]:[11]])-COUNTBLANK(Table261424[[#This Row],[1]:[11]])-1)))} | AI16: {=IF(Table261424[[#This Row],[10]]="","",Table261424[[#This Row],[Weight]:[Weight]]-(Table261424[[#This Row],[Weight]:[Weight]]*((_xlfn.XMATCH(Table261424[[#This Row],[10]],Table261424[[#This Row],[1]:[11]],0))-1)/(COUNTA(Table261424[[#This Row],[1]:[11]])-COUNTBLANK(Table261424[[#This Row],[1]:[11]])-1)))} | AJ16: {=IF(Table261424[[#This Row],[11]]="","",Table261424[[#This Row],[Weight]:[Weight]]-(Table261424[[#This Row],[Weight]:[Weight]]*((_xlfn.XMATCH(Table261424[[#This Row],[11]],Table261424[[#This Row],[1]:[11]],0))-1)/(COUNTA(Table261424[[#This Row],[1]:[11]])-COUNTBLANK(Table261424[[#This Row],[1]:[11]])-1)))}
A17: 5 | B17: Supports detection of duplicate supplier registrations and alert notifications to user before registration completes | C17: Provide the Technical Proposal, Data Sheet and Technical specification or confirmation from the OEM on capability. | G17: Show stopper | H17: {=_xlfn.IFS(G17="","",G17="No interest",0,G17="Nice to have",1,G17="Useful",2,G17="Important",3,G17="Very important",4,G17="Critical",5,G17="Show stopper",6)} -> 6 | I17: =(H17/$H$11)*$G$11 -> 0.00040983607 | J17: 100%: Supported as delivered out of the box, 75%: Supported via modifications (config), 50%: Supported via a third party solution, 25%: Supported via customisation (source code changes), 0%: Not currently supported | K17: {=_xlfn.TEXTJOIN(","&CHAR(10),,TEXT(Table261424[[#This Row],[12]:[22]],"0,00%"))} -> 0,00%, 0,00%, 0,00%, 0,00%, 0,00% | M17: =I17-(I17*((MATCH(Table261424[[#This Row],[Evaluators Response (SELECT)]],Table261424[[#This Row],[1]:[11]],0)-1)/(COUNTA(Table261424[[#This Row],[1]:[11]])-COUNTBLANK(Table261424[[#This Row],[1]:[11]])-1))) -> #N/A | O17: {=IFERROR(INDEX(_xlfn.UNIQUE(TRIM(_xlfn.TEXTSPLIT(Table261424[[#This Row],[Selection Options]:[Selection Options]],","))),,O$11),"")} -> 100%: Supported as delivered out of the box | P17: {=IFERROR(INDEX(_xlfn.UNIQUE(TRIM(_xlfn.TEXTSPLIT(Table261424[[#This Row],[Selection Options]:[Selection Options]],","))),,P$11),"")} -> 75%: Supported via modifications (config) | Q17: {=IFERROR(INDEX(_xlfn.UNIQUE(TRIM(_xlfn.TEXTSPLIT(Table261424[[#This Row],[Selection Options]:[Selection Options]],","))),,Q$11),"")} -> 50%: Supported via a third party solution | R17: {=IFERROR(INDEX(_xlfn.UNIQUE(TRIM(_xlfn.TEXTSPLIT(Table261424[[#This Row],[Selection Options]:[Selection Options]],","))),,R$11),"")} -> 25%: Supported via customisation (source code changes) | S17: {=IFERROR(INDEX(_xlfn.UNIQUE(TRIM(_xlfn.TEXTSPLIT(Table261424[[#This Row],[Selection Options]:[Selection Options]],","))),,S$11),"")} -> 0%: Not currently supported | T17: {=IFERROR(INDEX(_xlfn.UNIQUE(TRIM(_xlfn.TEXTSPLIT(Table261424[[#This Row],[Selection Options]:[Selection Options]],","))),,T$11),"")} | U17: {=IFERROR(INDEX(_xlfn.UNIQUE(TRIM(_xlfn.TEXTSPLIT(Table261424[[#This Row],[Selection Options]:[Selection Options]],","))),,U$11),"")} | V17: {=IFERROR(INDEX(_xlfn.UNIQUE(TRIM(_xlfn.TEXTSPLIT(Table261424[[#This Row],[Selection Options]:[Selection Options]],","))),,V$11),"")} | ... Y17: {=IFERROR(INDEX(_xlfn.UNIQUE(TRIM(_xlfn.TEXTSPLIT(Table261424[[#This Row],[Selection Options]:[Selection Options]],","))),,Y$11),"")} | Z17: {=IF(Table261424[[#This Row],[1]]="","",Table261424[[#This Row],[Weight]:[Weight]]-(Table261424[[#This Row],[Weight]:[Weight]]*((_xlfn.XMATCH(Table261424[[#This Row],[1]],Table261424[[#This Row],[1]:[11]],0))-1)/(COUNTA(Table261424[[#This Row],[1]:[11]])-COUNTBLANK(Table261424[[#This Row],[1]:[11]])-1)))} -> 0.00040983607 | AA17: {=IF(Table261424[[#This Row],[2]]="","",Table261424[[#This Row],[Weight]:[Weight]]-(Table261424[[#This Row],[Weight]:[Weight]]*((_xlfn.XMATCH(Table261424[[#This Row],[2]],Table261424[[#This Row],[1]:[11]],0))-1)/(COUNTA(Table261424[[#This Row],[1]:[11]])-COUNTBLANK(Table261424[[#This Row],[1]:[11]])-1)))} -> 0.00030737705 | AB17: {=IF(Table261424[[#This Row],[3]]="","",Table261424[[#This Row],[Weight]:[Weight]]-(Table261424[[#This Row],[Weight]:[Weight]]*((_xlfn.XMATCH(Table261424[[#This Row],[3]],Table261424[[#This Row],[1]:[11]],0))-1)/(COUNTA(Table261424[[#This Row],[1]:[11]])-COUNTBLANK(Table261424[[#This Row],[1]:[11]])-1)))} -> 0.00020491803 | AC17: {=IF(Table261424[[#This Row],[4]]="","",Table261424[[#This Row],[Weight]:[Weight]]-(Table261424[[#This Row],[Weight]:[Weight]]*((_xlfn.XMATCH(Table261424[[#This Row],[4]],Table261424[[#This Row],[1]:[11]],0))-1)/(COUNTA(Table261424[[#This Row],[1]:[11]])-COUNTBLANK(Table261424[[#This Row],[1]:[11]])-1)))} -> 0.00010245902 | AD17: {=IF(Table261424[[#This Row],[5]]="","",Table261424[[#This Row],[Weight]:[Weight]]-(Table261424[[#This Row],[Weight]:[Weight]]*((_xlfn.XMATCH(Table261424[[#This Row],[5]],Table261424[[#This Row],[1]:[11]],0))-1)/(COUNTA(Table261424[[#This Row],[1]:[11]])-COUNTBLANK(Table261424[[#This Row],[1]:[11]])-1)))} -> 0 | AE17: {=IF(Table261424[[#This Row],[6]]="","",Table261424[[#This Row],[Weight]:[Weight]]-(Table261424[[#This Row],[Weight]:[Weight]]*((_xlfn.XMATCH(Table261424[[#This Row],[6]],Table261424[[#This Row],[1]:[11]],0))-1)/(COUNTA(Table261424[[#This Row],[1]:[11]])-COUNTBLANK(Table261424[[#This Row],[1]:[11]])-1)))} | AF17: {=IF(Table261424[[#This Row],[7]]="","",Table261424[[#This Row],[Weight]:[Weight]]-(Table261424[[#This Row],[Weight]:[Weight]]*((_xlfn.XMATCH(Table261424[[#This Row],[7]],Table261424[[#This Row],[1]:[11]],0))-1)/(COUNTA(Table261424[[#This Row],[1]:[11]])-COUNTBLANK(Table261424[[#This Row],[1]:[11]])-1)))} | AG17: {=IF(Table261424[[#This Row],[8]]="","",Table261424[[#This Row],[Weight]:[Weight]]-(Table261424[[#This Row],[Weight]:[Weight]]*((_xlfn.XMATCH(Table261424[[#This Row],[8]],Table261424[[#This Row],[1]:[11]],0))-1)/(COUNTA(Table261424[[#This Row],[1]:[11]])-COUNTBLANK(Table261424[[#This Row],[1]:[11]])-1)))} | AH17: {=IF(Table261424[[#This Row],[9]]="","",Table261424[[#This Row],[Weight]:[Weight]]-(Table261424[[#This Row],[Weight]:[Weight]]*((_xlfn.XMATCH(Table261424[[#This Row],[9]],Table261424[[#This Row],[1]:[11]],0))-1)/(COUNTA(Table261424[[#This Row],[1]:[11]])-COUNTBLANK(Table261424[[#This Row],[1]:[11]])-1)))} | AI17: {=IF(Table261424[[#This Row],[10]]="","",Table261424[[#This Row],[Weight]:[Weight]]-(Table261424[[#This Row],[Weight]:[Weight]]*((_xlfn.XMATCH(Table261424[[#This Row],[10]],Table261424[[#This Row],[1]:[11]],0))-1)/(COUNTA(Table261424[[#This Row],[1]:[11]])-COUNTBLANK(Table261424[[#This Row],[1]:[11]])-1)))} | AJ17: {=IF(Table261424[[#This Row],[11]]="","",Table261424[[#This Row],[Weight]:[Weight]]-(Table261424[[#This Row],[Weight]:[Weight]]*((_xlfn.XMATCH(Table261424[[#This Row],[11]],Table261424[[#This Row],[1]:[11]],0))-1)/(COUNTA(Table261424[[#This Row],[1]:[11]])-COUNTBLANK(Table261424[[#This Row],[1]:[11]])-1)))}
A18: 6 | B18: Supports business rule driven template, form and checklist creation and maintenance | C18: Provide the Technical Proposal, Data Sheet and Technical specification or confirmation from the OEM on capability. | G18: Show stopper | H18: {=_xlfn.IFS(G18="","",G18="No interest",0,G18="Nice to have",1,G18="Useful",2,G18="Important",3,G18="Very important",4,G18="Critical",5,G18="Show stopper",6)} -> 6 | I18: =(H18/$H$11)*$G$11 -> 0.00040983607 | J18: 100%: Supported as delivered out of the box, 75%: Supported via modifications (config), 50%: Supported via a third party solution, 25%: Supported via customisation (source code changes), 0%: Not currently supported | K18: {=_xlfn.TEXTJOIN(","&CHAR(10),,TEXT(Table261424[[#This Row],[12]:[22]],"0,00%"))} -> 0,00%, 0,00%, 0,00%, 0,00%, 0,00% | M18: =I18-(I18*((MATCH(Table261424[[#This Row],[Evaluators Response (SELECT)]],Table261424[[#This Row],[1]:[11]],0)-1)/(COUNTA(Table261424[[#This Row],[1]:[11]])-COUNTBLANK(Table261424[[#This Row],[1]:[11]])-1))) -> #N/A | O18: {=IFERROR(INDEX(_xlfn.UNIQUE(TRIM(_xlfn.TEXTSPLIT(Table261424[[#This Row],[Selection Options]:[Selection Options]],","))),,O$11),"")} -> 100%: Supported as delivered out of the box | P18: {=IFERROR(INDEX(_xlfn.UNIQUE(TRIM(_xlfn.TEXTSPLIT(Table261424[[#This Row],[Selection Options]:[Selection Options]],","))),,P$11),"")} -> 75%: Supported via modifications (config) | Q18: {=IFERROR(INDEX(_xlfn.UNIQUE(TRIM(_xlfn.TEXTSPLIT(Table261424[[#This Row],[Selection Options]:[Selection Options]],","))),,Q$11),"")} -> 50%: Supported via a third party solution | R18: {=IFERROR(INDEX(_xlfn.UNIQUE(TRIM(_xlfn.TEXTSPLIT(Table261424[[#This Row],[Selection Options]:[Selection Options]],","))),,R$11),"")} -> 25%: Supported via customisation (source code changes) | S18: {=IFERROR(INDEX(_xlfn.UNIQUE(TRIM(_xlfn.TEXTSPLIT(Table261424[[#This Row],[Selection Options]:[Selection Options]],","))),,S$11),"")} -> 0%: Not currently supported | T18: {=IFERROR(INDEX(_xlfn.UNIQUE(TRIM(_xlfn.TEXTSPLIT(Table261424[[#This Row],[Selection Options]:[Selection Options]],","))),,T$11),"")} | U18: {=IFERROR(INDEX(_xlfn.UNIQUE(TRIM(_xlfn.TEXTSPLIT(Table261424[[#This Row],[Selection Options]:[Selection Options]],","))),,U$11),"")} | V18: {=IFERROR(INDEX(_xlfn.UNIQUE(TRIM(_xlfn.TEXTSPLIT(Table261424[[#This Row],[Selection Options]:[Selection Options]],","))),,V$11),"")} | ... Y18: {=IFERROR(INDEX(_xlfn.UNIQUE(TRIM(_xlfn.TEXTSPLIT(Table261424[[#This Row],[Selection Options]:[Selection Options]],","))),,Y$11),"")} | Z18: {=IF(Table261424[[#This Row],[1]]="","",Table261424[[#This Row],[Weight]:[Weight]]-(Table261424[[#This Row],[Weight]:[Weight]]*((_xlfn.XMATCH(Table261424[[#This Row],[1]],Table261424[[#This Row],[1]:[11]],0))-1)/(COUNTA(Table261424[[#This Row],[1]:[11]])-COUNTBLANK(Table261424[[#This Row],[1]:[11]])-1)))} -> 0.00040983607 | AA18: {=IF(Table261424[[#This Row],[2]]="","",Table261424[[#This Row],[Weight]:[Weight]]-(Table261424[[#This Row],[Weight]:[Weight]]*((_xlfn.XMATCH(Table261424[[#This Row],[2]],Table261424[[#This Row],[1]:[11]],0))-1)/(COUNTA(Table261424[[#This Row],[1]:[11]])-COUNTBLANK(Table261424[[#This Row],[1]:[11]])-1)))} -> 0.00030737705 | AB18: {=IF(Table261424[[#This Row],[3]]="","",Table261424[[#This Row],[Weight]:[Weight]]-(Table261424[[#This Row],[Weight]:[Weight]]*((_xlfn.XMATCH(Table261424[[#This Row],[3]],Table261424[[#This Row],[1]:[11]],0))-1)/(COUNTA(Table261424[[#This Row],[1]:[11]])-COUNTBLANK(Table261424[[#This Row],[1]:[11]])-1)))} -> 0.00020491803 | AC18: {=IF(Table261424[[#This Row],[4]]="","",Table261424[[#This Row],[Weight]:[Weight]]-(Table261424[[#This Row],[Weight]:[Weight]]*((_xlfn.XMATCH(Table261424[[#This Row],[4]],Table261424[[#This Row],[1]:[11]],0))-1)/(COUNTA(Table261424[[#This Row],[1]:[11]])-COUNTBLANK(Table261424[[#This Row],[1]:[11]])-1)))} -> 0.00010245902 | AD18: {=IF(Table261424[[#This Row],[5]]="","",Table261424[[#This Row],[Weight]:[Weight]]-(Table261424[[#This Row],[Weight]:[Weight]]*((_xlfn.XMATCH(Table261424[[#This Row],[5]],Table261424[[#This Row],[1]:[11]],0))-1)/(COUNTA(Table261424[[#This Row],[1]:[11]])-COUNTBLANK(Table261424[[#This Row],[1]:[11]])-1)))} -> 0 | AE18: {=IF(Table261424[[#This Row],[6]]="","",Table261424[[#This Row],[Weight]:[Weight]]-(Table261424[[#This Row],[Weight]:[Weight]]*((_xlfn.XMATCH(Table261424[[#This Row],[6]],Table261424[[#This Row],[1]:[11]],0))-1)/(COUNTA(Table261424[[#This Row],[1]:[11]])-COUNTBLANK(Table261424[[#This Row],[1]:[11]])-1)))} | AF18: {=IF(Table261424[[#This Row],[7]]="","",Table261424[[#This Row],[Weight]:[Weight]]-(Table261424[[#This Row],[Weight]:[Weight]]*((_xlfn.XMATCH(Table261424[[#This Row],[7]],Table261424[[#This Row],[1]:[11]],0))-1)/(COUNTA(Table261424[[#This Row],[1]:[11]])-COUNTBLANK(Table261424[[#This Row],[1]:[11]])-1)))} | AG18: {=IF(Table261424[[#This Row],[8]]="","",Table261424[[#This Row],[Weight]:[Weight]]-(Table261424[[#This Row],[Weight]:[Weight]]*((_xlfn.XMATCH(Table261424[[#This Row],[8]],Table261424[[#This Row],[1]:[11]],0))-1)/(COUNTA(Table261424[[#This Row],[1]:[11]])-COUNTBLANK(Table261424[[#This Row],[1]:[11]])-1)))} | AH18: {=IF(Table261424[[#This Row],[9]]="","",Table261424[[#This Row],[Weight]:[Weight]]-(Table261424[[#This Row],[Weight]:[Weight]]*((_xlfn.XMATCH(Table261424[[#This Row],[9]],Table261424[[#This Row],[1]:[11]],0))-1)/(COUNTA(Table261424[[#This Row],[1]:[11]])-COUNTBLANK(Table261424[[#This Row],[1]:[11]])-1)))} | AI18: {=IF(Table261424[[#This Row],[10]]="","",Table261424[[#This Row],[Weight]:[Weight]]-(Table261424[[#This Row],[Weight]:[Weight]]*((_xlfn.XMATCH(Table261424[[#This Row],[10]],Table261424[[#This Row],[1]:[11]],0))-1)/(COUNTA(Table261424[[#This Row],[1]:[11]])-COUNTBLANK(Table261424[[#This Row],[1]:[11]])-1)))} | AJ18: {=IF(Table261424[[#This Row],[11]]="","",Table261424[[#This Row],[Weight]:[Weight]]-(Table261424[[#This Row],[Weight]:[Weight]]*((_xlfn.XMATCH(Table261424[[#This Row],[11]],Table261424[[#This Row],[1]:[11]],0))-1)/(COUNTA(Table261424[[#This Row],[1]:[11]])-COUNTBLANK(Table261424[[#This Row],[1]:[11]])-1)))}
A19: 7 | B19: Supports documents, checklists and forms validation based on business rules | C19: Provide the Technical Proposal, Data Sheet and Technical specification or confirmation from the OEM on capability. | G19: Show stopper | H19: {=_xlfn.IFS(G19="","",G19="No interest",0,G19="Nice to have",1,G19="Useful",2,G19="Important",3,G19="Very important",4,G19="Critical",5,G19="Show stopper",6)} -> 6 | I19: =(H19/$H$11)*$G$11 -> 0.00040983607 | J19: 100%: Supported as delivered out of the box, 75%: Supported via modifications (config), 50%: Supported via a third party solution, 25%: Supported via customisation (source code changes), 0%: Not currently supported | K19: {=_xlfn.TEXTJOIN(","&CHAR(10),,TEXT(Table261424[[#This Row],[12]:[22]],"0,00%"))} -> 0,00%, 0,00%, 0,00%, 0,00%, 0,00% | M19: =I19-(I19*((MATCH(Table261424[[#This Row],[Evaluators Response (SELECT)]],Table261424[[#This Row],[1]:[11]],0)-1)/(COUNTA(Table261424[[#This Row],[1]:[11]])-COUNTBLANK(Table261424[[#This Row],[1]:[11]])-1))) -> #N/A | O19: {=IFERROR(INDEX(_xlfn.UNIQUE(TRIM(_xlfn.TEXTSPLIT(Table261424[[#This Row],[Selection Options]:[Selection Options]],","))),,O$11),"")} -> 100%: Supported as delivered out of the box | P19: {=IFERROR(INDEX(_xlfn.UNIQUE(TRIM(_xlfn.TEXTSPLIT(Table261424[[#This Row],[Selection Options]:[Selection Options]],","))),,P$11),"")} -> 75%: Supported via modifications (config) | Q19: {=IFERROR(INDEX(_xlfn.UNIQUE(TRIM(_xlfn.TEXTSPLIT(Table261424[[#This Row],[Selection Options]:[Selection Options]],","))),,Q$11),"")} -> 50%: Supported via a third party solution | R19: {=IFERROR(INDEX(_xlfn.UNIQUE(TRIM(_xlfn.TEXTSPLIT(Table261424[[#This Row],[Selection Options]:[Selection Options]],","))),,R$11),"")} -> 25%: Supported via customisation (source code changes) | S19: {=IFERROR(INDEX(_xlfn.UNIQUE(TRIM(_xlfn.TEXTSPLIT(Table261424[[#This Row],[Selection Options]:[Selection Options]],","))),,S$11),"")} -> 0%: Not currently supported | T19: {=IFERROR(INDEX(_xlfn.UNIQUE(TRIM(_xlfn.TEXTSPLIT(Table261424[[#This Row],[Selection Options]:[Selection Options]],","))),,T$11),"")} | U19: {=IFERROR(INDEX(_xlfn.UNIQUE(TRIM(_xlfn.TEXTSPLIT(Table261424[[#This Row],[Selection Options]:[Selection Options]],","))),,U$11),"")} | V19: {=IFERROR(INDEX(_xlfn.UNIQUE(TRIM(_xlfn.TEXTSPLIT(Table261424[[#This Row],[Selection Options]:[Selection Options]],","))),,V$11),"")} | ... Y19: {=IFERROR(INDEX(_xlfn.UNIQUE(TRIM(_xlfn.TEXTSPLIT(Table261424[[#This Row],[Selection Options]:[Selection Options]],","))),,Y$11),"")} | Z19: {=IF(Table261424[[#This Row],[1]]="","",Table261424[[#This Row],[Weight]:[Weight]]-(Table261424[[#This Row],[Weight]:[Weight]]*((_xlfn.XMATCH(Table261424[[#This Row],[1]],Table261424[[#This Row],[1]:[11]],0))-1)/(COUNTA(Table261424[[#This Row],[1]:[11]])-COUNTBLANK(Table261424[[#This Row],[1]:[11]])-1)))} -> 0.00040983607 | AA19: {=IF(Table261424[[#This Row],[2]]="","",Table261424[[#This Row],[Weight]:[Weight]]-(Table261424[[#This Row],[Weight]:[Weight]]*((_xlfn.XMATCH(Table261424[[#This Row],[2]],Table261424[[#This Row],[1]:[11]],0))-1)/(COUNTA(Table261424[[#This Row],[1]:[11]])-COUNTBLANK(Table261424[[#This Row],[1]:[11]])-1)))} -> 0.00030737705 | AB19: {=IF(Table261424[[#This Row],[3]]="","",Table261424[[#This Row],[Weight]:[Weight]]-(Table261424[[#This Row],[Weight]:[Weight]]*((_xlfn.XMATCH(Table261424[[#This Row],[3]],Table261424[[#This Row],[1]:[11]],0))-1)/(COUNTA(Table261424[[#This Row],[1]:[11]])-COUNTBLANK(Table261424[[#This Row],[1]:[11]])-1)))} -> 0.00020491803 | AC19: {=IF(Table261424[[#This Row],[4]]="","",Table261424[[#This Row],[Weight]:[Weight]]-(Table261424[[#This Row],[Weight]:[Weight]]*((_xlfn.XMATCH(Table261424[[#This Row],[4]],Table261424[[#This Row],[1]:[11]],0))-1)/(COUNTA(Table261424[[#This Row],[1]:[11]])-COUNTBLANK(Table261424[[#This Row],[1]:[11]])-1)))} -> 0.00010245902 | AD19: {=IF(Table261424[[#This Row],[5]]="","",Table261424[[#This Row],[Weight]:[Weight]]-(Table261424[[#This Row],[Weight]:[Weight]]*((_xlfn.XMATCH(Table261424[[#This Row],[5]],Table261424[[#This Row],[1]:[11]],0))-1)/(COUNTA(Table261424[[#This Row],[1]:[11]])-COUNTBLANK(Table261424[[#This Row],[1]:[11]])-1)))} -> 0 | AE19: {=IF(Table261424[[#This Row],[6]]="","",Table261424[[#This Row],[Weight]:[Weight]]-(Table261424[[#This Row],[Weight]:[Weight]]*((_xlfn.XMATCH(Table261424[[#This Row],[6]],Table261424[[#This Row],[1]:[11]],0))-1)/(COUNTA(Table261424[[#This Row],[1]:[11]])-COUNTBLANK(Table261424[[#This Row],[1]:[11]])-1)))} | AF19: {=IF(Table261424[[#This Row],[7]]="","",Table261424[[#This Row],[Weight]:[Weight]]-(Table261424[[#This Row],[Weight]:[Weight]]*((_xlfn.XMATCH(Table261424[[#This Row],[7]],Table261424[[#This Row],[1]:[11]],0))-1)/(COUNTA(Table261424[[#This Row],[1]:[11]])-COUNTBLANK(Table261424[[#This Row],[1]:[11]])-1)))} | AG19: {=IF(Table261424[[#This Row],[8]]="","",Table261424[[#This Row],[Weight]:[Weight]]-(Table261424[[#This Row],[Weight]:[Weight]]*((_xlfn.XMATCH(Table261424[[#This Row],[8]],Table261424[[#This Row],[1]:[11]],0))-1)/(COUNTA(Table261424[[#This Row],[1]:[11]])-COUNTBLANK(Table261424[[#This Row],[1]:[11]])-1)))} | AH19: {=IF(Table261424[[#This Row],[9]]="","",Table261424[[#This Row],[Weight]:[Weight]]-(Table261424[[#This Row],[Weight]:[Weight]]*((_xlfn.XMATCH(Table261424[[#This Row],[9]],Table261424[[#This Row],[1]:[11]],0))-1)/(COUNTA(Table261424[[#This Row],[1]:[11]])-COUNTBLANK(Table261424[[#This Row],[1]:[11]])-1)))} | AI19: {=IF(Table261424[[#This Row],[10]]="","",Table261424[[#This Row],[Weight]:[Weight]]-(Table261424[[#This Row],[Weight]:[Weight]]*((_xlfn.XMATCH(Table261424[[#This Row],[10]],Table261424[[#This Row],[1]:[11]],0))-1)/(COUNTA(Table261424[[#This Row],[1]:[11]])-COUNTBLANK(Table261424[[#This Row],[1]:[11]])-1)))} | AJ19: {=IF(Table261424[[#This Row],[11]]="","",Table261424[[#This Row],[Weight]:[Weight]]-(Table261424[[#This Row],[Weight]:[Weight]]*((_xlfn.XMATCH(Table261424[[#This Row],[11]],Table261424[[#This Row],[1]:[11]],0))-1)/(COUNTA(Table261424[[#This Row],[1]:[11]])-COUNTBLANK(Table261424[[#This Row],[1]:[11]])-1)))}
A20: 8 | B20: Supports bidirectional and native integration with internal core systems in scope e.g. SAP ERP, CRM etc. | C20: Provide the Technical Proposal, Data Sheet and Technical specification or confirmation from the OEM on capability. | G20: Show stopper | H20: {=_xlfn.IFS(G20="","",G20="No interest",0,G20="Nice to have",1,G20="Useful",2,G20="Important",3,G20="Very important",4,G20="Critical",5,G20="Show stopper",6)} -> 6 | I20: =(H20/$H$11)*$G$11 -> 0.00040983607 | J20: 100%: Supported as delivered out of the box, 75%: Supported via modifications (config), 50%: Supported via a third party solution, 25%: Supported via customisation (source code changes), 0%: Not currently supported | K20: {=_xlfn.TEXTJOIN(","&CHAR(10),,TEXT(Table261424[[#This Row],[12]:[22]],"0,00%"))} -> 0,00%, 0,00%, 0,00%, 0,00%, 0,00% | M20: =I20-(I20*((MATCH(Table261424[[#This Row],[Evaluators Response (SELECT)]],Table261424[[#This Row],[1]:[11]],0)-1)/(COUNTA(Table261424[[#This Row],[1]:[11]])-COUNTBLANK(Table261424[[#This Row],[1]:[11]])-1))) -> #N/A | O20: {=IFERROR(INDEX(_xlfn.UNIQUE(TRIM(_xlfn.TEXTSPLIT(Table261424[[#This Row],[Selection Options]:[Selection Options]],","))),,O$11),"")} -> 100%: Supported as delivered out of the box | P20: {=IFERROR(INDEX(_xlfn.UNIQUE(TRIM(_xlfn.TEXTSPLIT(Table261424[[#This Row],[Selection Options]:[Selection Options]],","))),,P$11),"")} -> 75%: Supported via modifications (config) | Q20: {=IFERROR(INDEX(_xlfn.UNIQUE(TRIM(_xlfn.TEXTSPLIT(Table261424[[#This Row],[Selection Options]:[Selection Options]],","))),,Q$11),"")} -> 50%: Supported via a third party solution | R20: {=IFERROR(INDEX(_xlfn.UNIQUE(TRIM(_xlfn.TEXTSPLIT(Table261424[[#This Row],[Selection Options]:[Selection Options]],","))),,R$11),"")} -> 25%: Supported via customisation (source code changes) | S20: {=IFERROR(INDEX(_xlfn.UNIQUE(TRIM(_xlfn.TEXTSPLIT(Table261424[[#This Row],[Selection Options]:[Selection Options]],","))),,S$11),"")} -> 0%: Not currently supported | T20: {=IFERROR(INDEX(_xlfn.UNIQUE(TRIM(_xlfn.TEXTSPLIT(Table261424[[#This Row],[Selection Options]:[Selection Options]],","))),,T$11),"")} | U20: {=IFERROR(INDEX(_xlfn.UNIQUE(TRIM(_xlfn.TEXTSPLIT(Table261424[[#This Row],[Selection Options]:[Selection Options]],","))),,U$11),"")} | V20: {=IFERROR(INDEX(_xlfn.UNIQUE(TRIM(_xlfn.TEXTSPLIT(Table261424[[#This Row],[Selection Options]:[Selection Options]],","))),,V$11),"")} | ... Y20: {=IFERROR(INDEX(_xlfn.UNIQUE(TRIM(_xlfn.TEXTSPLIT(Table261424[[#This Row],[Selection Options]:[Selection Options]],","))),,Y$11),"")} | Z20: {=IF(Table261424[[#This Row],[1]]="","",Table261424[[#This Row],[Weight]:[Weight]]-(Table261424[[#This Row],[Weight]:[Weight]]*((_xlfn.XMATCH(Table261424[[#This Row],[1]],Table261424[[#This Row],[1]:[11]],0))-1)/(COUNTA(Table261424[[#This Row],[1]:[11]])-COUNTBLANK(Table261424[[#This Row],[1]:[11]])-1)))} -> 0.00040983607 | AA20: {=IF(Table261424[[#This Row],[2]]="","",Table261424[[#This Row],[Weight]:[Weight]]-(Table261424[[#This Row],[Weight]:[Weight]]*((_xlfn.XMATCH(Table261424[[#This Row],[2]],Table261424[[#This Row],[1]:[11]],0))-1)/(COUNTA(Table261424[[#This Row],[1]:[11]])-COUNTBLANK(Table261424[[#This Row],[1]:[11]])-1)))} -> 0.00030737705 | AB20: {=IF(Table261424[[#This Row],[3]]="","",Table261424[[#This Row],[Weight]:[Weight]]-(Table261424[[#This Row],[Weight]:[Weight]]*((_xlfn.XMATCH(Table261424[[#This Row],[3]],Table261424[[#This Row],[1]:[11]],0))-1)/(COUNTA(Table261424[[#This Row],[1]:[11]])-COUNTBLANK(Table261424[[#This Row],[1]:[11]])-1)))} -> 0.00020491803 | AC20: {=IF(Table261424[[#This Row],[4]]="","",Table261424[[#This Row],[Weight]:[Weight]]-(Table261424[[#This Row],[Weight]:[Weight]]*((_xlfn.XMATCH(Table261424[[#This Row],[4]],Table261424[[#This Row],[1]:[11]],0))-1)/(COUNTA(Table261424[[#This Row],[1]:[11]])-COUNTBLANK(Table261424[[#This Row],[1]:[11]])-1)))} -> 0.00010245902 | AD20: {=IF(Table261424[[#This Row],[5]]="","",Table261424[[#This Row],[Weight]:[Weight]]-(Table261424[[#This Row],[Weight]:[Weight]]*((_xlfn.XMATCH(Table261424[[#This Row],[5]],Table261424[[#This Row],[1]:[11]],0))-1)/(COUNTA(Table261424[[#This Row],[1]:[11]])-COUNTBLANK(Table261424[[#This Row],[1]:[11]])-1)))} -> 0 | AE20: {=IF(Table261424[[#This Row],[6]]="","",Table261424[[#This Row],[Weight]:[Weight]]-(Table261424[[#This Row],[Weight]:[Weight]]*((_xlfn.XMATCH(Table261424[[#This Row],[6]],Table261424[[#This Row],[1]:[11]],0))-1)/(COUNTA(Table261424[[#This Row],[1]:[11]])-COUNTBLANK(Table261424[[#This Row],[1]:[11]])-1)))} | AF20: {=IF(Table261424[[#This Row],[7]]="","",Table261424[[#This Row],[Weight]:[Weight]]-(Table261424[[#This Row],[Weight]:[Weight]]*((_xlfn.XMATCH(Table261424[[#This Row],[7]],Table261424[[#This Row],[1]:[11]],0))-1)/(COUNTA(Table261424[[#This Row],[1]:[11]])-COUNTBLANK(Table261424[[#This Row],[1]:[11]])-1)))} | AG20: {=IF(Table261424[[#This Row],[8]]="","",Table261424[[#This Row],[Weight]:[Weight]]-(Table261424[[#This Row],[Weight]:[Weight]]*((_xlfn.XMATCH(Table261424[[#This Row],[8]],Table261424[[#This Row],[1]:[11]],0))-1)/(COUNTA(Table261424[[#This Row],[1]:[11]])-COUNTBLANK(Table261424[[#This Row],[1]:[11]])-1)))} | AH20: {=IF(Table261424[[#This Row],[9]]="","",Table261424[[#This Row],[Weight]:[Weight]]-(Table261424[[#This Row],[Weight]:[Weight]]*((_xlfn.XMATCH(Table261424[[#This Row],[9]],Table261424[[#This Row],[1]:[11]],0))-1)/(COUNTA(Table261424[[#This Row],[1]:[11]])-COUNTBLANK(Table261424[[#This Row],[1]:[11]])-1)))} | AI20: {=IF(Table261424[[#This Row],[10]]="","",Table261424[[#This Row],[Weight]:[Weight]]-(Table261424[[#This Row],[Weight]:[Weight]]*((_xlfn.XMATCH(Table261424[[#This Row],[10]],Table261424[[#This Row],[1]:[11]],0))-1)/(COUNTA(Table261424[[#This Row],[1]:[11]])-COUNTBLANK(Table261424[[#This Row],[1]:[11]])-1)))} | AJ20: {=IF(Table261424[[#This Row],[11]]="","",Table261424[[#This Row],[Weight]:[Weight]]-(Table261424[[#This Row],[Weight]:[Weight]]*((_xlfn.XMATCH(Table261424[[#This Row],[11]],Table261424[[#This Row],[1]:[11]],0))-1)/(COUNTA(Table261424[[#This Row],[1]:[11]])-COUNTBLANK(Table261424[[#This Row],[1]:[11]])-1)))}
A21: 9 | B21: Supports document uploads of various file types (MS Office, multimedia, supplier returnables) e.g. governance reports, market research results etc. | C21: Provide the Technical Proposal, Data Sheet and Technical specification or confirmation from the OEM on capability. | G21: Show stopper | H21: {=_xlfn.IFS(G21="","",G21="No interest",0,G21="Nice to have",1,G21="Useful",2,G21="Important",3,G21="Very important",4,G21="Critical",5,G21="Show stopper",6)} -> 6 | I21: =(H21/$H$11)*$G$11 -> 0.00040983607 | J21: 100%: Supported as delivered out of the box, 75%: Supported via modifications (config), 50%: Supported via a third party solution, 25%: Supported via customisation (source code changes), 0%: Not currently supported | K21: {=_xlfn.TEXTJOIN(","&CHAR(10),,TEXT(Table261424[[#This Row],[12]:[22]],"0,00%"))} -> 0,00%, 0,00%, 0,00%, 0,00%, 0,00% | M21: =I21-(I21*((MATCH(Table261424[[#This Row],[Evaluators Response (SELECT)]],Table261424[[#This Row],[1]:[11]],0)-1)/(COUNTA(Table261424[[#This Row],[1]:[11]])-COUNTBLANK(Table261424[[#This Row],[1]:[11]])-1))) -> #N/A | O21: {=IFERROR(INDEX(_xlfn.UNIQUE(TRIM(_xlfn.TEXTSPLIT(Table261424[[#This Row],[Selection Options]:[Selection Options]],","))),,O$11),"")} -> 100%: Supported as delivered out of the box | P21: {=IFERROR(INDEX(_xlfn.UNIQUE(TRIM(_xlfn.TEXTSPLIT(Table261424[[#This Row],[Selection Options]:[Selection Options]],","))),,P$11),"")} -> 75%: Supported via modifications (config) | Q21: {=IFERROR(INDEX(_xlfn.UNIQUE(TRIM(_xlfn.TEXTSPLIT(Table261424[[#This Row],[Selection Options]:[Selection Options]],","))),,Q$11),"")} -> 50%: Supported via a third party solution | R21: {=IFERROR(INDEX(_xlfn.UNIQUE(TRIM(_xlfn.TEXTSPLIT(Table261424[[#This Row],[Selection Options]:[Selection Options]],","))),,R$11),"")} -> 25%: Supported via customisation (source code changes) | S21: {=IFERROR(INDEX(_xlfn.UNIQUE(TRIM(_xlfn.TEXTSPLIT(Table261424[[#This Row],[Selection Options]:[Selection Options]],","))),,S$11),"")} -> 0%: Not currently supported | T21: {=IFERROR(INDEX(_xlfn.UNIQUE(TRIM(_xlfn.TEXTSPLIT(Table261424[[#This Row],[Selection Options]:[Selection Options]],","))),,T$11),"")} | U21: {=IFERROR(INDEX(_xlfn.UNIQUE(TRIM(_xlfn.TEXTSPLIT(Table261424[[#This Row],[Selection Options]:[Selection Options]],","))),,U$11),"")} | V21: {=IFERROR(INDEX(_xlfn.UNIQUE(TRIM(_xlfn.TEXTSPLIT(Table261424[[#This Row],[Selection Options]:[Selection Options]],","))),,V$11),"")} | ... Y21: {=IFERROR(INDEX(_xlfn.UNIQUE(TRIM(_xlfn.TEXTSPLIT(Table261424[[#This Row],[Selection Options]:[Selection Options]],","))),,Y$11),"")} | Z21: {=IF(Table261424[[#This Row],[1]]="","",Table261424[[#This Row],[Weight]:[Weight]]-(Table261424[[#This Row],[Weight]:[Weight]]*((_xlfn.XMATCH(Table261424[[#This Row],[1]],Table261424[[#This Row],[1]:[11]],0))-1)/(COUNTA(Table261424[[#This Row],[1]:[11]])-COUNTBLANK(Table261424[[#This Row],[1]:[11]])-1)))} -> 0.00040983607 | AA21: {=IF(Table261424[[#This Row],[2]]="","",Table261424[[#This Row],[Weight]:[Weight]]-(Table261424[[#This Row],[Weight]:[Weight]]*((_xlfn.XMATCH(Table261424[[#This Row],[2]],Table261424[[#This Row],[1]:[11]],0))-1)/(COUNTA(Table261424[[#This Row],[1]:[11]])-COUNTBLANK(Table261424[[#This Row],[1]:[11]])-1)))} -> 0.00030737705 | AB21: {=IF(Table261424[[#This Row],[3]]="","",Table261424[[#This Row],[Weight]:[Weight]]-(Table261424[[#This Row],[Weight]:[Weight]]*((_xlfn.XMATCH(Table261424[[#This Row],[3]],Table261424[[#This Row],[1]:[11]],0))-1)/(COUNTA(Table261424[[#This Row],[1]:[11]])-COUNTBLANK(Table261424[[#This Row],[1]:[11]])-1)))} -> 0.00020491803 | AC21: {=IF(Table261424[[#This Row],[4]]="","",Table261424[[#This Row],[Weight]:[Weight]]-(Table261424[[#This Row],[Weight]:[Weight]]*((_xlfn.XMATCH(Table261424[[#This Row],[4]],Table261424[[#This Row],[1]:[11]],0))-1)/(COUNTA(Table261424[[#This Row],[1]:[11]])-COUNTBLANK(Table261424[[#This Row],[1]:[11]])-1)))} -> 0.00010245902 | AD21: {=IF(Table261424[[#This Row],[5]]="","",Table261424[[#This Row],[Weight]:[Weight]]-(Table261424[[#This Row],[Weight]:[Weight]]*((_xlfn.XMATCH(Table261424[[#This Row],[5]],Table261424[[#This Row],[1]:[11]],0))-1)/(COUNTA(Table261424[[#This Row],[1]:[11]])-COUNTBLANK(Table261424[[#This Row],[1]:[11]])-1)))} -> 0 | AE21: {=IF(Table261424[[#This Row],[6]]="","",Table261424[[#This Row],[Weight]:[Weight]]-(Table261424[[#This Row],[Weight]:[Weight]]*((_xlfn.XMATCH(Table261424[[#This Row],[6]],Table261424[[#This Row],[1]:[11]],0))-1)/(COUNTA(Table261424[[#This Row],[1]:[11]])-COUNTBLANK(Table261424[[#This Row],[1]:[11]])-1)))} | AF21: {=IF(Table261424[[#This Row],[7]]="","",Table261424[[#This Row],[Weight]:[Weight]]-(Table261424[[#This Row],[Weight]:[Weight]]*((_xlfn.XMATCH(Table261424[[#This Row],[7]],Table261424[[#This Row],[1]:[11]],0))-1)/(COUNTA(Table261424[[#This Row],[1]:[11]])-COUNTBLANK(Table261424[[#This Row],[1]:[11]])-1)))} | AG21: {=IF(Table261424[[#This Row],[8]]="","",Table261424[[#This Row],[Weight]:[Weight]]-(Table261424[[#This Row],[Weight]:[Weight]]*((_xlfn.XMATCH(Table261424[[#This Row],[8]],Table261424[[#This Row],[1]:[11]],0))-1)/(COUNTA(Table261424[[#This Row],[1]:[11]])-COUNTBLANK(Table261424[[#This Row],[1]:[11]])-1)))} | AH21: {=IF(Table261424[[#This Row],[9]]="","",Table261424[[#This Row],[Weight]:[Weight]]-(Table261424[[#This Row],[Weight]:[Weight]]*((_xlfn.XMATCH(Table261424[[#This Row],[9]],Table261424[[#This Row],[1]:[11]],0))-1)/(COUNTA(Table261424[[#This Row],[1]:[11]])-COUNTBLANK(Table261424[[#This Row],[1]:[11]])-1)))} | AI21: {=IF(Table261424[[#This Row],[10]]="","",Table261424[[#This Row],[Weight]:[Weight]]-(Table261424[[#This Row],[Weight]:[Weight]]*((_xlfn.XMATCH(Table261424[[#This Row],[10]],Table261424[[#This Row],[1]:[11]],0))-1)/(COUNTA(Table261424[[#This Row],[1]:[11]])-COUNTBLANK(Table261424[[#This Row],[1]:[11]])-1)))} | AJ21: {=IF(Table261424[[#This Row],[11]]="","",Table261424[[#This Row],[Weight]:[Weight]]-(Table261424[[#This Row],[Weight]:[Weight]]*((_xlfn.XMATCH(Table261424[[#This Row],[11]],Table261424[[#This Row],[1]:[11]],0))-1)/(COUNTA(Table261424[[#This Row],[1]:[11]])-COUNTBLANK(Table261424[[#This Row],[1]:[11]])-1)))}
A22: 10 | B22: Supports supplier information maintenance, capture, updates and deletions with end to end information flow between systems in scope | C22: Provide the Technical Proposal, Data Sheet and Technical specification or confirmation from the OEM on capability. | G22: Show stopper | H22: {=_xlfn.IFS(G22="","",G22="No interest",0,G22="Nice to have",1,G22="Useful",2,G22="Important",3,G22="Very important",4,G22="Critical",5,G22="Show stopper",6)} -> 6 | I22: =(H22/$H$11)*$G$11 -> 0.00040983607 | J22: 100%: Supported as delivered out of the box, 75%: Supported via modifications (config), 50%: Supported via a third party solution, 25%: Supported via customisation (source code changes), 0%: Not currently supported | K22: {=_xlfn.TEXTJOIN(","&CHAR(10),,TEXT(Table261424[[#This Row],[12]:[22]],"0,00%"))} -> 0,00%, 0,00%, 0,00%, 0,00%, 0,00% | M22: =I22-(I22*((MATCH(Table261424[[#This Row],[Evaluators Response (SELECT)]],Table261424[[#This Row],[1]:[11]],0)-1)/(COUNTA(Table261424[[#This Row],[1]:[11]])-COUNTBLANK(Table261424[[#This Row],[1]:[11]])-1))) -> #N/A | O22: {=IFERROR(INDEX(_xlfn.UNIQUE(TRIM(_xlfn.TEXTSPLIT(Table261424[[#This Row],[Selection Options]:[Selection Options]],","))),,O$11),"")} -> 100%: Supported as delivered out of the box | P22: {=IFERROR(INDEX(_xlfn.UNIQUE(TRIM(_xlfn.TEXTSPLIT(Table261424[[#This Row],[Selection Options]:[Selection Options]],","))),,P$11),"")} -> 75%: Supported via modifications (config) | Q22: {=IFERROR(INDEX(_xlfn.UNIQUE(TRIM(_xlfn.TEXTSPLIT(Table261424[[#This Row],[Selection Options]:[Selection Options]],","))),,Q$11),"")} -> 50%: Supported via a third party solution | R22: {=IFERROR(INDEX(_xlfn.UNIQUE(TRIM(_xlfn.TEXTSPLIT(Table261424[[#This Row],[Selection Options]:[Selection Options]],","))),,R$11),"")} -> 25%: Supported via customisation (source code changes) | S22: {=IFERROR(INDEX(_xlfn.UNIQUE(TRIM(_xlfn.TEXTSPLIT(Table261424[[#This Row],[Selection Options]:[Selection Options]],","))),,S$11),"")} -> 0%: Not currently supported | T22: {=IFERROR(INDEX(_xlfn.UNIQUE(TRIM(_xlfn.TEXTSPLIT(Table261424[[#This Row],[Selection Options]:[Selection Options]],","))),,T$11),"")} | U22: {=IFERROR(INDEX(_xlfn.UNIQUE(TRIM(_xlfn.TEXTSPLIT(Table261424[[#This Row],[Selection Options]:[Selection Options]],","))),,U$11),"")} | V22: {=IFERROR(INDEX(_xlfn.UNIQUE(TRIM(_xlfn.TEXTSPLIT(Table261424[[#This Row],[Selection Options]:[Selection Options]],","))),,V$11),"")} | ... Y22: {=IFERROR(INDEX(_xlfn.UNIQUE(TRIM(_xlfn.TEXTSPLIT(Table261424[[#This Row],[Selection Options]:[Selection Options]],","))),,Y$11),"")} | Z22: {=IF(Table261424[[#This Row],[1]]="","",Table261424[[#This Row],[Weight]:[Weight]]-(Table261424[[#This Row],[Weight]:[Weight]]*((_xlfn.XMATCH(Table261424[[#This Row],[1]],Table261424[[#This Row],[1]:[11]],0))-1)/(COUNTA(Table261424[[#This Row],[1]:[11]])-COUNTBLANK(Table261424[[#This Row],[1]:[11]])-1)))} -> 0.00040983607 | AA22: {=IF(Table261424[[#This Row],[2]]="","",Table261424[[#This Row],[Weight]:[Weight]]-(Table261424[[#This Row],[Weight]:[Weight]]*((_xlfn.XMATCH(Table261424[[#This Row],[2]],Table261424[[#This Row],[1]:[11]],0))-1)/(COUNTA(Table261424[[#This Row],[1]:[11]])-COUNTBLANK(Table261424[[#This Row],[1]:[11]])-1)))} -> 0.00030737705 | AB22: {=IF(Table261424[[#This Row],[3]]="","",Table261424[[#This Row],[Weight]:[Weight]]-(Table261424[[#This Row],[Weight]:[Weight]]*((_xlfn.XMATCH(Table261424[[#This Row],[3]],Table261424[[#This Row],[1]:[11]],0))-1)/(COUNTA(Table261424[[#This Row],[1]:[11]])-COUNTBLANK(Table261424[[#This Row],[1]:[11]])-1)))} -> 0.00020491803 | AC22: {=IF(Table261424[[#This Row],[4]]="","",Table261424[[#This Row],[Weight]:[Weight]]-(Table261424[[#This Row],[Weight]:[Weight]]*((_xlfn.XMATCH(Table261424[[#This Row],[4]],Table261424[[#This Row],[1]:[11]],0))-1)/(COUNTA(Table261424[[#This Row],[1]:[11]])-COUNTBLANK(Table261424[[#This Row],[1]:[11]])-1)))} -> 0.00010245902 | AD22: {=IF(Table261424[[#This Row],[5]]="","",Table261424[[#This Row],[Weight]:[Weight]]-(Table261424[[#This Row],[Weight]:[Weight]]*((_xlfn.XMATCH(Table261424[[#This Row],[5]],Table261424[[#This Row],[1]:[11]],0))-1)/(COUNTA(Table261424[[#This Row],[1]:[11]])-COUNTBLANK(Table261424[[#This Row],[1]:[11]])-1)))} -> 0 | AE22: {=IF(Table261424[[#This Row],[6]]="","",Table261424[[#This Row],[Weight]:[Weight]]-(Table261424[[#This Row],[Weight]:[Weight]]*((_xlfn.XMATCH(Table261424[[#This Row],[6]],Table261424[[#This Row],[1]:[11]],0))-1)/(COUNTA(Table261424[[#This Row],[1]:[11]])-COUNTBLANK(Table261424[[#This Row],[1]:[11]])-1)))} | AF22: {=IF(Table261424[[#This Row],[7]]="","",Table261424[[#This Row],[Weight]:[Weight]]-(Table261424[[#This Row],[Weight]:[Weight]]*((_xlfn.XMATCH(Table261424[[#This Row],[7]],Table261424[[#This Row],[1]:[11]],0))-1)/(COUNTA(Table261424[[#This Row],[1]:[11]])-COUNTBLANK(Table261424[[#This Row],[1]:[11]])-1)))} | AG22: {=IF(Table261424[[#This Row],[8]]="","",Table261424[[#This Row],[Weight]:[Weight]]-(Table261424[[#This Row],[Weight]:[Weight]]*((_xlfn.XMATCH(Table261424[[#This Row],[8]],Table261424[[#This Row],[1]:[11]],0))-1)/(COUNTA(Table261424[[#This Row],[1]:[11]])-COUNTBLANK(Table261424[[#This Row],[1]:[11]])-1)))} | AH22: {=IF(Table261424[[#This Row],[9]]="","",Table261424[[#This Row],[Weight]:[Weight]]-(Table261424[[#This Row],[Weight]:[Weight]]*((_xlfn.XMATCH(Table261424[[#This Row],[9]],Table261424[[#This Row],[1]:[11]],0))-1)/(COUNTA(Table261424[[#This Row],[1]:[11]])-COUNTBLANK(Table261424[[#This Row],[1]:[11]])-1)))} | AI22: {=IF(Table261424[[#This Row],[10]]="","",Table261424[[#This Row],[Weight]:[Weight]]-(Table261424[[#This Row],[Weight]:[Weight]]*((_xlfn.XMATCH(Table261424[[#This Row],[10]],Table261424[[#This Row],[1]:[11]],0))-1)/(COUNTA(Table261424[[#This Row],[1]:[11]])-COUNTBLANK(Table261424[[#This Row],[1]:[11]])-1)))} | AJ22: {=IF(Table261424[[#This Row],[11]]="","",Table261424[[#This Row],[Weight]:[Weight]]-(Table261424[[#This Row],[Weight]:[Weight]]*((_xlfn.XMATCH(Table261424[[#This Row],[11]],Table261424[[#This Row],[1]:[11]],0))-1)/(COUNTA(Table261424[[#This Row],[1]:[11]])-COUNTBLANK(Table261424[[#This Row],[1]:[11]])-1)))}
A23: 11 | B23: Supports documents, checklists and forms validation and trigger notifications with rejection reasons based on business rules | C23: Provide the Technical Proposal, Data Sheet and Technical specification or confirmation from the OEM on capability. | G23: Show stopper | H23: {=_xlfn.IFS(G23="","",G23="No interest",0,G23="Nice to have",1,G23="Useful",2,G23="Important",3,G23="Very important",4,G23="Critical",5,G23="Show stopper",6)} -> 6 | I23: =(H23/$H$11)*$G$11 -> 0.00040983607 | J23: 100%: Supported as delivered out of the box, 75%: Supported via modifications (config), 50%: Supported via a third party solution, 25%: Supported via customisation (source code changes), 0%: Not currently supported | K23: {=_xlfn.TEXTJOIN(","&CHAR(10),,TEXT(Table261424[[#This Row],[12]:[22]],"0,00%"))} -> 0,00%, 0,00%, 0,00%, 0,00%, 0,00% | M23: =I23-(I23*((MATCH(Table261424[[#This Row],[Evaluators Response (SELECT)]],Table261424[[#This Row],[1]:[11]],0)-1)/(COUNTA(Table261424[[#This Row],[1]:[11]])-COUNTBLANK(Table261424[[#This Row],[1]:[11]])-1))) -> #N/A | O23: {=IFERROR(INDEX(_xlfn.UNIQUE(TRIM(_xlfn.TEXTSPLIT(Table261424[[#This Row],[Selection Options]:[Selection Options]],","))),,O$11),"")} -> 100%: Supported as delivered out of the box | P23: {=IFERROR(INDEX(_xlfn.UNIQUE(TRIM(_xlfn.TEXTSPLIT(Table261424[[#This Row],[Selection Options]:[Selection Options]],","))),,P$11),"")} -> 75%: Supported via modifications (config) | Q23: {=IFERROR(INDEX(_xlfn.UNIQUE(TRIM(_xlfn.TEXTSPLIT(Table261424[[#This Row],[Selection Options]:[Selection Options]],","))),,Q$11),"")} -> 50%: Supported via a third party solution | R23: {=IFERROR(INDEX(_xlfn.UNIQUE(TRIM(_xlfn.TEXTSPLIT(Table261424[[#This Row],[Selection Options]:[Selection Options]],","))),,R$11),"")} -> 25%: Supported via customisation (source code changes) | S23: {=IFERROR(INDEX(_xlfn.UNIQUE(TRIM(_xlfn.TEXTSPLIT(Table261424[[#This Row],[Selection Options]:[Selection Options]],","))),,S$11),"")} -> 0%: Not currently supported | T23: {=IFERROR(INDEX(_xlfn.UNIQUE(TRIM(_xlfn.TEXTSPLIT(Table261424[[#This Row],[Selection Options]:[Selection Options]],","))),,T$11),"")} | U23: {=IFERROR(INDEX(_xlfn.UNIQUE(TRIM(_xlfn.TEXTSPLIT(Table261424[[#This Row],[Selection Options]:[Selection Options]],","))),,U$11),"")} | V23: {=IFERROR(INDEX(_xlfn.UNIQUE(TRIM(_xlfn.TEXTSPLIT(Table261424[[#This Row],[Selection Options]:[Selection Options]],","))),,V$11),"")} | ... Y23: {=IFERROR(INDEX(_xlfn.UNIQUE(TRIM(_xlfn.TEXTSPLIT(Table261424[[#This Row],[Selection Options]:[Selection Options]],","))),,Y$11),"")} | Z23: {=IF(Table261424[[#This Row],[1]]="","",Table261424[[#This Row],[Weight]:[Weight]]-(Table261424[[#This Row],[Weight]:[Weight]]*((_xlfn.XMATCH(Table261424[[#This Row],[1]],Table261424[[#This Row],[1]:[11]],0))-1)/(COUNTA(Table261424[[#This Row],[1]:[11]])-COUNTBLANK(Table261424[[#This Row],[1]:[11]])-1)))} -> 0.00040983607 | AA23: {=IF(Table261424[[#This Row],[2]]="","",Table261424[[#This Row],[Weight]:[Weight]]-(Table261424[[#This Row],[Weight]:[Weight]]*((_xlfn.XMATCH(Table261424[[#This Row],[2]],Table261424[[#This Row],[1]:[11]],0))-1)/(COUNTA(Table261424[[#This Row],[1]:[11]])-COUNTBLANK(Table261424[[#This Row],[1]:[11]])-1)))} -> 0.00030737705 | AB23: {=IF(Table261424[[#This Row],[3]]="","",Table261424[[#This Row],[Weight]:[Weight]]-(Table261424[[#This Row],[Weight]:[Weight]]*((_xlfn.XMATCH(Table261424[[#This Row],[3]],Table261424[[#This Row],[1]:[11]],0))-1)/(COUNTA(Table261424[[#This Row],[1]:[11]])-COUNTBLANK(Table261424[[#This Row],[1]:[11]])-1)))} -> 0.00020491803 | AC23: {=IF(Table261424[[#This Row],[4]]="","",Table261424[[#This Row],[Weight]:[Weight]]-(Table261424[[#This Row],[Weight]:[Weight]]*((_xlfn.XMATCH(Table261424[[#This Row],[4]],Table261424[[#This Row],[1]:[11]],0))-1)/(COUNTA(Table261424[[#This Row],[1]:[11]])-COUNTBLANK(Table261424[[#This Row],[1]:[11]])-1)))} -> 0.00010245902 | AD23: {=IF(Table261424[[#This Row],[5]]="","",Table261424[[#This Row],[Weight]:[Weight]]-(Table261424[[#This Row],[Weight]:[Weight]]*((_xlfn.XMATCH(Table261424[[#This Row],[5]],Table261424[[#This Row],[1]:[11]],0))-1)/(COUNTA(Table261424[[#This Row],[1]:[11]])-COUNTBLANK(Table261424[[#This Row],[1]:[11]])-1)))} -> 0 | AE23: {=IF(Table261424[[#This Row],[6]]="","",Table261424[[#This Row],[Weight]:[Weight]]-(Table261424[[#This Row],[Weight]:[Weight]]*((_xlfn.XMATCH(Table261424[[#This Row],[6]],Table261424[[#This Row],[1]:[11]],0))-1)/(COUNTA(Table261424[[#This Row],[1]:[11]])-COUNTBLANK(Table261424[[#This Row],[1]:[11]])-1)))} | AF23: {=IF(Table261424[[#This Row],[7]]="","",Table261424[[#This Row],[Weight]:[Weight]]-(Table261424[[#This Row],[Weight]:[Weight]]*((_xlfn.XMATCH(Table261424[[#This Row],[7]],Table261424[[#This Row],[1]:[11]],0))-1)/(COUNTA(Table261424[[#This Row],[1]:[11]])-COUNTBLANK(Table261424[[#This Row],[1]:[11]])-1)))} | AG23: {=IF(Table261424[[#This Row],[8]]="","",Table261424[[#This Row],[Weight]:[Weight]]-(Table261424[[#This Row],[Weight]:[Weight]]*((_xlfn.XMATCH(Table261424[[#This Row],[8]],Table261424[[#This Row],[1]:[11]],0))-1)/(COUNTA(Table261424[[#This Row],[1]:[11]])-COUNTBLANK(Table261424[[#This Row],[1]:[11]])-1)))} | AH23: {=IF(Table261424[[#This Row],[9]]="","",Table261424[[#This Row],[Weight]:[Weight]]-(Table261424[[#This Row],[Weight]:[Weight]]*((_xlfn.XMATCH(Table261424[[#This Row],[9]],Table261424[[#This Row],[1]:[11]],0))-1)/(COUNTA(Table261424[[#This Row],[1]:[11]])-COUNTBLANK(Table261424[[#This Row],[1]:[11]])-1)))} | AI23: {=IF(Table261424[[#This Row],[10]]="","",Table261424[[#This Row],[Weight]:[Weight]]-(Table261424[[#This Row],[Weight]:[Weight]]*((_xlfn.XMATCH(Table261424[[#This Row],[10]],Table261424[[#This Row],[1]:[11]],0))-1)/(COUNTA(Table261424[[#This Row],[1]:[11]])-COUNTBLANK(Table261424[[#This Row],[1]:[11]])-1)))} | AJ23: {=IF(Table261424[[#This Row],[11]]="","",Table261424[[#This Row],[Weight]:[Weight]]-(Table261424[[#This Row],[Weight]:[Weight]]*((_xlfn.XMATCH(Table261424[[#This Row],[11]],Table261424[[#This Row],[1]:[11]],0))-1)/(COUNTA(Table261424[[#This Row],[1]:[11]])-COUNTBLANK(Table261424[[#This Row],[1]:[11]])-1)))}
A24: 12 | B24: Supports mandatory field creation and flagging based on business rules, e.g. validity dates of supplier blocking/flagging | C24: Provide the Technical Proposal, Data Sheet and Technical specification or confirmation from the OEM on capability. | G24: Show stopper | H24: {=_xlfn.IFS(G24="","",G24="No interest",0,G24="Nice to have",1,G24="Useful",2,G24="Important",3,G24="Very important",4,G24="Critical",5,G24="Show stopper",6)} -> 6 | I24: =(H24/$H$11)*$G$11 -> 0.00040983607 | J24: 100%: Supported as delivered out of the box, 75%: Supported via modifications (config), 50%: Supported via a third party solution, 25%: Supported via customisation (source code changes), 0%: Not currently supported | K24: {=_xlfn.TEXTJOIN(","&CHAR(10),,TEXT(Table261424[[#This Row],[12]:[22]],"0,00%"))} -> 0,00%, 0,00%, 0,00%, 0,00%, 0,00% | M24: =I24-(I24*((MATCH(Table261424[[#This Row],[Evaluators Response (SELECT)]],Table261424[[#This Row],[1]:[11]],0)-1)/(COUNTA(Table261424[[#This Row],[1]:[11]])-COUNTBLANK(Table261424[[#This Row],[1]:[11]])-1))) -> #N/A | O24: {=IFERROR(INDEX(_xlfn.UNIQUE(TRIM(_xlfn.TEXTSPLIT(Table261424[[#This Row],[Selection Options]:[Selection Options]],","))),,O$11),"")} -> 100%: Supported as delivered out of the box | P24: {=IFERROR(INDEX(_xlfn.UNIQUE(TRIM(_xlfn.TEXTSPLIT(Table261424[[#This Row],[Selection Options]:[Selection Options]],","))),,P$11),"")} -> 75%: Supported via modifications (config) | Q24: {=IFERROR(INDEX(_xlfn.UNIQUE(TRIM(_xlfn.TEXTSPLIT(Table261424[[#This Row],[Selection Options]:[Selection Options]],","))),,Q$11),"")} -> 50%: Supported via a third party solution | R24: {=IFERROR(INDEX(_xlfn.UNIQUE(TRIM(_xlfn.TEXTSPLIT(Table261424[[#This Row],[Selection Options]:[Selection Options]],","))),,R$11),"")} -> 25%: Supported via customisation (source code changes) | S24: {=IFERROR(INDEX(_xlfn.UNIQUE(TRIM(_xlfn.TEXTSPLIT(Table261424[[#This Row],[Selection Options]:[Selection Options]],","))),,S$11),"")} -> 0%: Not currently supported | T24: {=IFERROR(INDEX(_xlfn.UNIQUE(TRIM(_xlfn.TEXTSPLIT(Table261424[[#This Row],[Selection Options]:[Selection Options]],","))),,T$11),"")} | U24: {=IFERROR(INDEX(_xlfn.UNIQUE(TRIM(_xlfn.TEXTSPLIT(Table261424[[#This Row],[Selection Options]:[Selection Options]],","))),,U$11),"")} | V24: {=IFERROR(INDEX(_xlfn.UNIQUE(TRIM(_xlfn.TEXTSPLIT(Table261424[[#This Row],[Selection Options]:[Selection Options]],","))),,V$11),"")} | ... Y24: {=IFERROR(INDEX(_xlfn.UNIQUE(TRIM(_xlfn.TEXTSPLIT(Table261424[[#This Row],[Selection Options]:[Selection Options]],","))),,Y$11),"")} | Z24: {=IF(Table261424[[#This Row],[1]]="","",Table261424[[#This Row],[Weight]:[Weight]]-(Table261424[[#This Row],[Weight]:[Weight]]*((_xlfn.XMATCH(Table261424[[#This Row],[1]],Table261424[[#This Row],[1]:[11]],0))-1)/(COUNTA(Table261424[[#This Row],[1]:[11]])-COUNTBLANK(Table261424[[#This Row],[1]:[11]])-1)))} -> 0.00040983607 | AA24: {=IF(Table261424[[#This Row],[2]]="","",Table261424[[#This Row],[Weight]:[Weight]]-(Table261424[[#This Row],[Weight]:[Weight]]*((_xlfn.XMATCH(Table261424[[#This Row],[2]],Table261424[[#This Row],[1]:[11]],0))-1)/(COUNTA(Table261424[[#This Row],[1]:[11]])-COUNTBLANK(Table261424[[#This Row],[1]:[11]])-1)))} -> 0.00030737705 | AB24: {=IF(Table261424[[#This Row],[3]]="","",Table261424[[#This Row],[Weight]:[Weight]]-(Table261424[[#This Row],[Weight]:[Weight]]*((_xlfn.XMATCH(Table261424[[#This Row],[3]],Table261424[[#This Row],[1]:[11]],0))-1)/(COUNTA(Table261424[[#This Row],[1]:[11]])-COUNTBLANK(Table261424[[#This Row],[1]:[11]])-1)))} -> 0.00020491803 | AC24: {=IF(Table261424[[#This Row],[4]]="","",Table261424[[#This Row],[Weight]:[Weight]]-(Table261424[[#This Row],[Weight]:[Weight]]*((_xlfn.XMATCH(Table261424[[#This Row],[4]],Table261424[[#This Row],[1]:[11]],0))-1)/(COUNTA(Table261424[[#This Row],[1]:[11]])-COUNTBLANK(Table261424[[#This Row],[1]:[11]])-1)))} -> 0.00010245902 | AD24: {=IF(Table261424[[#This Row],[5]]="","",Table261424[[#This Row],[Weight]:[Weight]]-(Table261424[[#This Row],[Weight]:[Weight]]*((_xlfn.XMATCH(Table261424[[#This Row],[5]],Table261424[[#This Row],[1]:[11]],0))-1)/(COUNTA(Table261424[[#This Row],[1]:[11]])-COUNTBLANK(Table261424[[#This Row],[1]:[11]])-1)))} -> 0 | AE24: {=IF(Table261424[[#This Row],[6]]="","",Table261424[[#This Row],[Weight]:[Weight]]-(Table261424[[#This Row],[Weight]:[Weight]]*((_xlfn.XMATCH(Table261424[[#This Row],[6]],Table261424[[#This Row],[1]:[11]],0))-1)/(COUNTA(Table261424[[#This Row],[1]:[11]])-COUNTBLANK(Table261424[[#This Row],[1]:[11]])-1)))} | AF24: {=IF(Table261424[[#This Row],[7]]="","",Table261424[[#This Row],[Weight]:[Weight]]-(Table261424[[#This Row],[Weight]:[Weight]]*((_xlfn.XMATCH(Table261424[[#This Row],[7]],Table261424[[#This Row],[1]:[11]],0))-1)/(COUNTA(Table261424[[#This Row],[1]:[11]])-COUNTBLANK(Table261424[[#This Row],[1]:[11]])-1)))} | AG24: {=IF(Table261424[[#This Row],[8]]="","",Table261424[[#This Row],[Weight]:[Weight]]-(Table261424[[#This Row],[Weight]:[Weight]]*((_xlfn.XMATCH(Table261424[[#This Row],[8]],Table261424[[#This Row],[1]:[11]],0))-1)/(COUNTA(Table261424[[#This Row],[1]:[11]])-COUNTBLANK(Table261424[[#This Row],[1]:[11]])-1)))} | AH24: {=IF(Table261424[[#This Row],[9]]="","",Table261424[[#This Row],[Weight]:[Weight]]-(Table261424[[#This Row],[Weight]:[Weight]]*((_xlfn.XMATCH(Table261424[[#This Row],[9]],Table261424[[#This Row],[1]:[11]],0))-1)/(COUNTA(Table261424[[#This Row],[1]:[11]])-COUNTBLANK(Table261424[[#This Row],[1]:[11]])-1)))} | AI24: {=IF(Table261424[[#This Row],[10]]="","",Table261424[[#This Row],[Weight]:[Weight]]-(Table261424[[#This Row],[Weight]:[Weight]]*((_xlfn.XMATCH(Table261424[[#This Row],[10]],Table261424[[#This Row],[1]:[11]],0))-1)/(COUNTA(Table261424[[#This Row],[1]:[11]])-COUNTBLANK(Table261424[[#This Row],[1]:[11]])-1)))} | AJ24: {=IF(Table261424[[#This Row],[11]]="","",Table261424[[#This Row],[Weight]:[Weight]]-(Table261424[[#This Row],[Weight]:[Weight]]*((_xlfn.XMATCH(Table261424[[#This Row],[11]],Table261424[[#This Row],[1]:[11]],0))-1)/(COUNTA(Table261424[[#This Row],[1]:[11]])-COUNTBLANK(Table261424[[#This Row],[1]:[11]])-1)))}
A25: 13 | B25: Supports easily configurable, self-service workflow capability to route transactions, documentation for actioning and approval with clear visibility of status across the transaction flow based on business rules, e.g. approval of task order, contract modification etc. | C25: Provide the Technical Proposal, Data Sheet and Technical specification or confirmation from the OEM on capability. | G25: Show stopper | H25: {=_xlfn.IFS(G25="","",G25="No interest",0,G25="Nice to have",1,G25="Useful",2,G25="Important",3,G25="Very important",4,G25="Critical",5,G25="Show stopper",6)} -> 6 | I25: =(H25/$H$11)*$G$11 -> 0.00040983607 | J25: 100%: Supported as delivered out of the box, 75%: Supported via modifications (config), 50%: Supported via a third party solution, 25%: Supported via customisation (source code changes), 0%: Not currently supported | K25: {=_xlfn.TEXTJOIN(","&CHAR(10),,TEXT(Table261424[[#This Row],[12]:[22]],"0,00%"))} -> 0,00%, 0,00%, 0,00%, 0,00%, 0,00% | M25: =I25-(I25*((MATCH(Table261424[[#This Row],[Evaluators Response (SELECT)]],Table261424[[#This Row],[1]:[11]],0)-1)/(COUNTA(Table261424[[#This Row],[1]:[11]])-COUNTBLANK(Table261424[[#This Row],[1]:[11]])-1))) -> #N/A | O25: {=IFERROR(INDEX(_xlfn.UNIQUE(TRIM(_xlfn.TEXTSPLIT(Table261424[[#This Row],[Selection Options]:[Selection Options]],","))),,O$11),"")} -> 100%: Supported as delivered out of the box | P25: {=IFERROR(INDEX(_xlfn.UNIQUE(TRIM(_xlfn.TEXTSPLIT(Table261424[[#This Row],[Selection Options]:[Selection Options]],","))),,P$11),"")} -> 75%: Supported via modifications (config) | Q25: {=IFERROR(INDEX(_xlfn.UNIQUE(TRIM(_xlfn.TEXTSPLIT(Table261424[[#This Row],[Selection Options]:[Selection Options]],","))),,Q$11),"")} -> 50%: Supported via a third party solution | R25: {=IFERROR(INDEX(_xlfn.UNIQUE(TRIM(_xlfn.TEXTSPLIT(Table261424[[#This Row],[Selection Options]:[Selection Options]],","))),,R$11),"")} -> 25%: Supported via customisation (source code changes) | S25: {=IFERROR(INDEX(_xlfn.UNIQUE(TRIM(_xlfn.TEXTSPLIT(Table261424[[#This Row],[Selection Options]:[Selection Options]],","))),,S$11),"")} -> 0%: Not currently supported | T25: {=IFERROR(INDEX(_xlfn.UNIQUE(TRIM(_xlfn.TEXTSPLIT(Table261424[[#This Row],[Selection Options]:[Selection Options]],","))),,T$11),"")} | U25: {=IFERROR(INDEX(_xlfn.UNIQUE(TRIM(_xlfn.TEXTSPLIT(Table261424[[#This Row],[Selection Options]:[Selection Options]],","))),,U$11),"")} | V25: {=IFERROR(INDEX(_xlfn.UNIQUE(TRIM(_xlfn.TEXTSPLIT(Table261424[[#This Row],[Selection Options]:[Selection Options]],","))),,V$11),"")} | ... Y25: {=IFERROR(INDEX(_xlfn.UNIQUE(TRIM(_xlfn.TEXTSPLIT(Table261424[[#This Row],[Selection Options]:[Selection Options]],","))),,Y$11),"")} | Z25: {=IF(Table261424[[#This Row],[1]]="","",Table261424[[#This Row],[Weight]:[Weight]]-(Table261424[[#This Row],[Weight]:[Weight]]*((_xlfn.XMATCH(Table261424[[#This Row],[1]],Table261424[[#This Row],[1]:[11]],0))-1)/(COUNTA(Table261424[[#This Row],[1]:[11]])-COUNTBLANK(Table261424[[#This Row],[1]:[11]])-1)))} -> 0.00040983607 | AA25: {=IF(Table261424[[#This Row],[2]]="","",Table261424[[#This Row],[Weight]:[Weight]]-(Table261424[[#This Row],[Weight]:[Weight]]*((_xlfn.XMATCH(Table261424[[#This Row],[2]],Table261424[[#This Row],[1]:[11]],0))-1)/(COUNTA(Table261424[[#This Row],[1]:[11]])-COUNTBLANK(Table261424[[#This Row],[1]:[11]])-1)))} -> 0.00030737705 | AB25: {=IF(Table261424[[#This Row],[3]]="","",Table261424[[#This Row],[Weight]:[Weight]]-(Table261424[[#This Row],[Weight]:[Weight]]*((_xlfn.XMATCH(Table261424[[#This Row],[3]],Table261424[[#This Row],[1]:[11]],0))-1)/(COUNTA(Table261424[[#This Row],[1]:[11]])-COUNTBLANK(Table261424[[#This Row],[1]:[11]])-1)))} -> 0.00020491803 | AC25: {=IF(Table261424[[#This Row],[4]]="","",Table261424[[#This Row],[Weight]:[Weight]]-(Table261424[[#This Row],[Weight]:[Weight]]*((_xlfn.XMATCH(Table261424[[#This Row],[4]],Table261424[[#This Row],[1]:[11]],0))-1)/(COUNTA(Table261424[[#This Row],[1]:[11]])-COUNTBLANK(Table261424[[#This Row],[1]:[11]])-1)))} -> 0.00010245902 | AD25: {=IF(Table261424[[#This Row],[5]]="","",Table261424[[#This Row],[Weight]:[Weight]]-(Table261424[[#This Row],[Weight]:[Weight]]*((_xlfn.XMATCH(Table261424[[#This Row],[5]],Table261424[[#This Row],[1]:[11]],0))-1)/(COUNTA(Table261424[[#This Row],[1]:[11]])-COUNTBLANK(Table261424[[#This Row],[1]:[11]])-1)))} -> 0 | AE25: {=IF(Table261424[[#This Row],[6]]="","",Table261424[[#This Row],[Weight]:[Weight]]-(Table261424[[#This Row],[Weight]:[Weight]]*((_xlfn.XMATCH(Table261424[[#This Row],[6]],Table261424[[#This Row],[1]:[11]],0))-1)/(COUNTA(Table261424[[#This Row],[1]:[11]])-COUNTBLANK(Table261424[[#This Row],[1]:[11]])-1)))} | AF25: {=IF(Table261424[[#This Row],[7]]="","",Table261424[[#This Row],[Weight]:[Weight]]-(Table261424[[#This Row],[Weight]:[Weight]]*((_xlfn.XMATCH(Table261424[[#This Row],[7]],Table261424[[#This Row],[1]:[11]],0))-1)/(COUNTA(Table261424[[#This Row],[1]:[11]])-COUNTBLANK(Table261424[[#This Row],[1]:[11]])-1)))} | AG25: {=IF(Table261424[[#This Row],[8]]="","",Table261424[[#This Row],[Weight]:[Weight]]-(Table261424[[#This Row],[Weight]:[Weight]]*((_xlfn.XMATCH(Table261424[[#This Row],[8]],Table261424[[#This Row],[1]:[11]],0))-1)/(COUNTA(Table261424[[#This Row],[1]:[11]])-COUNTBLANK(Table261424[[#This Row],[1]:[11]])-1)))} | AH25: {=IF(Table261424[[#This Row],[9]]="","",Table261424[[#This Row],[Weight]:[Weight]]-(Table261424[[#This Row],[Weight]:[Weight]]*((_xlfn.XMATCH(Table261424[[#This Row],[9]],Table261424[[#This Row],[1]:[11]],0))-1)/(COUNTA(Table261424[[#This Row],[1]:[11]])-COUNTBLANK(Table261424[[#This Row],[1]:[11]])-1)))} | AI25: {=IF(Table261424[[#This Row],[10]]="","",Table261424[[#This Row],[Weight]:[Weight]]-(Table261424[[#This Row],[Weight]:[Weight]]*((_xlfn.XMATCH(Table261424[[#This Row],[10]],Table261424[[#This Row],[1]:[11]],0))-1)/(COUNTA(Table261424[[#This Row],[1]:[11]])-COUNTBLANK(Table261424[[#This Row],[1]:[11]])-1)))} | AJ25: {=IF(Table261424[[#This Row],[11]]="","",Table261424[[#This Row],[Weight]:[Weight]]-(Table261424[[#This Row],[Weight]:[Weight]]*((_xlfn.XMATCH(Table261424[[#This Row],[11]],Table261424[[#This Row],[1]:[11]],0))-1)/(COUNTA(Table261424[[#This Row],[1]:[11]])-COUNTBLANK(Table261424[[#This Row],[1]:[11]])-1)))}
... A115: 103 | B115: Supports checking and validation of supplier commodities and other pertinent business data/processes (e.g. SHEQ) on the CSD database vs. the ones in the vendor master data solution and trigger workflow enabled actions based on business rules | C115: Provide the Technical Proposal, Data Sheet and Technical specification or confirmation from the OEM on capability. | G115: Critical | H115: {=_xlfn.IFS(G115="","",G115="No interest",0,G115="Nice to have",1,G115="Useful",2,G115="Important",3,G115="Very important",4,G115="Critical",5,G115="Show stopper",6)} -> 5 | I115: =(H115/$H$11)*$G$11 -> 0.00034153005 | J115: 100%: Supported as delivered out of the box, 75%: Supported via modifications (config), 50%: Supported via a third party solution, 25%: Supported via customisation (source code changes), 0%: Not currently supported | K115: {=_xlfn.TEXTJOIN(","&CHAR(10),,TEXT(Table261424[[#This Row],[12]:[22]],"0,00%"))} -> 0,00%, 0,00%, 0,00%, 0,00%, 0,00% | M115: =I115-(I115*((MATCH(Table261424[[#This Row],[Evaluators Response (SELECT)]],Table261424[[#This Row],[1]:[11]],0)-1)/(COUNTA(Table261424[[#This Row],[1]:[11]])-COUNTBLANK(Table261424[[#This Row],[1]:[11]])-1))) -> #N/A | O115: {=IFERROR(INDEX(_xlfn.UNIQUE(TRIM(_xlfn.TEXTSPLIT(Table261424[[#This Row],[Selection Options]:[Selection Options]],","))),,O$11),"")} -> 100%: Supported as delivered out of the box | P115: {=IFERROR(INDEX(_xlfn.UNIQUE(TRIM(_xlfn.TEXTSPLIT(Table261424[[#This Row],[Selection Options]:[Selection Options]],","))),,P$11),"")} -> 75%: Supported via modifications (config) | Q115: {=IFERROR(INDEX(_xlfn.UNIQUE(TRIM(_xlfn.TEXTSPLIT(Table261424[[#This Row],[Selection Options]:[Selection Options]],","))),,Q$11),"")} -> 50%: Supported via a third party solution | R115: {=IFERROR(INDEX(_xlfn.UNIQUE(TRIM(_xlfn.TEXTSPLIT(Table261424[[#This Row],[Selection Options]:[Selection Options]],","))),,R$11),"")} -> 25%: Supported via customisation (source code changes) | S115: {=IFERROR(INDEX(_xlfn.UNIQUE(TRIM(_xlfn.TEXTSPLIT(Table261424[[#This Row],[Selection Options]:[Selection Options]],","))),,S$11),"")} -> 0%: Not currently supported | T115: {=IFERROR(INDEX(_xlfn.UNIQUE(TRIM(_xlfn.TEXTSPLIT(Table261424[[#This Row],[Selection Options]:[Selection Options]],","))),,T$11),"")} | U115: {=IFERROR(INDEX(_xlfn.UNIQUE(TRIM(_xlfn.TEXTSPLIT(Table261424[[#This Row],[Selection Options]:[Selection Options]],","))),,U$11),"")} | V115: {=IFERROR(INDEX(_xlfn.UNIQUE(TRIM(_xlfn.TEXTSPLIT(Table261424[[#This Row],[Selection Options]:[Selection Options]],","))),,V$11),"")} | ... Y115: {=IFERROR(INDEX(_xlfn.UNIQUE(TRIM(_xlfn.TEXTSPLIT(Table261424[[#This Row],[Selection Options]:[Selection Options]],","))),,Y$11),"")} | Z115: {=IF(Table261424[[#This Row],[1]]="","",Table261424[[#This Row],[Weight]:[Weight]]-(Table261424[[#This Row],[Weight]:[Weight]]*((_xlfn.XMATCH(Table261424[[#This Row],[1]],Table261424[[#This Row],[1]:[11]],0))-1)/(COUNTA(Table261424[[#This Row],[1]:[11]])-COUNTBLANK(Table261424[[#This Row],[1]:[11]])-1)))} -> 0.00034153005 | AA115: {=IF(Table261424[[#This Row],[2]]="","",Table261424[[#This Row],[Weight]:[Weight]]-(Table261424[[#This Row],[Weight]:[Weight]]*((_xlfn.XMATCH(Table261424[[#This Row],[2]],Table261424[[#This Row],[1]:[11]],0))-1)/(COUNTA(Table261424[[#This Row],[1]:[11]])-COUNTBLANK(Table261424[[#This Row],[1]:[11]])-1)))} -> 0.00025614754 | AB115: {=IF(Table261424[[#This Row],[3]]="","",Table261424[[#This Row],[Weight]:[Weight]]-(Table261424[[#This Row],[Weight]:[Weight]]*((_xlfn.XMATCH(Table261424[[#This Row],[3]],Table261424[[#This Row],[1]:[11]],0))-1)/(COUNTA(Table261424[[#This Row],[1]:[11]])-COUNTBLANK(Table261424[[#This Row],[1]:[11]])-1)))} -> 0.00017076503 | AC115: {=IF(Table261424[[#This Row],[4]]="","",Table261424[[#This Row],[Weight]:[Weight]]-(Table261424[[#This Row],[Weight]:[Weight]]*((_xlfn.XMATCH(Table261424[[#This Row],[4]],Table261424[[#This Row],[1]:[11]],0))-1)/(COUNTA(Table261424[[#This Row],[1]:[11]])-COUNTBLANK(Table261424[[#This Row],[1]:[11]])-1)))} -> 8.5382514e-05 | AD115: {=IF(Table261424[[#This Row],[5]]="","",Table261424[[#This Row],[Weight]:[Weight]]-(Table261424[[#This Row],[Weight]:[Weight]]*((_xlfn.XMATCH(Table261424[[#This Row],[5]],Table261424[[#This Row],[1]:[11]],0))-1)/(COUNTA(Table261424[[#This Row],[1]:[11]])-COUNTBLANK(Table261424[[#This Row],[1]:[11]])-1)))} -> 0 | AE115: {=IF(Table261424[[#This Row],[6]]="","",Table261424[[#This Row],[Weight]:[Weight]]-(Table261424[[#This Row],[Weight]:[Weight]]*((_xlfn.XMATCH(Table261424[[#This Row],[6]],Table261424[[#This Row],[1]:[11]],0))-1)/(COUNTA(Table261424[[#This Row],[1]:[11]])-COUNTBLANK(Table261424[[#This Row],[1]:[11]])-1)))} | AF115: {=IF(Table261424[[#This Row],[7]]="","",Table261424[[#This Row],[Weight]:[Weight]]-(Table261424[[#This Row],[Weight]:[Weight]]*((_xlfn.XMATCH(Table261424[[#This Row],[7]],Table261424[[#This Row],[1]:[11]],0))-1)/(COUNTA(Table261424[[#This Row],[1]:[11]])-COUNTBLANK(Table261424[[#This Row],[1]:[11]])-1)))} | AG115: {=IF(Table261424[[#This Row],[8]]="","",Table261424[[#This Row],[Weight]:[Weight]]-(Table261424[[#This Row],[Weight]:[Weight]]*((_xlfn.XMATCH(Table261424[[#This Row],[8]],Table261424[[#This Row],[1]:[11]],0))-1)/(COUNTA(Table261424[[#This Row],[1]:[11]])-COUNTBLANK(Table261424[[#This Row],[1]:[11]])-1)))} | AH115: {=IF(Table261424[[#This Row],[9]]="","",Table261424[[#This Row],[Weight]:[Weight]]-(Table261424[[#This Row],[Weight]:[Weight]]*((_xlfn.XMATCH(Table261424[[#This Row],[9]],Table261424[[#This Row],[1]:[11]],0))-1)/(COUNTA(Table261424[[#This Row],[1]:[11]])-COUNTBLANK(Table261424[[#This Row],[1]:[11]])-1)))} | AI115: {=IF(Table261424[[#This Row],[10]]="","",Table261424[[#This Row],[Weight]:[Weight]]-(Table261424[[#This Row],[Weight]:[Weight]]*((_xlfn.XMATCH(Table261424[[#This Row],[10]],Table261424[[#This Row],[1]:[11]],0))-1)/(COUNTA(Table261424[[#This Row],[1]:[11]])-COUNTBLANK(Table261424[[#This Row],[1]:[11]])-1)))} | AJ115: {=IF(Table261424[[#This Row],[11]]="","",Table261424[[#This Row],[Weight]:[Weight]]-(Table261424[[#This Row],[Weight]:[Weight]]*((_xlfn.XMATCH(Table261424[[#This Row],[11]],Table261424[[#This Row],[1]:[11]],0))-1)/(COUNTA(Table261424[[#This Row],[1]:[11]])-COUNTBLANK(Table261424[[#This Row],[1]:[11]])-1)))}

Sheet 2b. Procurement Mgmt.
B2: Tender Number: | C2: <insert before tender publication> | E2: Eskom Group Technology: Technical Evaluation Criteria
B3: Transaction Description: | C3: <insert before tender publication>
B4: Evaluated Tenderer's Registered Name: | C4: <Evaluator to complete> | E4: Functional
B5: Evaluator Name and Surname: | C5: <Evaluator to complete>
B6: Date of Evaluation | C6: <Evaluator to complete>
B7: Evaluator Signature
B10: Technical Requirements | D10: Vendor Responses | F10: Evaluator Scores
F11: ='Scoring Summary'!C16 -> 0.0375 | G11: =SUM(Table261425[Priority]) -> 136 | H11: =SUM(Table261425[Weight]) -> 0.0375 | K11: Sectional Score: | L11: =SUM(Table261425[Score]) -> #N/A | N11: 1 | O11: 2 | P11: 3 | Q11: 4 | R11: 5 | S11: 6 | T11: 7 | U11: 8 | V11: 9 | W11: 10 | X11: 11 | Y11: 12 | Z11: 13 | AA11: 14 | AB11: 15 | AC11: 16 | AD11: 17 | AE11: 18 | AF11: 19 | AG11: 20 | AH11: 21 | AI11: 22
A12: Item# | B12: Business requirements | C12: Mandatory Returnables - This column lists the mandatory evidence to be provided by the vendor in the technical file and numbered to align with each criteria question. | D12: Vendor Response: Vendor to indicate if, and to what extent they meet the requirement, detail must be provided in the tender submission | E12: Vendor Evidence: Location of Supporting Document/detailed response in your tender submission (state the file number, section & page number) | F12: Priority Description | G12: Priority | H12: Weight | I12: Selection Options | J12: Option Score | K12: Evaluators Response (SELECT) | L12: Score | M12: Evaluator comments | N12: 1 | O12: 2 | P12: 3 | Q12: 4 | R12: 5 | S12: 6 | T12: 7 | U12: 8 | V12: 9 | W12: 10 | X12: 11 | Y12: 12 | Z12: 13 | AA12: 14 | AB12: 15 | AC12: 16 | AD12: 17 | AE12: 18 | AF12: 19 | AG12: 20 | AH12: 21 | AI12: 22
